Workbook

Sheet Смета по ТСН-2001(с доп.81
A1: Smeta.RU (495) 974-1589 | AQ1: zcity-super-generator
J2: Форма № 4б
A3: г. Москва, объект Посольства Ливии, Мосфильмовская ул., 38, ремонтные и инженерные работы
A4: (наименование стройки и/или объекта)
A6: ЛОКАЛЬНЫЙ СМЕТНЫЙ РАСЧЕТ № ДВ-39
A8: на ремонтные и инженерные работы
A9: (наименование работ и затрат)
A11: Основание: -
E14: Сметная стоимость | I14: 127247.44 | J14: 152680 | K14: тыс.руб.
E15: Строительные работы | I15: 87820.96 | J15: 103394.82 | K15: тыс.руб.
E16: Работы по монтажу оборудования | I16: 1073.93 | J16: 10932.64 | K16: тыс.руб.
E17: Оборудование | I17: 38352.54 | J17: 38352.55 | K17: тыс.руб.
E18: Прочие работы и затраты | I18: 0 | J18: 0 | K18: тыс.руб.
E19: Средства на оплату труда | I19: 498.68 | J19: 5076.5399 | K19: тыс.руб.
E20: Затраты труда | I20: 60118.53 | J20: 60118.53 | K20: чел.-ч.
E21: Кроме того:
E22: Возврат материалов | I22: 0 | J22: 0 | K22: тыс.руб.
A24: Составлен(а) по ТСН-2001 с учетом Дополнения №: 81
A25: № и период сборника коэффициентов (индексов) пересчета: МКЭ-ОД/26-26 от 25.03.2026, Выпуск 220, Доп.81
A26: № п/п | B26: Шифр расценки и коды ресурсов | C26: Наименование работ и затрат | D26: Ед. изм. | E26: Кол-во единиц | F26: Цена на ед. изм., руб. | G26: Попра- вочные коэффи- циенты | H26: Коэффи- циенты зимних удорожа- ний | I26: Всего в ценах на январь 2000 года, руб. | J26: Коэффи- циенты (индек- сы) пере- счета, нормы НР и СП | K26: ВСЕГО затрат в текущем уровне цен, руб.
A27: 1 | B27: 2 | C27: 3 | D27: 4 | E27: 5 | F27: 6 | G27: 7 | H27: 8 | I27: 9 | J27: 10 | K27: 11
A29: Локальная смета:
A30: 1 | B30: Калькуляция - 001 | C30: Обмер, дефектовка, маркировка границ ремонта | D30: м2 | E30: 1440.5
C31: ЗП | F31: 2.37 | H31: 1 | I31: 3407.81 | J31: 10.18 | K31: 34691.57
C32: ЭМ | F32: 0.26 | H32: 1 | I32: 378.64 | J32: 10.18 | K32: 3854.62
C33: в т.ч. ЗПМ | F33: 0 | H33: 1 | I33: 0 | J33: 10.18 | K33: 0
C34: НР от ЗП | D34: % | E34: 112 | I34: 3445.67 | J34: 112 | K34: 35077.03
C35: СП от ЗП | D35: % | E35: 80 | I35: 2650.52 | J35: 80 | K35: 26982.33
C36: ЗТР | D36: чел-ч | E36: 1440.5 | H36: 1 | I36: 1440.5
C37: ВСЕГО работ по позиции: | H37: 18932.3 | J37: 192730.95
C38: ВСЕГО оборудование по позиции: | H38: 0 | J38: 0
C39: ВСЕГО по позиции: | H39: 18932.3 | J39: 192730.95
A40: 2 | B40: 6.69-43-1 | C40: Укрытие и защита существующих конструкций и оборудования | D40: м2 | E40: 1440.5
C41: ЗП | F41: 3.39 | H41: 1 | I41: 4876.17 | J41: 10.18 | K41: 49639.39
C42: ЭМ | F42: 0.38 | H42: 1 | I42: 541.8 | J42: 10.18 | K42: 5515.48
C43: в т.ч. ЗПМ | F43: 0 | H43: 1 | I43: 0 | J43: 10.18 | K43: 0
C44: НР от ЗП | D44: % | E44: 112 | I44: 4930.35 | J44: 112 | K44: 50190.94
C45: СП от ЗП | D45: % | E45: 80 | I45: 3792.58 | J45: 80 | K45: 38608.41
C46: ЗТР | D46: чел-ч | E46: 1440.5 | H46: 1 | I46: 1440.5
C47: ВСЕГО работ по позиции: | H47: 27089.83 | J47: 275774.4
C48: ВСЕГО оборудование по позиции: | H48: 0 | J48: 0
C49: ВСЕГО по позиции: | H49: 27089.83 | J49: 275774.4
A50: 3 | B50: 6.57-2-7 | C50: Демонтаж напольных покрытий | D50: м2 | E50: 1440.5
C51: ЗП | F51: 4.87 | H51: 1 | I51: 7009.35 | J51: 10.18 | K51: 71355.14
C52: ЭМ | F52: 0.54 | H52: 1 | I52: 778.82 | J52: 10.18 | K52: 7928.35
C53: в т.ч. ЗПМ | F53: 0 | H53: 1 | I53: 0 | J53: 10.18 | K53: 0
C54: НР от ЗП | D54: % | E54: 112 | I54: 6230.53 | J54: 112 | K54: 63426.79
C55: СП от ЗП | D55: % | E55: 80 | I55: 4283.49 | J55: 80 | K55: 43605.92
C56: ЗТР | D56: чел-ч | E56: 1440.5 | H56: 1 | I56: 1440.5
C57: ВСЕГО работ по позиции: | H57: 38940.81 | J57: 396417.43
C58: ВСЕГО оборудование по позиции: | H58: 0 | J58: 0
C59: ВСЕГО по позиции: | H59: 38940.81 | J59: 396417.43
A60: 4 | B60: 6.54-1-6 | C60: Демонтаж отделки потолка | D60: м2 | E60: 1440.5
C61: ЗП | F61: 4.27 | H61: 1 | I61: 6150.81 | J61: 10.18 | K61: 62615.22
C62: ЭМ | F62: 0.47 | H62: 1 | I62: 683.42 | J62: 10.18 | K62: 6957.25
C63: в т.ч. ЗПМ | F63: 0 | H63: 1 | I63: 0 | J63: 10.18 | K63: 0
C64: НР от ЗП | D64: % | E64: 112 | I64: 5467.39 | J64: 112 | K64: 55657.97
C65: СП от ЗП | D65: % | E65: 80 | I65: 3758.83 | J65: 80 | K65: 38264.85
C66: ЗТР | D66: чел-ч | E66: 1440.5 | H66: 1 | I66: 1440.5
C67: ВСЕГО работ по позиции: | H67: 34171.16 | J67: 347862.31
C68: ВСЕГО оборудование по позиции: | H68: 0 | J68: 0
C69: ВСЕГО по позиции: | H69: 34171.16 | J69: 347862.31
A70: 5 | B70: 6.62-31-1 | C70: Расчистка и демонтаж отделки стен | D70: м2 | E70: 3317.24
C71: ЗП | F71: 3.74 | H71: 1 | I71: 12412.69 | J71: 10.18 | K71: 126361.15
C72: ЭМ | F72: 0.42 | H72: 1 | I72: 1379.19 | J72: 10.18 | K72: 14040.12
C73: в т.ч. ЗПМ | F73: 0 | H73: 1 | I73: 0 | J73: 10.18 | K73: 0
C74: НР от ЗП | D74: % | E74: 112 | I74: 11033.5 | J74: 112 | K74: 112321.02
C75: СП от ЗП | D75: % | E75: 80 | I75: 7585.53 | J75: 80 | K75: 77220.7
C76: ЗТР | D76: чел-ч | E76: 3317.24 | H76: 1 | I76: 3317.24
C77: ВСЕГО работ по позиции: | H77: 68959.37 | J77: 702006.37
C78: ВСЕГО оборудование по позиции: | H78: 0 | J78: 0
C79: ВСЕГО по позиции: | H79: 68959.37 | J79: 702006.37
A80: 6 | B80: 6.67-7-1 | C80: Демонтаж существующих электроустановочных и слаботочных изделий | D80: точка | E80: 1028
C81: ЗП | F81: 3.23 | H81: 1 | I81: 3322.1 | J81: 10.18 | K81: 33819.06
C82: ЭМ | F82: 0.36 | H82: 1 | I82: 369.12 | J82: 10.18 | K82: 3757.67
C83: в т.ч. ЗПМ | F83: 0 | H83: 1 | I83: 0 | J83: 10.18 | K83: 0
C84: НР от ЗП | D84: % | E84: 112 | I84: 2952.98 | J84: 112 | K84: 30061.38
C85: СП от ЗП | D85: % | E85: 80 | I85: 2030.17 | J85: 80 | K85: 20667.2
C86: ЗТР | D86: чел-ч | E86: 1028 | H86: 1 | I86: 1028
C87: ВСЕГО работ по позиции: | H87: 18456.14 | J87: 187883.65
C88: ВСЕГО оборудование по позиции: | H88: 0 | J88: 0
C89: ВСЕГО по позиции: | H89: 18456.14 | J89: 187883.65
A90: 7 | B90: 6.56-38-3 | C90: Демонтаж дверных блоков, шкафных фасадов и элементов проемов | D90: компл. | E90: 107
C91: ЗП | F91: 24.28 | H91: 1 | I91: 2597.67 | J91: 10.18 | K91: 26444.28
C92: ЭМ | F92: 2.7 | H92: 1 | I92: 288.63 | J92: 10.18 | K92: 2938.25
C93: в т.ч. ЗПМ | F93: 0 | H93: 1 | I93: 0 | J93: 10.18 | K93: 0
C94: НР от ЗП | D94: % | E94: 112 | I94: 2309.04 | J94: 112 | K94: 23506.03
C95: СП от ЗП | D95: % | E95: 80 | I95: 1587.47 | J95: 80 | K95: 16160.4
C96: ЗТР | D96: чел-ч | E96: 107 | H96: 1 | I96: 107
C97: ВСЕГО работ по позиции: | H97: 14431.5 | J97: 146912.69
C98: ВСЕГО оборудование по позиции: | H98: 0 | J98: 0
C99: ВСЕГО по позиции: | H99: 14431.5 | J99: 146912.69
A100: 8 | B100: 6.56-3-2 | C100: Снятие подоконных досок деревянных в каменных зданиях | D100: шт. | E100: 49
C101: ЗП | F101: 8.37 | H101: 1 | I101: 410.35 | J101: 10.18 | K101: 4177.25
C102: ЭМ | F102: 0.93 | H102: 1 | I102: 45.6 | J102: 10.18 | K102: 464.14
C103: в т.ч. ЗПМ | F103: 0 | H103: 1 | I103: 0 | J103: 10.18 | K103: 0
C104: НР от ЗП | D104: % | E104: 112 | I104: 364.76 | J104: 112 | K104: 3713.11
C105: СП от ЗП | D105: % | E105: 80 | I105: 250.77 | J105: 80 | K105: 2552.76
C106: ЗТР | D106: чел-ч | E106: 49 | H106: 1 | I106: 49
C107: ВСЕГО работ по позиции: | H107: 2279.68 | J107: 23206.95
...

Sheet Source
A1: 0 | B1: Smeta.RU (495) 974-1589 | D1: _PS_ | F1: 0 | G1: 0 | H1: 0 | I1: Smeta.RU | K1: 1 | IU1: zcity-template
A12: 1 | B12: 108 | C12: 0 | D12: ДВ-39 | E12: 0 | F12: ремонтные и инженерные работы, смета 152-153 млн | G12: г. Москва, объект Посольства Ливии, Мосфильмовская ул., 38, ремонтные и инженерные работы, смета 152-153 млн. | I12: 0 | J12: Дефектная ведомость № 39 | K12: 0 | L12: 0 | M12: 4098 | CY12: ДВ №39;
A18: 52 | B18: 39 | C18: 1 | D18: 12 | E18: ТСН-2001 | F18: ремонтные и инженерные работы, смета 152-153 млн | G18: г. Москва, объект Посольства Ливии, Мосфильмовская ул., 38, ремонтные и инженерные работы, смета 152-153 млн. | O18: 152680000 | P18: 10.18 | Q18: 10.18 | R18: 7.54 | S18: 0
A22: 52 | B22: =B31 | C22: =C31 | D22: =D31 | E22: =E31 | F22: =F31 | G22: =G31 | H22: =H31 | O22: =O31 | P22: =P31 | Q22: =Q31 | R22: =R31 | S22: =S31 | T22: =T31 | U22: =U31 | V22: =V31 | ... GX22: =GX31
A24: 17 | B24: 1 | C24: =ROW(SmtRes!A1) | D24: =ROW(EtalonRes!A1) | E24: 1 | F24: Калькуляция - 001 | G24: Обмер, дефектовка, маркировка границ ремонта | H24: 1 М2 | I24: 1440.5 | J24: 8.91 | K24: 192730.95 | O24: =ROUND((Z24+AC24+AD24),2) | P24: =ROUND((U24+X24+Y24),2) | Q24: =ROUND(10.18,2) | R24: =ROUND(AH24,2) | S24: ТСН-2001 Калькуляция - 001 | T24: work | U24: 130671.58 | V24: 34691.57 | W24: 3854.62 | X24: 35077.03 | Y24: 26982.33 | Z24: 12836.11 | AA24: 3407.81 | AB24: 378.64 | AC24: 3445.67 | AD24: 2650.52 | AE24: work | AF24: 426.75 | AG24: 41.92 | AH24: 1440.5 | AI24: =(((EX24*0.3)*1.1)) | AJ24: =(AS24) | AK24: 3407.81 | AL24: 0 | AM24: 3445.67 | AN24: 378.64 | AO24: =ROUND(O24,2) | AP24: 0 | AQ24: =ROUND(R24,2) | AR24: 0 | AS24: 0 | AT24: 97 | AU24: 51 | AV24: 1 | AW24: 1 | AZ24: 1 | BA24: 1 | BB24: 1 | BC24: 1 | BH24: 0 | BI24: 1440.5 | BJ24: ТСН-2001 Калькуляция - 001, Калькуляция - 001 | BM24: 0 | BN24: 0 | BO24: Калькуляция - 001 | BP24: 1 | BQ24: 40 | BR24: 0 | BS24: 1 | BT24: 1 | BU24: 1 | BV24: 1 | BW24: 1 | BX24: 1 | BZ24: 97 | CA24: 51 | CE24: 30 | CF24: 0 | CG24: 0 | CM24: 0 | CO24: 0 | CP24: =ROUND(P24,2) | CQ24: =ROUND(V24,2) | CR24: =ROUND(W24,2) | CS24: =ROUND(X24,2) | CT24: =ROUND(Y24,2) | CU24: =ROUND(AF24,2) | CV24: =ROUND((AH24*AV24),2) | CW24: =ROUND(AI24,2) | CX24: =ROUND(AJ24,2) | CY24: =ROUND(((P24*AT24)/100),2) | CZ24: =ROUND(((P24*AU24)/100),2) | DB24: 1 | DD24: *0)*1 | DE24: *0,3)*1,1 | DF24: *0,3)*1,1 | DG24: *0,3)*1,1 | DI24: *0,3)*1,1 | DJ24: *0,3)*1,1 | DN24: 0 | DO24: 0 | DP24: 1 | DQ24: 1 | DU24: 1000 | DV24: 1 М2. | DW24: 1 М2. | DX24: 1 | EE24: 1730059269 | EF24: 40 | EG24: Строительные работы | EH24: 0 | EJ24: 1440.5 | EK24: 0 | EL24: ТСН-2001 Калькуляция - 001 | EM24: Калькуляция - 001 | EQ24: 131072 | ER24: 3407.81 | ES24: 0 | ET24: 3445.67 | EU24: 378.64 | EV24: 2650.52 | EW24: 1440.5 | EX24: 0 | EY24: 0 | FQ24: 0 | FR24: =ROUND(IF(BI24=3,GM24,0),2) | FS24: 0 | FX24: 97 | FY24: 51 | GD24: 1 | GF24: 1730059269 | GG24: 2 | GH24: 1 | GI24: 2 | GJ24: 0 | GK24: 0 | GL24: =ROUND(IF(AND(BH24=3,BI24=3,FS24<>0),P24,0),2) | GM24: =ROUND(O24+X24+Y24,2)+GX24 | GN24: =IF(OR(BI24=0,BI24=1),GM24-GX24,0) | GO24: =IF(BI24=2,GM24-GX24,0) | GP24: =IF(BI24=4,GM24-GX24,0) | GR24: 0 | GS24: 0 | GT24: 0 | GV24: =ROUND((GT24),6) | GW24: 1 | GX24: =ROUND(HC24*I24,2) | GY24: 0 | GZ24: 0 | HA24: 0 | HB24: 0 | HC24: =GV24*GW24 | HD24: 0
A25: 17 | B25: 1 | C25: =ROW(SmtRes!A2) | D25: =ROW(EtalonRes!A2) | E25: 1 | F25: 6.69-43-1 | G25: Укрытие и защита существующих конструкций и оборудования | H25: 1 М2 | I25: 1440.5 | J25: 12.75 | K25: 275774.4 | O25: =ROUND((Z25+AC25+AD25),2) | P25: =ROUND((U25+X25+Y25),2) | Q25: =ROUND(10.18,2) | R25: =ROUND(AH25,2) | S25: ТСН-2001 6.69-43-1 | T25: work | U25: 186975.05 | V25: 49639.39 | W25: 5515.48 | X25: 50190.94 | Y25: 38608.41 | Z25: 18366.9 | AA25: 4876.17 | AB25: 541.8 | AC25: 4930.35 | AD25: 3792.58 | AE25: work | AF25: 610.59 | AG25: 59.98 | AH25: 1440.5 | AI25: =(((EX25*0.3)*1.1)) | AJ25: =(AS25) | AK25: 4876.17 | AL25: 0 | AM25: 4930.35 | AN25: 541.8 | AO25: =ROUND(O25,2) | AP25: 0 | AQ25: =ROUND(R25,2) | AR25: 0 | AS25: 0 | AT25: 97 | AU25: 51 | AV25: 1 | AW25: 1 | AZ25: 1 | BA25: 1 | BB25: 1 | BC25: 1 | BH25: 0 | BI25: 1440.5 | BJ25: ТСН-2001 6.69-43-1, 6.69-43-1 | BM25: 669 | BN25: 0 | BO25: 6.69-43-1 | BP25: 1 | BQ25: 40 | BR25: 0 | BS25: 1 | BT25: 1 | BU25: 1 | BV25: 1 | BW25: 1 | BX25: 1 | BZ25: 97 | CA25: 51 | CE25: 30 | CF25: 0 | CG25: 0 | CM25: 0 | CO25: 0 | CP25: =ROUND(P25,2) | CQ25: =ROUND(V25,2) | CR25: =ROUND(W25,2) | CS25: =ROUND(X25,2) | CT25: =ROUND(Y25,2) | CU25: =ROUND(AF25,2) | CV25: =ROUND((AH25*AV25),2) | CW25: =ROUND(AI25,2) | CX25: =ROUND(AJ25,2) | CY25: =ROUND(((P25*AT25)/100),2) | CZ25: =ROUND(((P25*AU25)/100),2) | DB25: 3 | DD25: *0)*1 | DE25: *0,3)*1,1 | DF25: *0,3)*1,1 | DG25: *0,3)*1,1 | DI25: *0,3)*1,1 | DJ25: *0,3)*1,1 | DN25: 0 | DO25: 0 | DP25: 1 | DQ25: 1 | DU25: 1000 | DV25: 1 М2. | DW25: 1 М2. | DX25: 1 | EE25: 1115971397 | EF25: 40 | EG25: Строительные работы | EH25: 0 | EJ25: 1440.5 | EK25: 669 | EL25: ТСН-2001 6.69-43-1 | EM25: ТСН-2001.6-69 | EQ25: 131072 | ER25: 4876.17 | ES25: 0 | ET25: 4930.35 | EU25: 541.8 | EV25: 3792.58 | EW25: 1440.5 | EX25: 0 | EY25: 0 | FQ25: 0 | FR25: =ROUND(IF(BI25=3,GM25,0),2) | FS25: 0 | FX25: 97 | FY25: 51 | GD25: 1 | GF25: 1115971397 | GG25: 2 | GH25: 1 | GI25: 2 | GJ25: 0 | GK25: 0 | GL25: =ROUND(IF(AND(BH25=3,BI25=3,FS25<>0),P25,0),2) | GM25: =ROUND(O25+X25+Y25,2)+GX25 | GN25: =IF(OR(BI25=0,BI25=1),GM25-GX25,0) | GO25: =IF(BI25=2,GM25-GX25,0) | GP25: =IF(BI25=4,GM25-GX25,0) | GR25: 0 | GS25: 0 | GT25: 0 | GV25: =ROUND((GT25),6) | GW25: 1 | GX25: =ROUND(HC25*I25,2) | GY25: 0 | GZ25: 0 | HA25: 0 | HB25: 0 | HC25: =GV25*GW25 | HD25: 0
A26: 17 | B26: 1 | C26: =ROW(SmtRes!A3) | D26: =ROW(EtalonRes!A3) | E26: 1 | F26: 6.57-2-7 | G26: Демонтаж напольных покрытий | H26: 1 М2 | I26: 1440.5 | J26: 19.73 | K26: 396417.43 | O26: =ROUND((Z26+AC26+AD26),2) | P26: =ROUND((U26+X26+Y26),2) | Q26: =ROUND(10.18,2) | R26: =ROUND(AH26,2) | S26: ТСН-2001 6.57-2-7 | T26: work | U26: 289384.73 | V26: 71355.14 | W26: 7928.35 | X26: 63426.79 | Y26: 43605.92 | Z26: 28426.79 | AA26: 7009.35 | AB26: 778.82 | AC26: 6230.53 | AD26: 4283.49 | AE26: work | AF26: 877.72 | AG26: 86.22 | AH26: 1440.5 | AI26: =(((EX26*0.3)*1.1)) | AJ26: =(AS26) | AK26: 7009.35 | AL26: 0 | AM26: 6230.53 | AN26: 778.82 | AO26: =ROUND(O26,2) | AP26: 0 | AQ26: =ROUND(R26,2) | AR26: 0 | AS26: 0 | AT26: 97 | AU26: 51 | AV26: 1 | AW26: 1 | AZ26: 1 | BA26: 1 | BB26: 1 | BC26: 1 | BH26: 0 | BI26: 1440.5 | BJ26: ТСН-2001 6.57-2-7, 6.57-2-7 | BM26: 657 | BN26: 0 | BO26: 6.57-2-7 | BP26: 1 | BQ26: 40 | BR26: 0 | BS26: 1 | BT26: 1 | BU26: 1 | BV26: 1 | BW26: 1 | BX26: 1 | BZ26: 97 | CA26: 51 | CE26: 30 | CF26: 0 | CG26: 0 | CM26: 0 | CO26: 0 | CP26: =ROUND(P26,2) | CQ26: =ROUND(V26,2) | CR26: =ROUND(W26,2) | CS26: =ROUND(X26,2) | CT26: =ROUND(Y26,2) | CU26: =ROUND(AF26,2) | CV26: =ROUND((AH26*AV26),2) | CW26: =ROUND(AI26,2) | CX26: =ROUND(AJ26,2) | CY26: =ROUND(((P26*AT26)/100),2) | CZ26: =ROUND(((P26*AU26)/100),2) | DB26: 5 | DD26: *0)*1 | DE26: *0,3)*1,1 | DF26: *0,3)*1,1 | DG26: *0,3)*1,1 | DI26: *0,3)*1,1 | DJ26: *0,3)*1,1 | DN26: 0 | DO26: 0 | DP26: 1 | DQ26: 1 | DU26: 1000 | DV26: 1 М2. | DW26: 1 М2. | DX26: 1 | EE26: 1558008675 | EF26: 40 | EG26: Строительные работы | EH26: 0 | EJ26: 1440.5 | EK26: 657 | EL26: ТСН-2001 6.57-2-7 | EM26: ТСН-2001.6-57 | EQ26: 131072 | ER26: 7009.35 | ES26: 0 | ET26: 6230.53 | EU26: 778.82 | EV26: 4283.49 | EW26: 1440.5 | EX26: 0 | EY26: 0 | FQ26: 0 | FR26: =ROUND(IF(BI26=3,GM26,0),2) | FS26: 0 | FX26: 97 | FY26: 51 | GD26: 1 | GF26: 1558008675 | GG26: 2 | GH26: 1 | GI26: 2 | GJ26: 0 | GK26: 0 | GL26: =ROUND(IF(AND(BH26=3,BI26=3,FS26<>0),P26,0),2) | GM26: =ROUND(O26+X26+Y26,2)+GX26 | GN26: =IF(OR(BI26=0,BI26=1),GM26-GX26,0) | GO26: =IF(BI26=2,GM26-GX26,0) | GP26: =IF(BI26=4,GM26-GX26,0) | GR26: 0 | GS26: 0 | GT26: 0 | GV26: =ROUND((GT26),6) | GW26: 1 | GX26: =ROUND(HC26*I26,2) | GY26: 0 | GZ26: 0 | HA26: 0 | HB26: 0 | HC26: =GV26*GW26 | HD26: 0
A27: 17 | B27: 1 | C27: =ROW(SmtRes!A4) | D27: =ROW(EtalonRes!A4) | E27: 1 | F27: 6.54-1-6 | G27: Демонтаж отделки потолка | H27: 1 М2 | I27: 1440.5 | J27: 17.32 | K27: 347862.31 | O27: =ROUND((Z27+AC27+AD27),2) | P27: =ROUND((U27+X27+Y27),2) | Q27: =ROUND(10.18,2) | R27: =ROUND(AH27,2) | S27: ТСН-2001 6.54-1-6 | T27: work | U27: 253939.49 | V27: 62615.22 | W27: 6957.25 | X27: 55657.97 | Y27: 38264.85 | Z27: 24944.94 | AA27: 6150.81 | AB27: 683.42 | AC27: 5467.39 | AD27: 3758.83 | AE27: work | AF27: 770.12 | AG27: 75.65 | AH27: 1440.5 | AI27: =(((EX27*0.3)*1.1)) | AJ27: =(AS27) | AK27: 6150.81 | AL27: 0 | AM27: 5467.39 | AN27: 683.42 | AO27: =ROUND(O27,2) | AP27: 0 | AQ27: =ROUND(R27,2) | AR27: 0 | AS27: 0 | AT27: 97 | AU27: 51 | AV27: 1 | AW27: 1 | AZ27: 1 | BA27: 1 | BB27: 1 | BC27: 1 | BH27: 0 | BI27: 1440.5 | BJ27: ТСН-2001 6.54-1-6, 6.54-1-6 | BM27: 654 | BN27: 0 | BO27: 6.54-1-6 | BP27: 1 | BQ27: 40 | BR27: 0 | BS27: 1 | BT27: 1 | BU27: 1 | BV27: 1 | BW27: 1 | BX27: 1 | BZ27: 97 | CA27: 51 | CE27: 30 | CF27: 0 | CG27: 0 | CM27: 0 | CO27: 0 | CP27: =ROUND(P27,2) | CQ27: =ROUND(V27,2) | CR27: =ROUND(W27,2) | CS27: =ROUND(X27,2) | CT27: =ROUND(Y27,2) | CU27: =ROUND(AF27,2) | CV27: =ROUND((AH27*AV27),2) | CW27: =ROUND(AI27,2) | CX27: =ROUND(AJ27,2) | CY27: =ROUND(((P27*AT27)/100),2) | CZ27: =ROUND(((P27*AU27)/100),2) | DB27: 7 | DD27: *0)*1 | DE27: *0,3)*1,1 | DF27: *0,3)*1,1 | DG27: *0,3)*1,1 | DI27: *0,3)*1,1 | DJ27: *0,3)*1,1 | DN27: 0 | DO27: 0 | DP27: 1 | DQ27: 1 | DU27: 1000 | DV27: 1 М2. | DW27: 1 М2. | DX27: 1 | EE27: 1237869465 | EF27: 40 | EG27: Строительные работы | EH27: 0 | EJ27: 1440.5 | EK27: 654 | EL27: ТСН-2001 6.54-1-6 | EM27: ТСН-2001.6-54 | EQ27: 131072 | ER27: 6150.81 | ES27: 0 | ET27: 5467.39 | EU27: 683.42 | EV27: 3758.83 | EW27: 1440.5 | EX27: 0 | EY27: 0 | FQ27: 0 | FR27: =ROUND(IF(BI27=3,GM27,0),2) | FS27: 0 | FX27: 97 | FY27: 51 | GD27: 1 | GF27: 1237869465 | GG27: 2 | GH27: 1 | GI27: 2 | GJ27: 0 | GK27: 0 | GL27: =ROUND(IF(AND(BH27=3,BI27=3,FS27<>0),P27,0),2) | GM27: =ROUND(O27+X27+Y27,2)+GX27 | GN27: =IF(OR(BI27=0,BI27=1),GM27-GX27,0) | GO27: =IF(BI27=2,GM27-GX27,0) | GP27: =IF(BI27=4,GM27-GX27,0) | GR27: 0 | GS27: 0 | GT27: 0 | GV27: =ROUND((GT27),6) | GW27: 1 | GX27: =ROUND(HC27*I27,2) | GY27: 0 | GZ27: 0 | HA27: 0 | HB27: 0 | HC27: =GV27*GW27 | HD27: 0
A28: 17 | B28: 1 | C28: =ROW(SmtRes!A5) | D28: =ROW(EtalonRes!A5) | E28: 1 | F28: 6.62-31-1 | G28: Расчистка и демонтаж отделки стен | H28: 1 М2 | I28: 3317.24 | J28: 15.18 | K28: 702006.37 | O28: =ROUND((Z28+AC28+AD28),2) | P28: =ROUND((U28+X28+Y28),2) | Q28: =ROUND(10.18,2) | R28: =ROUND(AH28,2) | S28: ТСН-2001 6.62-31-1 | T28: work | U28: 512464.66 | V28: 126361.15 | W28: 14040.12 | X28: 112321.02 | Y28: 77220.7 | Z28: 50340.34 | AA28: 12412.69 | AB28: 1379.19 | AC28: 11033.5 | AD28: 7585.53 | AE28: work | AF28: 1554.28 | AG28: 152.68 | AH28: 3317.24 | AI28: =(((EX28*0.3)*1.1)) | AJ28: =(AS28) | AK28: 12412.69 | AL28: 0 | AM28: 11033.5 | AN28: 1379.19 | AO28: =ROUND(O28,2) | AP28: 0 | AQ28: =ROUND(R28,2) | AR28: 0 | AS28: 0 | AT28: 97 | AU28: 51 | AV28: 1 | AW28: 1 | AZ28: 1 | BA28: 1 | BB28: 1 | BC28: 1 | BH28: 0 | BI28: 3317.24 | BJ28: ТСН-2001 6.62-31-1, 6.62-31-1 | BM28: 662 | BN28: 0 | BO28: 6.62-31-1 | BP28: 1 | BQ28: 40 | BR28: 0 | BS28: 1 | BT28: 1 | BU28: 1 | BV28: 1 | BW28: 1 | BX28: 1 | BZ28: 97 | CA28: 51 | CE28: 30 | CF28: 0 | CG28: 0 | CM28: 0 | CO28: 0 | CP28: =ROUND(P28,2) | CQ28: =ROUND(V28,2) | CR28: =ROUND(W28,2) | CS28: =ROUND(X28,2) | CT28: =ROUND(Y28,2) | CU28: =ROUND(AF28,2) | CV28: =ROUND((AH28*AV28),2) | CW28: =ROUND(AI28,2) | CX28: =ROUND(AJ28,2) | CY28: =ROUND(((P28*AT28)/100),2) | CZ28: =ROUND(((P28*AU28)/100),2) | DB28: 9 | DD28: *0)*1 | DE28: *0,3)*1,1 | DF28: *0,3)*1,1 | DG28: *0,3)*1,1 | DI28: *0,3)*1,1 | DJ28: *0,3)*1,1 | DN28: 0 | DO28: 0 | DP28: 1 | DQ28: 1 | DU28: 1000 | DV28: 1 М2. | DW28: 1 М2. | DX28: 1 | EE28: 1723085295 | EF28: 40 | EG28: Строительные работы | EH28: 0 | EJ28: 3317.24 | EK28: 662 | EL28: ТСН-2001 6.62-31-1 | EM28: ТСН-2001.6-62 | EQ28: 131072 | ER28: 12412.69 | ES28: 0 | ET28: 11033.5 | EU28: 1379.19 | EV28: 7585.53 | EW28: 3317.24 | EX28: 0 | EY28: 0 | FQ28: 0 | FR28: =ROUND(IF(BI28=3,GM28,0),2) | FS28: 0 | FX28: 97 | FY28: 51 | GD28: 1 | GF28: 1723085295 | GG28: 2 | GH28: 1 | GI28: 2 | GJ28: 0 | GK28: 0 | GL28: =ROUND(IF(AND(BH28=3,BI28=3,FS28<>0),P28,0),2) | GM28: =ROUND(O28+X28+Y28,2)+GX28 | GN28: =IF(OR(BI28=0,BI28=1),GM28-GX28,0) | GO28: =IF(BI28=2,GM28-GX28,0) | GP28: =IF(BI28=4,GM28-GX28,0) | GR28: 0 | GS28: 0 | GT28: 0 | GV28: =ROUND((GT28),6) | GW28: 1 | GX28: =ROUND(HC28*I28,2) | GY28: 0 | GZ28: 0 | HA28: 0 | HB28: 0 | HC28: =GV28*GW28 | HD28: 0
A29: 17 | B29: 1 | C29: =ROW(SmtRes!A6) | D29: =ROW(EtalonRes!A6) | E29: 1 | F29: 6.67-7-1 | G29: Демонтаж существующих электроустановочных и слаботочных изделий | H29: 1 ТОЧКА | I29: 1028 | J29: 13.11 | K29: 187883.65 | O29: =ROUND((Z29+AC29+AD29),2) | P29: =ROUND((U29+X29+Y29),2) | Q29: =ROUND(10.18,2) | R29: =ROUND(AH29,2) | S29: ТСН-2001 6.67-7-1 | T29: work | U29: 137155.07 | V29: 33819.06 | W29: 3757.67 | X29: 30061.38 | Y29: 20667.2 | Z29: 13472.99 | AA29: 3322.1 | AB29: 369.12 | AC29: 2952.98 | AD29: 2030.17 | AE29: work | AF29: 415.96 | AG29: 40.86 | AH29: 1028 | AI29: =(((EX29*0.3)*1.1)) | AJ29: =(AS29) | AK29: 3322.1 | AL29: 0 | AM29: 2952.98 | AN29: 369.12 | AO29: =ROUND(O29,2) | AP29: 0 | AQ29: =ROUND(R29,2) | AR29: 0 | AS29: 0 | AT29: 97 | AU29: 51 | AV29: 1 | AW29: 1 | AZ29: 1 | BA29: 1 | BB29: 1 | BC29: 1 | BH29: 0 | BI29: 1028 | BJ29: ТСН-2001 6.67-7-1, 6.67-7-1 | BM29: 667 | BN29: 0 | BO29: 6.67-7-1 | BP29: 1 | BQ29: 40 | BR29: 0 | BS29: 1 | BT29: 1 | BU29: 1 | BV29: 1 | BW29: 1 | BX29: 1 | BZ29: 97 | CA29: 51 | CE29: 30 | CF29: 0 | CG29: 0 | CM29: 0 | CO29: 0 | CP29: =ROUND(P29,2) | CQ29: =ROUND(V29,2) | CR29: =ROUND(W29,2) | CS29: =ROUND(X29,2) | CT29: =ROUND(Y29,2) | CU29: =ROUND(AF29,2) | CV29: =ROUND((AH29*AV29),2) | CW29: =ROUND(AI29,2) | CX29: =ROUND(AJ29,2) | CY29: =ROUND(((P29*AT29)/100),2) | CZ29: =ROUND(((P29*AU29)/100),2) | DB29: 11 | DD29: *0)*1 | DE29: *0,3)*1,1 | DF29: *0,3)*1,1 | DG29: *0,3)*1,1 | DI29: *0,3)*1,1 | DJ29: *0,3)*1,1 | DN29: 0 | DO29: 0 | DP29: 1 | DQ29: 1 | DU29: 1000 | DV29: 1 ТОЧКА. | DW29: 1 ТОЧКА. | DX29: 1 | EE29: 1775408119 | EF29: 40 | EG29: Строительные работы | EH29: 0 | EJ29: 1028 | EK29: 667 | EL29: ТСН-2001 6.67-7-1 | EM29: ТСН-2001.6-67 | EQ29: 131072 | ER29: 3322.1 | ES29: 0 | ET29: 2952.98 | EU29: 369.12 | EV29: 2030.17 | EW29: 1028 | EX29: 0 | EY29: 0 | FQ29: 0 | FR29: =ROUND(IF(BI29=3,GM29,0),2) | FS29: 0 | FX29: 97 | FY29: 51 | GD29: 1 | GF29: 1775408119 | GG29: 2 | GH29: 1 | GI29: 2 | GJ29: 0 | GK29: 0 | GL29: =ROUND(IF(AND(BH29=3,BI29=3,FS29<>0),P29,0),2) | GM29: =ROUND(O29+X29+Y29,2)+GX29 | GN29: =IF(OR(BI29=0,BI29=1),GM29-GX29,0) | GO29: =IF(BI29=2,GM29-GX29,0) | GP29: =IF(BI29=4,GM29-GX29,0) | GR29: 0 | GS29: 0 | GT29: 0 | GV29: =ROUND((GT29),6) | GW29: 1 | GX29: =ROUND(HC29*I29,2) | GY29: 0 | GZ29: 0 | HA29: 0 | HB29: 0 | HC29: =GV29*GW29 | HD29: 0
A30: 17 | B30: 1 | C30: =ROW(SmtRes!A7) | D30: =ROW(EtalonRes!A7) | E30: 1 | F30: 6.56-38-3 | G30: Демонтаж дверных блоков, шкафных фасадов и элементов проемов | H30: 1 КОМПЛ. | I30: 107 | J30: 98.46 | K30: 146912.69 | O30: =ROUND((Z30+AC30+AD30),2) | P30: =ROUND((U30+X30+Y30),2) | Q30: =ROUND(10.18,2) | R30: =ROUND(AH30,2) | S30: ТСН-2001 6.56-38-3 | T30: work | U30: 107246.27 | V30: 26444.28 | W30: 2938.25 | X30: 23506.03 | Y30: 16160.4 | Z30: 10534.99 | AA30: 2597.67 | AB30: 288.63 | AC30: 2309.04 | AD30: 1587.47 | AE30: work | AF30: 325.25 | AG30: 31.95 | AH30: 107 | AI30: =(((EX30*0.3)*1.1)) | AJ30: =(AS30) | AK30: 2597.67 | AL30: 0 | AM30: 2309.04 | AN30: 288.63 | AO30: =ROUND(O30,2) | AP30: 0 | AQ30: =ROUND(R30,2) | AR30: 0 | AS30: 0 | AT30: 97 | AU30: 51 | AV30: 1 | AW30: 1 | AZ30: 1 | BA30: 1 | BB30: 1 | BC30: 1 | BH30: 0 | BI30: 107 | BJ30: ТСН-2001 6.56-38-3, 6.56-38-3 | BM30: 656 | BN30: 0 | BO30: 6.56-38-3 | BP30: 1 | BQ30: 40 | BR30: 0 | BS30: 1 | BT30: 1 | BU30: 1 | BV30: 1 | BW30: 1 | BX30: 1 | BZ30: 97 | CA30: 51 | CE30: 30 | CF30: 0 | CG30: 0 | CM30: 0 | CO30: 0 | CP30: =ROUND(P30,2) | CQ30: =ROUND(V30,2) | CR30: =ROUND(W30,2) | CS30: =ROUND(X30,2) | CT30: =ROUND(Y30,2) | CU30: =ROUND(AF30,2) | CV30: =ROUND((AH30*AV30),2) | CW30: =ROUND(AI30,2) | CX30: =ROUND(AJ30,2) | CY30: =ROUND(((P30*AT30)/100),2) | CZ30: =ROUND(((P30*AU30)/100),2) | DB30: 13 | DD30: *0)*1 | DE30: *0,3)*1,1 | DF30: *0,3)*1,1 | DG30: *0,3)*1,1 | DI30: *0,3)*1,1 | DJ30: *0,3)*1,1 | DN30: 0 | DO30: 0 | DP30: 1 | DQ30: 1 | DU30: 1000 | DV30: 1 КОМПЛ.. | DW30: 1 КОМПЛ.. | DX30: 1 | EE30: 1018977349 | EF30: 40 | EG30: Строительные работы | EH30: 0 | EJ30: 107 | EK30: 656 | EL30: ТСН-2001 6.56-38-3 | EM30: ТСН-2001.6-56 | EQ30: 131072 | ER30: 2597.67 | ES30: 0 | ET30: 2309.04 | EU30: 288.63 | EV30: 1587.47 | EW30: 107 | EX30: 0 | EY30: 0 | FQ30: 0 | FR30: =ROUND(IF(BI30=3,GM30,0),2) | FS30: 0 | FX30: 97 | FY30: 51 | GD30: 1 | GF30: 1018977349 | GG30: 2 | GH30: 1 | GI30: 2 | GJ30: 0 | GK30: 0 | GL30: =ROUND(IF(AND(BH30=3,BI30=3,FS30<>0),P30,0),2) | GM30: =ROUND(O30+X30+Y30,2)+GX30 | GN30: =IF(OR(BI30=0,BI30=1),GM30-GX30,0) | GO30: =IF(BI30=2,GM30-GX30,0) | GP30: =IF(BI30=4,GM30-GX30,0) | GR30: 0 | GS30: 0 | GT30: 0 | GV30: =ROUND((GT30),6) | GW30: 1 | GX30: =ROUND(HC30*I30,2) | GY30: 0 | GZ30: 0 | HA30: 0 | HB30: 0 | HC30: =GV30*GW30 | HD30: 0
A31: 51 | B31: =IF(B20<>"",B20,1) | C31: =IF(A20<>"",A20,3) | D31: =ROW(A20) | E31: 1 | F31: =IF(F20<>"",F20,"") | G31: =IF(G20<>"",G20,"") | H31: 0 | I31: 49 | J31: 33.96 | K31: 23206.95 | O31: =ROUND(AB31,2) | P31: =ROUND(AC31,2) | Q31: =ROUND(AD31,2) | R31: =SUM(Source!$AG$24:$AG$416) | S31: =SUM(Source!$AA$24:$AA$416) | T31: =ROUND(AG31,2) | U31: =AH31 | V31: =AI31 | W31: =ROUND(AJ31,2) | X31: =ROUND(AK31,2) | Y31: =ROUND(AL31,2) | Z31: 1664.15 | AA31: 410.35 | AB31: =ROUND(SUMIF(Source!$AE$24:$AE$416,"work",Source!$O$24:$O$416),2) | AC31: =ROUND(SUMIF(Source!$AE$24:$AE$416,"work",Source!$P$24:$P$416),2) | AD31: =ROUND(SUMIF(Source!$AE$24:$AE$416,"work",Source!$Q$24:$Q$416),2) | AE31: =ROUND(SUMIF(Source!$AE$24:$AE$416,"work",Source!$R$24:$R$416),2) | AF31: =ROUND(SUMIF(Source!$AE$24:$AE$416,"work",Source!$AA$24:$AA$416),2) | AG31: =ROUND(SUMIF(Source!$AE$24:$AE$416,"work",Source!$AB$24:$AB$416),2) | AH31: =SUMIF(Source!$AE$24:$AE$416,"work",Source!$AH$24:$AH$416) | AI31: =SUMIF(Source!$AE$24:$AE$416,"work",Source!$AI$24:$AI$416) | AJ31: =ROUND(SUMIF(Source!$AE$24:$AE$416,"work",Source!$W$24:$W$416),2) | AK31: =ROUND(SUMIF(Source!$AE$24:$AE$416,"work",Source!$X$24:$X$416),2) | AL31: =ROUND(SUMIF(Source!$AE$24:$AE$416,"work",Source!$Y$24:$Y$416),2) | AM31: 364.76 | AN31: 45.6 | AO31: =ROUND(BX31,2) | AP31: =ROUND(BY31,2) | AQ31: =ROUND(BZ31,2) | AR31: =ROUND(CA31,2) | AS31: =ROUND(CB31,2) | AT31: =ROUND(CC31,2) | AU31: =ROUND(CD31,2) | AV31: =ROUND(CE31,2) | ... BD31: =ROUND(CM31,2) | BH31: 0 | BI31: 49 | BJ31: ТСН-2001 6.56-3-2, 6.56-3-2 | BM31: 656 | BN31: 0 | BO31: 6.56-3-2 | BP31: 1 | BQ31: 40 | BR31: 0 | BS31: 1 | BT31: 1 | BU31: 1 | BV31: 1 | BW31: 1 | BX31: =ROUND(SUMIF(Source!$AE$24:$AE$416,"equipment",Source!$CP$24:$CP$416),2) | BY31: =ROUND(SUMIF(Source!$AE$24:$AE$416,"equipment",Source!$CQ$24:$CQ$416),2) | BZ31: =ROUND(SUMIF(Source!$AE$24:$AE$416,"equipment",Source!$CR$24:$CR$416),2) | CA31: =ROUND(SUMIF(Source!$AE$24:$AE$416,"equipment",Source!$CS$24:$CS$416),2) | CB31: =ROUND(SUMIF(Source!$AE$24:$AE$416,"equipment",Source!$CT$24:$CT$416),2) | CC31: =ROUND(SUMIF(Source!$AE$24:$AE$416,"equipment",Source!$CY$24:$CY$416),2) | CD31: =ROUND(SUMIF(Source!$AE$24:$AE$416,"equipment",Source!$CZ$24:$CZ$416),2) | CE31: =ROUND(BX31+CA31+CB31,2) | CF31: =ROUND(BY31+BZ31,2) | CG31: =ROUND(CA31+CB31,2) | CH31: =ROUND(CC31+CD31,2) | CI31: =ROUND(CF31+CG31,2) | CJ31: =ROUND(SUMIF(Source!$AE$24:$AE$416,"material",Source!$CY$24:$CY$416),2) | CK31: =ROUND(SUMIF(Source!$AE$24:$AE$416,"material",Source!$CZ$24:$CZ$416),2) | CL31: =ROUND(SUMIF(Source!$AE$24:$AE$416,"material",Source!$CP$24:$CP$416),2) | CM31: =ROUND(SUMIF(Source!$AE$24:$AE$416,"material",Source!$CQ$24:$CQ$416),2) | CO31: 0 | CP31: =ROUND(P31,2) | CQ31: =ROUND(V31,2) | CR31: =ROUND(W31,2) | CS31: =ROUND(X31,2) | CT31: =ROUND(Y31,2) | CU31: =ROUND(AF31,2) | CV31: =ROUND((AH31*AV31),2) | CW31: =ROUND(AI31,2) | CX31: =ROUND(AJ31,2) | CY31: =ROUND(((P31*AT31)/100),2) | CZ31: =ROUND(((P31*AU31)/100),2) | DB31: 15 | DD31: *0)*1 | DE31: *0,3)*1,1 | DF31: *0,3)*1,1 | DG31: =ROUND(DT31,2) | DH31: =ROUND(DU31,2) | DI31: =ROUND(DV31,2) | DJ31: =ROUND(DW31,2) | DK31: =ROUND(DX31,2) | DL31: =ROUND(DY31,2) | DM31: =DZ31 | DN31: =EA31 | DO31: =ROUND(EB31,2) | DP31: =ROUND(EC31,2) | DQ31: =ROUND(ED31,2) | DT31: =ROUND(SUMIF(Source!$AE$24:$AE$416,"work",Source!$CP$24:$CP$416),2) | DU31: =ROUND(SUMIF(Source!$AE$24:$AE$416,"work",Source!$CQ$24:$CQ$416),2) | DV31: =ROUND(SUMIF(Source!$AE$24:$AE$416,"work",Source!$CR$24:$CR$416),2) | DW31: =ROUND(SUMIF(Source!$AE$24:$AE$416,"work",Source!$CS$24:$CS$416),2) | DX31: =ROUND(SUMIF(Source!$AE$24:$AE$416,"work",Source!$CT$24:$CT$416),2) | DY31: =ROUND(SUMIF(Source!$AE$24:$AE$416,"work",Source!$CU$24:$CU$416),2) | DZ31: =ROUND(SUMIF(Source!$AE$24:$AE$416,"work",Source!$CV$24:$CV$416),2) | EA31: =ROUND(SUMIF(Source!$AE$24:$AE$416,"work",Source!$CW$24:$CW$416),2) | EB31: =ROUND(SUMIF(Source!$AE$24:$AE$416,"work",Source!$CX$24:$CX$416),2) | EC31: =ROUND(SUMIF(Source!$AE$24:$AE$416,"work",Source!$CY$24:$CY$416),2) | ED31: =ROUND(SUMIF(Source!$AE$24:$AE$416,"work",Source!$CZ$24:$CZ$416),2) | EE31: 1302433104 | EF31: 40 | EG31: =ROUND(BX31+CL31,2) | EH31: =SUMIF(Source!$AE$24:$AE$416,"equipment",Source!$U$24:$U$416) | EI31: =ROUND(DT31,2) | EJ31: =SUM(Source!$U$24:$U$416)+SUM(Source!$X$24:$X$416)+SUM(Source!$Y$24:$Y$416) | EK31: =SUMIF(Source!$AE$24:$AE$416,"material",Source!$U$24:$U$416)+SUMIFS(Source!$U$24:$U$416,Source!$T$24:$T$416,"stroitel")+SUMIFS(Source!$X$24:$X$416,Source!$T$24:$T$416,"stroitel")+SUMIFS(Source!$Y$24:$Y$416,Source!$T$24:$T$416,"stroitel") | EL31: =SUMIFS(Source!$U$24:$U$416,Source!$T$24:$T$416,"montazh")+SUMIFS(Source!$X$24:$X$416,Source!$T$24:$T$416,"montazh")+SUMIFS(Source!$Y$24:$Y$416,Source!$T$24:$T$416,"montazh") | EM31: =ROUND(EC31+ED31,2) | EN31: =ROUND(FW31,2) | EO31: =ROUND(FX31,2) | EP31: =ROUND(FY31,2) | EQ31: =ROUND(FZ31,2) | ER31: =ROUND(GA31,2) | ES31: =ROUND(GB31,2) | ET31: =ROUND(GC31,2) | EU31: =ROUND(GD31,2) | EV31: =ROUND(GE31,2) | EW31: 49 | EX31: 0 | EY31: 0 | FP31: =ROUND(SUMIF(Source!$AE$24:$AE$416,"work",Source!$FQ$24:$FQ$416),2) | FQ31: =ROUND(SUMIF(Source!$AE$24:$AE$416,"work",Source!$FR$24:$FR$416),2) | FR31: =ROUND(SUMIF(Source!$AE$24:$AE$416,"work",Source!$GL$24:$GL$416),2) | FS31: =ROUND(SUMIF(Source!$AE$24:$AE$416,"work",Source!$GM$24:$GM$416),2) | FT31: =ROUND(SUMIF(Source!$AE$24:$AE$416,"work",Source!$GN$24:$GN$416),2) | FU31: =ROUND(SUMIF(Source!$AE$24:$AE$416,"work",Source!$GO$24:$GO$416),2) | FV31: =ROUND(SUMIF(Source!$AE$24:$AE$416,"work",Source!$GP$24:$GP$416),2) | FW31: =DU31-FP31 | FX31: =DU31-FQ31 | FY31: =FP31-FR31 | FZ31: =DU31-FP31-FQ31+FR31 | GA31: =FQ31-FR31 | GB31: =ROUND(SUMIF(Source!$AE$24:$AE$416,"work",Source!$GX$24:$GX$416),2) | GC31: =ROUND(SUMIF(Source!$AE$24:$AE$416,"work",Source!$GY$24:$GY$416),2) | GD31: =ROUND(SUMIF(Source!$AE$24:$AE$416,"work",Source!$GZ$24:$GZ$416),2) | GE31: =ROUND(SUMIF(Source!$AE$24:$AE$416,"work",Source!$HD$24:$HD$416),2) | GF31: 1302433104 | GG31: 2 | GH31: 1 | GI31: 2 | GJ31: 0 | GK31: 0 | GL31: =ROUND(IF(AND(BH31=3,BI31=3,FS31<>0),P31,0),2) | GM31: =ROUND(O31+X31+Y31,2)+GX31 | GN31: =IF(OR(BI31=0,BI31=1),GM31-GX31,0) | GO31: =IF(BI31=2,GM31-GX31,0) | GP31: =IF(BI31=4,GM31-GX31,0) | GR31: 0 | GS31: 0 | GT31: 0 | GV31: =ROUND((GT31),6) | GW31: 1 | GX31: 0 | GY31: 0 | GZ31: 0 | HA31: 0 | HB31: 0 | HC31: =GV31*GW31 | HD31: 0
A32: 17 | B32: 1 | C32: =ROW(SmtRes!A9) | D32: =ROW(EtalonRes!A9) | E32: 1 | F32: 6.56-15-1 | G32: Снятие дверных и оконных приборов | H32: 1 ШТ. | I32: 49 | J32: 19.41 | K32: 13261.12 | O32: =ROUND((Z32+AC32+AD32),2) | P32: =ROUND((U32+X32+Y32),2) | Q32: =ROUND(10.18,2) | R32: =ROUND(AH32,2) | S32: ТСН-2001 6.56-15-1 | T32: work | U32: 9680.61 | V32: 2387 | W32: 265.22 | X32: 2121.78 | Y32: 1458.72 | Z32: 950.95 | AA32: 234.48 | AB32: 26.05 | AC32: 208.43 | AD32: 143.29 | AE32: work | AF32: 29.32 | AG32: 2.88 | AH32: 49 | AI32: =(((EX32*0.3)*1.1)) | AJ32: =(AS32) | AK32: 234.48 | AL32: 0 | AM32: 208.43 | AN32: 26.05 | AO32: =ROUND(O32,2) | AP32: 0 | AQ32: =ROUND(R32,2) | AR32: 0 | AS32: 0 | AT32: 97 | AU32: 51 | AV32: 1 | AW32: 1 | AZ32: 1 | BA32: 1 | BB32: 1 | BC32: 1 | BH32: 0 | BI32: 49 | BJ32: ТСН-2001 6.56-15-1, 6.56-15-1 | BM32: 656 | BN32: 0 | BO32: 6.56-15-1 | BP32: 1 | BQ32: 40 | BR32: 0 | BS32: 1 | BT32: 1 | BU32: 1 | BV32: 1 | BW32: 1 | BX32: 1 | BZ32: 97 | CA32: 51 | CE32: 30 | CF32: 0 | CG32: 0 | CM32: 0 | CO32: 0 | CP32: =ROUND(P32,2) | CQ32: =ROUND(V32,2) | CR32: =ROUND(W32,2) | CS32: =ROUND(X32,2) | CT32: =ROUND(Y32,2) | CU32: =ROUND(AF32,2) | CV32: =ROUND((AH32*AV32),2) | CW32: =ROUND(AI32,2) | CX32: =ROUND(AJ32,2) | CY32: =ROUND(((P32*AT32)/100),2) | CZ32: =ROUND(((P32*AU32)/100),2) | DB32: 17 | DD32: *0)*1 | DE32: *0,3)*1,1 | DF32: *0,3)*1,1 | DG32: *0,3)*1,1 | DI32: *0,3)*1,1 | DJ32: *0,3)*1,1 | DN32: 0 | DO32: 0 | DP32: 1 | DQ32: 1 | DU32: 1000 | DV32: 1 ШТ.. | DW32: 1 ШТ.. | DX32: 1 | EE32: 1294685572 | EF32: 40 | EG32: Строительные работы | EH32: 0 | EJ32: 49 | EK32: 656 | EL32: ТСН-2001 6.56-15-1 | EM32: ТСН-2001.6-56 | EQ32: 131072 | ER32: 234.48 | ES32: 0 | ET32: 208.43 | EU32: 26.05 | EV32: 143.29 | EW32: 49 | EX32: 0 | EY32: 0 | FQ32: 0 | FR32: =ROUND(IF(BI32=3,GM32,0),2) | FS32: 0 | FX32: 97 | FY32: 51 | GD32: 1 | GF32: 1294685572 | GG32: 2 | GH32: 1 | GI32: 2 | GJ32: 0 | GK32: 0 | GL32: =ROUND(IF(AND(BH32=3,BI32=3,FS32<>0),P32,0),2) | GM32: =ROUND(O32+X32+Y32,2)+GX32 | GN32: =IF(OR(BI32=0,BI32=1),GM32-GX32,0) | GO32: =IF(BI32=2,GM32-GX32,0) | GP32: =IF(BI32=4,GM32-GX32,0) | GR32: 0 | GS32: 0 | GT32: 0 | GV32: =ROUND((GT32),6) | GW32: 1 | GX32: =ROUND(HC32*I32,2) | GY32: 0 | GZ32: 0 | HA32: 0 | HB32: 0 | HC32: =GV32*GW32 | HD32: 0
A33: 17 | B33: 1 | C33: =ROW(SmtRes!A10) | D33: =ROW(EtalonRes!A10) | E33: 1 | F33: 6.62-31-1 | G33: Расчистка откосов от старых покрытий | H33: 1 М2 | I33: 147 | J33: 9.7 | K33: 19891.67 | O33: =ROUND((Z33+AC33+AD33),2) | P33: =ROUND((U33+X33+Y33),2) | Q33: =ROUND(10.18,2) | R33: =ROUND(AH33,2) | S33: ТСН-2001 6.62-31-1 | T33: work | U33: 14520.92 | V33: 3580.5 | W33: 397.83 | X33: 3182.67 | Y33: 2188.08 | Z33: 1426.42 | AA33: 351.72 | AB33: 39.09 | AC33: 312.64 | AD33: 214.94 | AE33: work | AF33: 44.07 | AG33: 4.33 | AH33: 147 | AI33: =(((EX33*0.3)*1.1)) | AJ33: =(AS33) | AK33: 351.72 | AL33: 0 | AM33: 312.64 | AN33: 39.09 | AO33: =ROUND(O33,2) | AP33: 0 | AQ33: =ROUND(R33,2) | AR33: 0 | AS33: 0 | AT33: 97 | AU33: 51 | AV33: 1 | AW33: 1 | AZ33: 1 | BA33: 1 | BB33: 1 | BC33: 1 | BH33: 0 | BI33: 147 | BJ33: ТСН-2001 6.62-31-1, 6.62-31-1 | BM33: 662 | BN33: 0 | BO33: 6.62-31-1 | BP33: 1 | BQ33: 40 | BR33: 0 | BS33: 1 | BT33: 1 | BU33: 1 | BV33: 1 | BW33: 1 | BX33: 1 | BZ33: 97 | CA33: 51 | CE33: 30 | CF33: 0 | CG33: 0 | CM33: 0 | CO33: 0 | CP33: =ROUND(P33,2) | CQ33: =ROUND(V33,2) | CR33: =ROUND(W33,2) | CS33: =ROUND(X33,2) | CT33: =ROUND(Y33,2) | CU33: =ROUND(AF33,2) | CV33: =ROUND((AH33*AV33),2) | CW33: =ROUND(AI33,2) | CX33: =ROUND(AJ33,2) | CY33: =ROUND(((P33*AT33)/100),2) | CZ33: =ROUND(((P33*AU33)/100),2) | DB33: 19 | DD33: *0)*1 | DE33: *0,3)*1,1 | DF33: *0,3)*1,1 | DG33: *0,3)*1,1 | DI33: *0,3)*1,1 | DJ33: *0,3)*1,1 | DN33: 0 | DO33: 0 | DP33: 1 | DQ33: 1 | DU33: 1000 | DV33: 1 М2. | DW33: 1 М2. | DX33: 1 | EE33: 1268359269 | EF33: 40 | EG33: Строительные работы | EH33: 0 | EJ33: 147 | EK33: 662 | EL33: ТСН-2001 6.62-31-1 | EM33: ТСН-2001.6-62 | EQ33: 131072 | ER33: 351.72 | ES33: 0 | ET33: 312.64 | EU33: 39.09 | EV33: 214.94 | EW33: 147 | EX33: 0 | EY33: 0 | FQ33: 0 | FR33: =ROUND(IF(BI33=3,GM33,0),2) | FS33: 0 | FX33: 97 | FY33: 51 | GD33: 1 | GF33: 1268359269 | GG33: 2 | GH33: 1 | GI33: 2 | GJ33: 0 | GK33: 0 | GL33: =ROUND(IF(AND(BH33=3,BI33=3,FS33<>0),P33,0),2) | GM33: =ROUND(O33+X33+Y33,2)+GX33 | GN33: =IF(OR(BI33=0,BI33=1),GM33-GX33,0) | GO33: =IF(BI33=2,GM33-GX33,0) | GP33: =IF(BI33=4,GM33-GX33,0) | GR33: 0 | GS33: 0 | GT33: 0 | GV33: =ROUND((GT33),6) | GW33: 1 | GX33: =ROUND(HC33*I33,2) | GY33: 0 | GZ33: 0 | HA33: 0 | HB33: 0 | HC33: =GV33*GW33 | HD33: 0
A34: 17 | B34: 1 | C34: =ROW(SmtRes!A11) | D34: =ROW(EtalonRes!A11) | E34: 1 | F34: 6.69-19-1 | G34: Погрузка и выгрузка вручную мусора от демонтажа откосов и фурнитуры | H34: 1 Т | I34: 0.49 | J34: 1455.51 | K34: 9945.84 | O34: =ROUND((Z34+AC34+AD34),2) | P34: =ROUND((U34+X34+Y34),2) | Q34: =ROUND(10.18,2) | R34: =ROUND(AH34,2) | S34: ТСН-2001 6.69-19-1 | T34: work | U34: 7260.46 | V34: 1790.25 | W34: 198.92 | X34: 1591.33 | Y34: 1094.04 | Z34: 713.2 | AA34: 175.86 | AB34: 19.54 | AC34: 156.32 | AD34: 107.47 | AE34: work | AF34: 21.99 | AG34: 2.16 | AH34: 0.49 | AI34: =(((EX34*0.3)*1.1)) | AJ34: =(AS34) | AK34: 175.86 | AL34: 0 | AM34: 156.32 | AN34: 19.54 | AO34: =ROUND(O34,2) | AP34: 0 | AQ34: =ROUND(R34,2) | AR34: 0 | AS34: 0 | AT34: 97 | AU34: 51 | AV34: 1 | AW34: 1 | AZ34: 1 | BA34: 1 | BB34: 1 | BC34: 1 | BH34: 0 | BI34: 0.49 | BJ34: ТСН-2001 6.69-19-1, 6.69-19-1 | BM34: 669 | BN34: 0 | BO34: 6.69-19-1 | BP34: 1 | BQ34: 40 | BR34: 0 | BS34: 1 | BT34: 1 | BU34: 1 | BV34: 1 | BW34: 1 | BX34: 1 | BZ34: 97 | CA34: 51 | CE34: 30 | CF34: 0 | CG34: 0 | CM34: 0 | CO34: 0 | CP34: =ROUND(P34,2) | CQ34: =ROUND(V34,2) | CR34: =ROUND(W34,2) | CS34: =ROUND(X34,2) | CT34: =ROUND(Y34,2) | CU34: =ROUND(AF34,2) | CV34: =ROUND((AH34*AV34),2) | CW34: =ROUND(AI34,2) | CX34: =ROUND(AJ34,2) | CY34: =ROUND(((P34*AT34)/100),2) | CZ34: =ROUND(((P34*AU34)/100),2) | DB34: 21 | DD34: *0)*1 | DE34: *0,3)*1,1 | DF34: *0,3)*1,1 | DG34: *0,3)*1,1 | DI34: *0,3)*1,1 | DJ34: *0,3)*1,1 | DN34: 0 | DO34: 0 | DP34: 1 | DQ34: 1 | DU34: 1000 | DV34: 1 Т. | DW34: 1 Т. | DX34: 1 | EE34: 1243369168 | EF34: 40 | EG34: Строительные работы | EH34: 0 | EJ34: 0.49 | EK34: 669 | EL34: ТСН-2001 6.69-19-1 | EM34: ТСН-2001.6-69 | EQ34: 131072 | ER34: 175.86 | ES34: 0 | ET34: 156.32 | EU34: 19.54 | EV34: 107.47 | EW34: 0.49 | EX34: 0 | EY34: 0 | FQ34: 0 | FR34: =ROUND(IF(BI34=3,GM34,0),2) | FS34: 0 | FX34: 97 | FY34: 51 | GD34: 1 | GF34: 1243369168 | GG34: 2 | GH34: 1 | GI34: 2 | GJ34: 0 | GK34: 0 | GL34: =ROUND(IF(AND(BH34=3,BI34=3,FS34<>0),P34,0),2) | GM34: =ROUND(O34+X34+Y34,2)+GX34 | GN34: =IF(OR(BI34=0,BI34=1),GM34-GX34,0) | GO34: =IF(BI34=2,GM34-GX34,0) | GP34: =IF(BI34=4,GM34-GX34,0) | GR34: 0 | GS34: 0 | GT34: 0 | GV34: =ROUND((GT34),6) | GW34: 1 | GX34: =ROUND(HC34*I34,2) | GY34: 0 | GZ34: 0 | HA34: 0 | HB34: 0 | HC34: =GV34*GW34 | HD34: 0
A35: 17 | B35: 1 | C35: =ROW(SmtRes!A12) | D35: =ROW(EtalonRes!A12) | E35: 1 | F35: 6.65-12-1 | G35: Демонтаж/снятие радиаторов, арматуры и старых подводок | H35: 1 КОМПЛ. | I35: 62 | J35: 134.19 | K35: 116018.04 | O35: =ROUND((Z35+AC35+AD35),2) | P35: =ROUND((U35+X35+Y35),2) | Q35: =ROUND(10.18,2) | R35: =ROUND(AH35,2) | S35: ТСН-2001 6.65-12-1 | T35: work | U35: 84693.17 | V35: 20883.25 | W35: 2320.36 | X35: 18562.89 | Y35: 12761.98 | Z35: 8319.57 | AA35: 2051.4 | AB35: 227.93 | AC35: 1823.47 | AD35: 1253.63 | AE35: work | AF35: 256.85 | AG35: 25.23 | AH35: 62 | AI35: =(((EX35*0.3)*1.1)) | AJ35: =(AS35) | AK35: 2051.4 | AL35: 0 | AM35: 1823.47 | AN35: 227.93 | AO35: =ROUND(O35,2) | AP35: 0 | AQ35: =ROUND(R35,2) | AR35: 0 | AS35: 0 | AT35: 97 | AU35: 51 | AV35: 1 | AW35: 1 | AZ35: 1 | BA35: 1 | BB35: 1 | BC35: 1 | BH35: 0 | BI35: 62 | BJ35: ТСН-2001 6.65-12-1, 6.65-12-1 | BM35: 665 | BN35: 0 | BO35: 6.65-12-1 | BP35: 1 | BQ35: 40 | BR35: 0 | BS35: 1 | BT35: 1 | BU35: 1 | BV35: 1 | BW35: 1 | BX35: 1 | BZ35: 97 | CA35: 51 | CE35: 30 | CF35: 0 | CG35: 0 | CM35: 0 | CO35: 0 | CP35: =ROUND(P35,2) | CQ35: =ROUND(V35,2) | CR35: =ROUND(W35,2) | CS35: =ROUND(X35,2) | CT35: =ROUND(Y35,2) | CU35: =ROUND(AF35,2) | CV35: =ROUND((AH35*AV35),2) | CW35: =ROUND(AI35,2) | CX35: =ROUND(AJ35,2) | CY35: =ROUND(((P35*AT35)/100),2) | CZ35: =ROUND(((P35*AU35)/100),2) | DB35: 23 | DD35: *0)*1 | DE35: *0,3)*1,1 | DF35: *0,3)*1,1 | DG35: *0,3)*1,1 | DI35: *0,3)*1,1 | DJ35: *0,3)*1,1 | DN35: 0 | DO35: 0 | DP35: 1 | DQ35: 1 | DU35: 1000 | DV35: 1 КОМПЛ.. | DW35: 1 КОМПЛ.. | DX35: 1 | EE35: 1800068051 | EF35: 40 | EG35: Строительные работы | EH35: 0 | EJ35: 62 | EK35: 665 | EL35: ТСН-2001 6.65-12-1 | EM35: ТСН-2001.6-65 | EQ35: 131072 | ER35: 2051.4 | ES35: 0 | ET35: 1823.47 | EU35: 227.93 | EV35: 1253.63 | EW35: 62 | EX35: 0 | EY35: 0 | FQ35: 0 | FR35: =ROUND(IF(BI35=3,GM35,0),2) | FS35: 0 | FX35: 97 | FY35: 51 | GD35: 1 | GF35: 1800068051 | GG35: 2 | GH35: 1 | GI35: 2 | GJ35: 0 | GK35: 0 | GL35: =ROUND(IF(AND(BH35=3,BI35=3,FS35<>0),P35,0),2) | GM35: =ROUND(O35+X35+Y35,2)+GX35 | GN35: =IF(OR(BI35=0,BI35=1),GM35-GX35,0) | GO35: =IF(BI35=2,GM35-GX35,0) | GP35: =IF(BI35=4,GM35-GX35,0) | GR35: 0 | GS35: 0 | GT35: 0 | GV35: =ROUND((GT35),6) | GW35: 1 | GX35: =ROUND(HC35*I35,2) | GY35: 0 | GZ35: 0 | HA35: 0 | HB35: 0 | HC35: =GV35*GW35 | HD35: 0
A36: 17 | B36: 1 | C36: =ROW(SmtRes!A13) | D36: =ROW(EtalonRes!A13) | E36: 1 | F36: 6.69-19-1 | G36: Сбор, вынос и погрузка строительного мусора | H36: 1 М2 | I36: 1440.5 | J36: 16.93 | K36: 340018.05 | O36: =ROUND((Z36+AC36+AD36),2) | P36: =ROUND((U36+X36+Y36),2) | Q36: =ROUND(10.18,2) | R36: =ROUND(AH36,2) | S36: ТСН-2001 6.69-19-1 | T36: work | U36: 248213.17 | V36: 61203.25 | W36: 6800.36 | X36: 54402.89 | Y36: 37401.99 | Z36: 24382.43 | AA36: 6012.11 | AB36: 668.01 | AC36: 5344.1 | AD36: 3674.07 | AE36: work | AF36: 752.81 | AG36: 73.95 | AH36: 1440.5 | AI36: =(((EX36*0.3)*1.1)) | AJ36: =(AS36) | AK36: 6012.11 | AL36: 0 | AM36: 5344.1 | AN36: 668.01 | AO36: =ROUND(O36,2) | AP36: 0 | AQ36: =ROUND(R36,2) | AR36: 0 | AS36: 0 | AT36: 97 | AU36: 51 | AV36: 1 | AW36: 1 | AZ36: 1 | BA36: 1 | BB36: 1 | BC36: 1 | BH36: 0 | BI36: 1440.5 | BJ36: ТСН-2001 6.69-19-1, 6.69-19-1 | BM36: 669 | BN36: 0 | BO36: 6.69-19-1 | BP36: 1 | BQ36: 40 | BR36: 0 | BS36: 1 | BT36: 1 | BU36: 1 | BV36: 1 | BW36: 1 | BX36: 1 | BZ36: 97 | CA36: 51 | CE36: 30 | CF36: 0 | CG36: 0 | CM36: 0 | CO36: 0 | CP36: =ROUND(P36,2) | CQ36: =ROUND(V36,2) | CR36: =ROUND(W36,2) | CS36: =ROUND(X36,2) | CT36: =ROUND(Y36,2) | CU36: =ROUND(AF36,2) | CV36: =ROUND((AH36*AV36),2) | CW36: =ROUND(AI36,2) | CX36: =ROUND(AJ36,2) | CY36: =ROUND(((P36*AT36)/100),2) | CZ36: =ROUND(((P36*AU36)/100),2) | DB36: 25 | DD36: *0)*1 | DE36: *0,3)*1,1 | DF36: *0,3)*1,1 | DG36: *0,3)*1,1 | DI36: *0,3)*1,1 | DJ36: *0,3)*1,1 | DN36: 0 | DO36: 0 | DP36: 1 | DQ36: 1 | DU36: 1000 | DV36: 1 М2. | DW36: 1 М2. | DX36: 1 | EE36: 1252571557 | EF36: 40 | EG36: Строительные работы | EH36: 0 | EJ36: 1440.5 | EK36: 669 | EL36: ТСН-2001 6.69-19-1 | EM36: ТСН-2001.6-69 | EQ36: 131072 | ER36: 6012.11 | ES36: 0 | ET36: 5344.1 | EU36: 668.01 | EV36: 3674.07 | EW36: 1440.5 | EX36: 0 | EY36: 0 | FQ36: 0 | FR36: =ROUND(IF(BI36=3,GM36,0),2) | FS36: 0 | FX36: 97 | FY36: 51 | GD36: 1 | GF36: 1252571557 | GG36: 2 | GH36: 1 | GI36: 2 | GJ36: 0 | GK36: 0 | GL36: =ROUND(IF(AND(BH36=3,BI36=3,FS36<>0),P36,0),2) | GM36: =ROUND(O36+X36+Y36,2)+GX36 | GN36: =IF(OR(BI36=0,BI36=1),GM36-GX36,0) | GO36: =IF(BI36=2,GM36-GX36,0) | GP36: =IF(BI36=4,GM36-GX36,0) | GR36: 0 | GS36: 0 | GT36: 0 | GV36: =ROUND((GT36),6) | GW36: 1 | GX36: =ROUND(HC36*I36,2) | GY36: 0 | GZ36: 0 | HA36: 0 | HB36: 0 | HC36: =GV36*GW36 | HD36: 0
A37: 17 | B37: 1 | C37: =ROW(SmtRes!A14) | D37: =ROW(EtalonRes!A14) | E37: 1 | F37: Калькуляция - 014 | G37: Проверка оснований после демонтажа | H37: 1 М2 | I37: 1440.5 | J37: 7.33 | K37: 147287.1 | O37: =ROUND((Z37+AC37+AD37),2) | P37: =ROUND((U37+X37+Y37),2) | Q37: =ROUND(10.18,2) | R37: =ROUND(AH37,2) | S37: ТСН-2001 Калькуляция - 014 | T37: work | U37: 107519.58 | V37: 26511.67 | W37: 2945.75 | X37: 23565.94 | Y37: 16201.58 | Z37: 10561.85 | AA37: 2604.29 | AB37: 289.36 | AC37: 2314.93 | AD37: 1591.51 | AE37: work | AF37: 326.07 | AG37: 32.03 | AH37: 1440.5 | AI37: =(((EX37*0.3)*1.1)) | AJ37: =(AS37) | AK37: 2604.29 | AL37: 0 | AM37: 2314.93 | AN37: 289.36 | AO37: =ROUND(O37,2) | AP37: 0 | AQ37: =ROUND(R37,2) | AR37: 0 | AS37: 0 | AT37: 97 | AU37: 51 | AV37: 1 | AW37: 1 | AZ37: 1 | BA37: 1 | BB37: 1 | BC37: 1 | BH37: 0 | BI37: 1440.5 | BJ37: ТСН-2001 Калькуляция - 014, Калькуляция - 014 | BM37: 0 | BN37: 0 | BO37: Калькуляция - 014 | BP37: 1 | BQ37: 40 | BR37: 0 | BS37: 1 | BT37: 1 | BU37: 1 | BV37: 1 | BW37: 1 | BX37: 1 | BZ37: 97 | CA37: 51 | CE37: 30 | CF37: 0 | CG37: 0 | CM37: 0 | CO37: 0 | CP37: =ROUND(P37,2) | CQ37: =ROUND(V37,2) | CR37: =ROUND(W37,2) | CS37: =ROUND(X37,2) | CT37: =ROUND(Y37,2) | CU37: =ROUND(AF37,2) | CV37: =ROUND((AH37*AV37),2) | CW37: =ROUND(AI37,2) | CX37: =ROUND(AJ37,2) | CY37: =ROUND(((P37*AT37)/100),2) | CZ37: =ROUND(((P37*AU37)/100),2) | DB37: 27 | DD37: *0)*1 | DE37: *0,3)*1,1 | DF37: *0,3)*1,1 | DG37: *0,3)*1,1 | DI37: *0,3)*1,1 | DJ37: *0,3)*1,1 | DN37: 0 | DO37: 0 | DP37: 1 | DQ37: 1 | DU37: 1000 | DV37: 1 М2. | DW37: 1 М2. | DX37: 1 | EE37: 1138983621 | EF37: 40 | EG37: Строительные работы | EH37: 0 | EJ37: 1440.5 | EK37: 0 | EL37: ТСН-2001 Калькуляция - 014 | EM37: Калькуляция - 014 | EQ37: 131072 | ER37: 2604.29 | ES37: 0 | ET37: 2314.93 | EU37: 289.36 | EV37: 1591.51 | EW37: 1440.5 | EX37: 0 | EY37: 0 | FQ37: 0 | FR37: =ROUND(IF(BI37=3,GM37,0),2) | FS37: 0 | FX37: 97 | FY37: 51 | GD37: 1 | GF37: 1138983621 | GG37: 2 | GH37: 1 | GI37: 2 | GJ37: 0 | GK37: 0 | GL37: =ROUND(IF(AND(BH37=3,BI37=3,FS37<>0),P37,0),2) | GM37: =ROUND(O37+X37+Y37,2)+GX37 | GN37: =IF(OR(BI37=0,BI37=1),GM37-GX37,0) | GO37: =IF(BI37=2,GM37-GX37,0) | GP37: =IF(BI37=4,GM37-GX37,0) | GR37: 0 | GS37: 0 | GT37: 0 | GV37: =ROUND((GT37),6) | GW37: 1 | GX37: =ROUND(HC37*I37,2) | GY37: 0 | GZ37: 0 | HA37: 0 | HB37: 0 | HC37: =GV37*GW37 | HD37: 0
A38: 17 | B38: 1 | C38: =ROW(SmtRes!A15) | D38: =ROW(EtalonRes!A15) | E38: 1 | F38: 6.69-9-1 | G38: Заделка отверстий в местах прохода трубопроводов | H38: 1 ШТ. | I38: 94 | J38: 30.19 | K38: 42603.51 | O38: =ROUND((Z38+AC38+AD38),2) | P38: =ROUND((U38+X38+Y38),2) | Q38: =ROUND(10.18,2) | R38: =ROUND(AH38,2) | S38: ТСН-2001 6.69-9-1 | T38: work | U38: 28885.18 | V38: 7668.63 | W38: 852.07 | X38: 7753.84 | Y38: 5964.49 | Z38: 2837.45 | AA38: 753.3 | AB38: 83.7 | AC38: 761.67 | AD38: 585.9 | AE38: work | AF38: 94.37 | AG38: 9.27 | AH38: 94 | AI38: =(((EX38*0.3)*1.1)) | AJ38: =(AS38) | AK38: 753.3 | AL38: 0 | AM38: 761.67 | AN38: 83.7 | AO38: =ROUND(O38,2) | AP38: 0 | AQ38: =ROUND(R38,2) | AR38: 0 | AS38: 0 | AT38: 97 | AU38: 51 | AV38: 1 | AW38: 1 | AZ38: 1 | BA38: 1 | BB38: 1 | BC38: 1 | BH38: 0 | BI38: 94 | BJ38: ТСН-2001 6.69-9-1, 6.69-9-1 | BM38: 669 | BN38: 0 | BO38: 6.69-9-1 | BP38: 1 | BQ38: 40 | BR38: 0 | BS38: 1 | BT38: 1 | BU38: 1 | BV38: 1 | BW38: 1 | BX38: 1 | BZ38: 97 | CA38: 51 | CE38: 30 | CF38: 0 | CG38: 0 | CM38: 0 | CO38: 0 | CP38: =ROUND(P38,2) | CQ38: =ROUND(V38,2) | CR38: =ROUND(W38,2) | CS38: =ROUND(X38,2) | CT38: =ROUND(Y38,2) | CU38: =ROUND(AF38,2) | CV38: =ROUND((AH38*AV38),2) | CW38: =ROUND(AI38,2) | CX38: =ROUND(AJ38,2) | CY38: =ROUND(((P38*AT38)/100),2) | CZ38: =ROUND(((P38*AU38)/100),2) | DB38: 29 | DD38: *0)*1 | DE38: *0,3)*1,1 | DF38: *0,3)*1,1 | DG38: *0,3)*1,1 | DI38: *0,3)*1,1 | DJ38: *0,3)*1,1 | DN38: 0 | DO38: 0 | DP38: 1 | DQ38: 1 | DU38: 1000 | DV38: 1 ШТ.. | DW38: 1 ШТ.. | DX38: 1 | EE38: 1733191576 | EF38: 40 | EG38: Строительные работы | EH38: 0 | EJ38: 94 | EK38: 669 | EL38: ТСН-2001 6.69-9-1 | EM38: ТСН-2001.6-69 | EQ38: 131072 | ER38: 753.3 | ES38: 0 | ET38: 761.67 | EU38: 83.7 | EV38: 585.9 | EW38: 94 | EX38: 0 | EY38: 0 | FQ38: 0 | FR38: =ROUND(IF(BI38=3,GM38,0),2) | FS38: 0 | FX38: 97 | FY38: 51 | GD38: 1 | GF38: 1733191576 | GG38: 2 | GH38: 1 | GI38: 2 | GJ38: 0 | GK38: 0 | GL38: =ROUND(IF(AND(BH38=3,BI38=3,FS38<>0),P38,0),2) | GM38: =ROUND(O38+X38+Y38,2)+GX38 | GN38: =IF(OR(BI38=0,BI38=1),GM38-GX38,0) | GO38: =IF(BI38=2,GM38-GX38,0) | GP38: =IF(BI38=4,GM38-GX38,0) | GR38: 0 | GS38: 0 | GT38: 0 | GV38: =ROUND((GT38),6) | GW38: 1 | GX38: =ROUND(HC38*I38,2) | GY38: 0 | GZ38: 0 | HA38: 0 | HB38: 0 | HC38: =GV38*GW38 | HD38: 0
A39: 17 | B39: 1 | C39: =ROW(SmtRes!A16) | D39: =ROW(EtalonRes!A16) | E39: 1 | F39: 6.69-42-1 | G39: Заделка отверстий в железобетонных стенах и перегородках | H39: 1 ШТ. | I39: 94 | J39: 30.19 | K39: 42603.51 | O39: =ROUND((Z39+AC39+AD39),2) | P39: =ROUND((U39+X39+Y39),2) | Q39: =ROUND(10.18,2) | R39: =ROUND(AH39,2) | S39: ТСН-2001 6.69-42-1 | T39: work | U39: 28885.18 | V39: 7668.63 | W39: 852.07 | X39: 7753.84 | Y39: 5964.49 | Z39: 2837.45 | AA39: 753.3 | AB39: 83.7 | AC39: 761.67 | AD39: 585.9 | AE39: work | AF39: 94.37 | AG39: 9.27 | AH39: 94 | AI39: =(((EX39*0.3)*1.1)) | AJ39: =(AS39) | AK39: 753.3 | AL39: 0 | AM39: 761.67 | AN39: 83.7 | AO39: =ROUND(O39,2) | AP39: 0 | AQ39: =ROUND(R39,2) | AR39: 0 | AS39: 0 | AT39: 97 | AU39: 51 | AV39: 1 | AW39: 1 | AZ39: 1 | BA39: 1 | BB39: 1 | BC39: 1 | BH39: 0 | BI39: 94 | BJ39: ТСН-2001 6.69-42-1, 6.69-42-1 | BM39: 669 | BN39: 0 | BO39: 6.69-42-1 | BP39: 1 | BQ39: 40 | BR39: 0 | BS39: 1 | BT39: 1 | BU39: 1 | BV39: 1 | BW39: 1 | BX39: 1 | BZ39: 97 | CA39: 51 | CE39: 30 | CF39: 0 | CG39: 0 | CM39: 0 | CO39: 0 | CP39: =ROUND(P39,2) | CQ39: =ROUND(V39,2) | CR39: =ROUND(W39,2) | CS39: =ROUND(X39,2) | CT39: =ROUND(Y39,2) | CU39: =ROUND(AF39,2) | CV39: =ROUND((AH39*AV39),2) | CW39: =ROUND(AI39,2) | CX39: =ROUND(AJ39,2) | CY39: =ROUND(((P39*AT39)/100),2) | CZ39: =ROUND(((P39*AU39)/100),2) | DB39: 31 | DD39: *0)*1 | DE39: *0,3)*1,1 | DF39: *0,3)*1,1 | DG39: *0,3)*1,1 | DI39: *0,3)*1,1 | DJ39: *0,3)*1,1 | DN39: 0 | DO39: 0 | DP39: 1 | DQ39: 1 | DU39: 1000 | DV39: 1 ШТ.. | DW39: 1 ШТ.. | DX39: 1 | EE39: 1266656538 | EF39: 40 | EG39: Строительные работы | EH39: 0 | EJ39: 94 | EK39: 669 | EL39: ТСН-2001 6.69-42-1 | EM39: ТСН-2001.6-69 | EQ39: 131072 | ER39: 753.3 | ES39: 0 | ET39: 761.67 | EU39: 83.7 | EV39: 585.9 | EW39: 94 | EX39: 0 | EY39: 0 | FQ39: 0 | FR39: =ROUND(IF(BI39=3,GM39,0),2) | FS39: 0 | FX39: 97 | FY39: 51 | GD39: 1 | GF39: 1266656538 | GG39: 2 | GH39: 1 | GI39: 2 | GJ39: 0 | GK39: 0 | GL39: =ROUND(IF(AND(BH39=3,BI39=3,FS39<>0),P39,0),2) | GM39: =ROUND(O39+X39+Y39,2)+GX39 | GN39: =IF(OR(BI39=0,BI39=1),GM39-GX39,0) | GO39: =IF(BI39=2,GM39-GX39,0) | GP39: =IF(BI39=4,GM39-GX39,0) | GR39: 0 | GS39: 0 | GT39: 0 | GV39: =ROUND((GT39),6) | GW39: 1 | GX39: =ROUND(HC39*I39,2) | GY39: 0 | GZ39: 0 | HA39: 0 | HB39: 0 | HC39: =GV39*GW39 | HD39: 0
A40: 50 | B40: 0 | C40: 0 | D40: 1 | E40: 216 | F40: =ROUND(Source!AP31,O40) | G40: Оборуд | H40: Стоимость оборудования (всего) | I40: 94 | J40: 48.3 | K40: 216 | L40: 8 | M40: 1 | O40: 2 | P40: =ROUND(Source!EH31,O40) | Q40: =ROUND(10.18,2) | R40: =ROUND(AH40,2) | S40: ТСН-2001 Калькуляция - 017 | T40: work | U40: 46216.28 | V40: 12269.81 | W40: 38352540 | X40: 1 | Y40: 38352540 | Z40: 38352550 | AA40: 1205.29 | AB40: 133.93 | AC40: 1218.68 | AD40: 937.45 | AE40: work | AF40: 150.96 | AG40: 14.83 | AH40: 94 | AI40: =(((EX40*0.3)*1.1)) | AJ40: =(AS40) | AK40: 1205.29 | AL40: 0 | AM40: 1218.68 | AN40: 133.93 | AO40: =ROUND(O40,2) | AP40: 0 | AQ40: =ROUND(R40,2) | AR40: 0 | AS40: 0 | AT40: 97 | AU40: 51 | AV40: 1 | AW40: 1 | AZ40: 1 | BA40: 1 | BB40: 1 | BC40: 1 | BH40: 0 | BI40: 94 | BJ40: ТСН-2001 Калькуляция - 017, Калькуляция - 017 | BM40: 0 | BN40: 0 | BO40: Калькуляция - 017 | BP40: 1 | BQ40: 40 | BR40: 0 | BS40: 1 | BT40: 1 | BU40: 1 | BV40: 1 | BW40: 1 | BX40: 1 | BZ40: 97 | CA40: 51 | CE40: 30 | CF40: 0 | CG40: 0 | CM40: 0 | CO40: 0 | CP40: =ROUND(P40,2) | CQ40: =ROUND(V40,2) | CR40: =ROUND(W40,2) | CS40: =ROUND(X40,2) | CT40: =ROUND(Y40,2) | CU40: =ROUND(AF40,2) | CV40: =ROUND((AH40*AV40),2) | CW40: =ROUND(AI40,2) | CX40: =ROUND(AJ40,2) | CY40: =ROUND(((P40*AT40)/100),2) | CZ40: =ROUND(((P40*AU40)/100),2) | DB40: 33 | DD40: *0)*1 | DE40: *0,3)*1,1 | DF40: *0,3)*1,1 | DG40: *0,3)*1,1 | DI40: *0,3)*1,1 | DJ40: *0,3)*1,1 | DN40: 0 | DO40: 0 | DP40: 1 | DQ40: 1 | DU40: 1000 | DV40: 1 ШТ.. | DW40: 1 ШТ.. | DX40: 1 | EE40: 1309563674 | EF40: 40 | EG40: Строительные работы | EH40: 0 | EJ40: 94 | EK40: 0 | EL40: ТСН-2001 Калькуляция - 017 | EM40: Калькуляция - 017 | EQ40: 131072 | ER40: 1205.29 | ES40: 0 | ET40: 1218.68 | EU40: 133.93 | EV40: 937.45 | EW40: 94 | EX40: 0 | EY40: 0 | FQ40: 0 | FR40: =ROUND(IF(BI40=3,GM40,0),2) | FS40: 0 | FX40: 97 | FY40: 51 | GD40: 1 | GF40: 1309563674 | GG40: 2 | GH40: 1 | GI40: 2 | GJ40: 0 | GK40: 0 | GL40: =ROUND(IF(AND(BH40=3,BI40=3,FS40<>0),P40,0),2) | GM40: =ROUND(O40+X40+Y40,2)+GX40 | GN40: =IF(OR(BI40=0,BI40=1),GM40-GX40,0) | GO40: =IF(BI40=2,GM40-GX40,0) | GP40: =IF(BI40=4,GM40-GX40,0) | GR40: 0 | GS40: 0 | GT40: 0 | GV40: =ROUND((GT40),6) | GW40: 1 | GX40: =ROUND(HC40*I40,2) | GY40: 0 | GZ40: 0 | HA40: 0 | HB40: 0 | HC40: =GV40*GW40 | HD40: 0
A41: 17 | B41: 1 | C41: =ROW(SmtRes!A18) | D41: =ROW(EtalonRes!A18) | E41: 1 | F41: Калькуляция - 018 | G41: Фотофиксация и акты скрытых работ по проходкам | H41: 1 КОМПЛ. | I41: 9.4 | J41: 120.74 | K41: 17041.4 | O41: =ROUND((Z41+AC41+AD41),2) | P41: =ROUND((U41+X41+Y41),2) | Q41: =ROUND(10.18,2) | R41: =ROUND(AH41,2) | S41: ТСН-2001 Калькуляция - 018 | T41: work | U41: 11554.08 | V41: 3067.45 | W41: 340.83 | X41: 3101.53 | Y41: 2385.8 | Z41: 1134.97 | AA41: 301.32 | AB41: 33.48 | AC41: 304.67 | AD41: 234.36 | AE41: work | AF41: 37.77 | AG41: 3.71 | AH41: 9.4 | AI41: =(((EX41*0.3)*1.1)) | AJ41: =(AS41) | AK41: 301.32 | AL41: 0 | AM41: 304.67 | AN41: 33.48 | AO41: =ROUND(O41,2) | AP41: 0 | AQ41: =ROUND(R41,2) | AR41: 0 | AS41: 0 | AT41: 97 | AU41: 51 | AV41: 1 | AW41: 1 | AZ41: 1 | BA41: 1 | BB41: 1 | BC41: 1 | BH41: 0 | BI41: 9.4 | BJ41: ТСН-2001 Калькуляция - 018, Калькуляция - 018 | BM41: 0 | BN41: 0 | BO41: Калькуляция - 018 | BP41: 1 | BQ41: 40 | BR41: 0 | BS41: 1 | BT41: 1 | BU41: 1 | BV41: 1 | BW41: 1 | BX41: 1 | BZ41: 97 | CA41: 51 | CE41: 30 | CF41: 0 | CG41: 0 | CM41: 0 | CO41: 0 | CP41: =ROUND(P41,2) | CQ41: =ROUND(V41,2) | CR41: =ROUND(W41,2) | CS41: =ROUND(X41,2) | CT41: =ROUND(Y41,2) | CU41: =ROUND(AF41,2) | CV41: =ROUND((AH41*AV41),2) | CW41: =ROUND(AI41,2) | CX41: =ROUND(AJ41,2) | CY41: =ROUND(((P41*AT41)/100),2) | CZ41: =ROUND(((P41*AU41)/100),2) | DB41: 35 | DD41: *0)*1 | DE41: *0,3)*1,1 | DF41: *0,3)*1,1 | DG41: *0,3)*1,1 | DI41: *0,3)*1,1 | DJ41: *0,3)*1,1 | DN41: 0 | DO41: 0 | DP41: 1 | DQ41: 1 | DU41: 1000 | DV41: 1 КОМПЛ.. | DW41: 1 КОМПЛ.. | DX41: 1 | EE41: 1156087134 | EF41: 40 | EG41: Строительные работы | EH41: 0 | EJ41: 9.4 | EK41: 0 | EL41: ТСН-2001 Калькуляция - 018 | EM41: Калькуляция - 018 | EQ41: 131072 | ER41: 301.32 | ES41: 0 | ET41: 304.67 | EU41: 33.48 | EV41: 234.36 | EW41: 9.4 | EX41: 0 | EY41: 0 | FQ41: 0 | FR41: =ROUND(IF(BI41=3,GM41,0),2) | FS41: 0 | FX41: 97 | FY41: 51 | GD41: 1 | GF41: 1156087134 | GG41: 2 | GH41: 1 | GI41: 2 | GJ41: 0 | GK41: 0 | GL41: =ROUND(IF(AND(BH41=3,BI41=3,FS41<>0),P41,0),2) | GM41: =ROUND(O41+X41+Y41,2)+GX41 | GN41: =IF(OR(BI41=0,BI41=1),GM41-GX41,0) | GO41: =IF(BI41=2,GM41-GX41,0) | GP41: =IF(BI41=4,GM41-GX41,0) | GR41: 0 | GS41: 0 | GT41: 0 | GV41: =ROUND((GT41),6) | GW41: 1 | GX41: =ROUND(HC41*I41,2) | GY41: 0 | GZ41: 0 | HA41: 0 | HB41: 0 | HC41: =GV41*GW41 | HD41: 0
A42: 17 | B42: 1 | C42: =ROW(SmtRes!A19) | D42: =ROW(EtalonRes!A19) | E42: 1 | F42: 3.15-165-1 | G42: Обеспыливание, грунтование и ремонт основания пола | H42: 1 М2 | I42: 1440.5 | J42: 10.24 | K42: 230330.54 | O42: =ROUND((Z42+AC42+AD42),2) | P42: =ROUND((U42+X42+Y42),2) | Q42: =ROUND(10.18,2) | R42: =ROUND(AH42,2) | S42: ТСН-2001 3.15-165-1 | T42: work | U42: 150175.52 | V42: 41459.5 | W42: 4606.61 | X42: 47908.75 | Y42: 32246.28 | Z42: 14752.01 | AA42: 4072.64 | AB42: 452.52 | AC42: 4706.16 | AD42: 3167.61 | AE42: work | AF42: 509.91 | AG42: 50.09 | AH42: 1440.5 | AI42: =(((EX42*0.3)*1.1)) | AJ42: =(AS42) | AK42: 4072.64 | AL42: 0 | AM42: 4706.16 | AN42: 452.52 | AO42: =ROUND(O42,2) | AP42: 0 | AQ42: =ROUND(R42,2) | AR42: 0 | AS42: 0 | AT42: 97 | AU42: 51 | AV42: 1 | AW42: 1 | AZ42: 1 | BA42: 1 | BB42: 1 | BC42: 1 | BH42: 0 | BI42: 1440.5 | BJ42: ТСН-2001 3.15-165-1, 3.15-165-1 | BM42: 315 | BN42: 0 | BO42: 3.15-165-1 | BP42: 1 | BQ42: 40 | BR42: 0 | BS42: 1 | BT42: 1 | BU42: 1 | BV42: 1 | BW42: 1 | BX42: 1 | BZ42: 97 | CA42: 51 | CE42: 30 | CF42: 0 | CG42: 0 | CM42: 0 | CO42: 0 | CP42: =ROUND(P42,2) | CQ42: =ROUND(V42,2) | CR42: =ROUND(W42,2) | CS42: =ROUND(X42,2) | CT42: =ROUND(Y42,2) | CU42: =ROUND(AF42,2) | CV42: =ROUND((AH42*AV42),2) | CW42: =ROUND(AI42,2) | CX42: =ROUND(AJ42,2) | CY42: =ROUND(((P42*AT42)/100),2) | CZ42: =ROUND(((P42*AU42)/100),2) | DB42: 37 | DD42: *0)*1 | DE42: *0,3)*1,1 | DF42: *0,3)*1,1 | DG42: *0,3)*1,1 | DI42: *0,3)*1,1 | DJ42: *0,3)*1,1 | DN42: 0 | DO42: 0 | DP42: 1 | DQ42: 1 | DU42: 1000 | DV42: 1 М2. | DW42: 1 М2. | DX42: 1 | EE42: 1142688733 | EF42: 40 | EG42: Строительные работы | EH42: 0 | EJ42: 1440.5 | EK42: 315 | EL42: ТСН-2001 3.15-165-1 | EM42: ТСН-2001.3-15 | EQ42: 131072 | ER42: 4072.64 | ES42: 0 | ET42: 4706.16 | EU42: 452.52 | EV42: 3167.61 | EW42: 1440.5 | EX42: 0 | EY42: 0 | FQ42: 0 | FR42: =ROUND(IF(BI42=3,GM42,0),2) | FS42: 0 | FX42: 97 | FY42: 51 | GD42: 1 | GF42: 1142688733 | GG42: 2 | GH42: 1 | GI42: 2 | GJ42: 0 | GK42: 0 | GL42: =ROUND(IF(AND(BH42=3,BI42=3,FS42<>0),P42,0),2) | GM42: =ROUND(O42+X42+Y42,2)+GX42 | GN42: =IF(OR(BI42=0,BI42=1),GM42-GX42,0) | GO42: =IF(BI42=2,GM42-GX42,0) | GP42: =IF(BI42=4,GM42-GX42,0) | GR42: 0 | GS42: 0 | GT42: 0 | GV42: =ROUND((GT42),6) | GW42: 1 | GX42: =ROUND(HC42*I42,2) | GY42: 0 | GZ42: 0 | HA42: 0 | HB42: 0 | HC42: =GV42*GW42 | HD42: 0
A43: 17 | B43: 1 | C43: =ROW(SmtRes!A20) | D43: =ROW(EtalonRes!A20) | E43: 1 | F43: 3.11-10-1 | G43: Выравнивание основания пола | H43: 1 М2 | I43: 1440.5 | J43: 55.46 | K43: 1247273.4 | O43: =ROUND((Z43+AC43+AD43),2) | P43: =ROUND((U43+X43+Y43),2) | Q43: =ROUND(10.18,2) | R43: =ROUND(AH43,2) | S43: ТСН-2001 3.11-10-1 | T43: work | U43: 813222.27 | V43: 224509.21 | W43: 24945.47 | X43: 259432.87 | Y43: 174618.28 | Z43: 79884.31 | AA43: 22053.95 | AB43: 2450.44 | AC43: 25484.56 | AD43: 17153.07 | AE43: work | AF43: 2761.43 | AG43: 271.26 | AH43: 1440.5 | AI43: =(((EX43*0.3)*1.1)) | AJ43: =(AS43) | AK43: 22053.95 | AL43: 0 | AM43: 25484.56 | AN43: 2450.44 | AO43: =ROUND(O43,2) | AP43: 0 | AQ43: =ROUND(R43,2) | AR43: 0 | AS43: 0 | AT43: 97 | AU43: 51 | AV43: 1 | AW43: 1 | AZ43: 1 | BA43: 1 | BB43: 1 | BC43: 1 | BH43: 0 | BI43: 1440.5 | BJ43: ТСН-2001 3.11-10-1, 3.11-10-1 | BM43: 311 | BN43: 0 | BO43: 3.11-10-1 | BP43: 1 | BQ43: 40 | BR43: 0 | BS43: 1 | BT43: 1 | BU43: 1 | BV43: 1 | BW43: 1 | BX43: 1 | BZ43: 97 | CA43: 51 | CE43: 30 | CF43: 0 | CG43: 0 | CM43: 0 | CO43: 0 | CP43: =ROUND(P43,2) | CQ43: =ROUND(V43,2) | CR43: =ROUND(W43,2) | CS43: =ROUND(X43,2) | CT43: =ROUND(Y43,2) | CU43: =ROUND(AF43,2) | CV43: =ROUND((AH43*AV43),2) | CW43: =ROUND(AI43,2) | CX43: =ROUND(AJ43,2) | CY43: =ROUND(((P43*AT43)/100),2) | CZ43: =ROUND(((P43*AU43)/100),2) | DB43: 39 | DD43: *0)*1 | DE43: *0,3)*1,1 | DF43: *0,3)*1,1 | DG43: *0,3)*1,1 | DI43: *0,3)*1,1 | DJ43: *0,3)*1,1 | DN43: 0 | DO43: 0 | DP43: 1 | DQ43: 1 | DU43: 1000 | DV43: 1 М2. | DW43: 1 М2. | DX43: 1 | EE43: 1276480581 | EF43: 40 | EG43: Строительные работы | EH43: 0 | EJ43: 1440.5 | EK43: 311 | EL43: ТСН-2001 3.11-10-1 | EM43: ТСН-2001.3-11 | EQ43: 131072 | ER43: 22053.95 | ES43: 0 | ET43: 25484.56 | EU43: 2450.44 | EV43: 17153.07 | EW43: 1440.5 | EX43: 0 | EY43: 0 | FQ43: 0 | FR43: =ROUND(IF(BI43=3,GM43,0),2) | FS43: 0 | FX43: 97 | FY43: 51 | GD43: 1 | GF43: 1276480581 | GG43: 2 | GH43: 1 | GI43: 2 | GJ43: 0 | GK43: 0 | GL43: =ROUND(IF(AND(BH43=3,BI43=3,FS43<>0),P43,0),2) | GM43: =ROUND(O43+X43+Y43,2)+GX43 | GN43: =IF(OR(BI43=0,BI43=1),GM43-GX43,0) | GO43: =IF(BI43=2,GM43-GX43,0) | GP43: =IF(BI43=4,GM43-GX43,0) | GR43: 0 | GS43: 0 | GT43: 0 | GV43: =ROUND((GT43),6) | GW43: 1 | GX43: =ROUND(HC43*I43,2) | GY43: 0 | GZ43: 0 | HA43: 0 | HB43: 0 | HC43: =GV43*GW43 | HD43: 0
A44: 17 | B44: 1 | C44: =ROW(SmtRes!A21) | D44: =ROW(EtalonRes!A21) | E44: 1 | F44: 3.11-26-2 | G44: Устройство покрытий из линолеума/эластичного покрытия в обычных зонах | H44: 1 М2 | I44: 679.745 | J44: 42.23 | K44: 448184.79 | O44: =ROUND((Z44+AC44+AD44),2) | P44: =ROUND((U44+X44+Y44),2) | Q44: =ROUND(10.18,2) | R44: =ROUND(AH44,2) | S44: ТСН-2001 3.11-26-2 | T44: work | U44: 292216.48 | V44: 80673.26 | W44: 8963.7 | X44: 93222.43 | Y44: 62745.88 | Z44: 28704.96 | AA44: 7924.68 | AB44: 880.53 | AC44: 9157.41 | AD44: 6163.64 | AE44: work | AF44: 992.23 | AG44: 97.47 | AH44: 679.75 | AI44: =(((EX44*0.3)*1.1)) | AJ44: =(AS44) | AK44: 7924.68 | AL44: 0 | AM44: 9157.41 | AN44: 880.53 | AO44: =ROUND(O44,2) | AP44: 0 | AQ44: =ROUND(R44,2) | AR44: 0 | AS44: 0 | AT44: 97 | AU44: 51 | AV44: 1 | AW44: 1 | AZ44: 1 | BA44: 1 | BB44: 1 | BC44: 1 | BH44: 0 | BI44: 679.75 | BJ44: ТСН-2001 3.11-26-2, 3.11-26-2 | BM44: 311 | BN44: 0 | BO44: 3.11-26-2 | BP44: 1 | BQ44: 40 | BR44: 0 | BS44: 1 | BT44: 1 | BU44: 1 | BV44: 1 | BW44: 1 | BX44: 1 | BZ44: 97 | CA44: 51 | CE44: 30 | CF44: 0 | CG44: 0 | CM44: 0 | CO44: 0 | CP44: =ROUND(P44,2) | CQ44: =ROUND(V44,2) | CR44: =ROUND(W44,2) | CS44: =ROUND(X44,2) | CT44: =ROUND(Y44,2) | CU44: =ROUND(AF44,2) | CV44: =ROUND((AH44*AV44),2) | CW44: =ROUND(AI44,2) | CX44: =ROUND(AJ44,2) | CY44: =ROUND(((P44*AT44)/100),2) | CZ44: =ROUND(((P44*AU44)/100),2) | DB44: 41 | DD44: *0)*1 | DE44: *0,3)*1,1 | DF44: *0,3)*1,1 | DG44: *0,3)*1,1 | DI44: *0,3)*1,1 | DJ44: *0,3)*1,1 | DN44: 0 | DO44: 0 | DP44: 1 | DQ44: 1 | DU44: 1000 | DV44: 1 М2. | DW44: 1 М2. | DX44: 1 | EE44: 1531225079 | EF44: 40 | EG44: Строительные работы | EH44: 0 | EJ44: 679.745 | EK44: 311 | EL44: ТСН-2001 3.11-26-2 | EM44: ТСН-2001.3-11 | EQ44: 131072 | ER44: 7924.68 | ES44: 0 | ET44: 9157.41 | EU44: 880.53 | EV44: 6163.64 | EW44: 679.75 | EX44: 0 | EY44: 0 | FQ44: 0 | FR44: =ROUND(IF(BI44=3,GM44,0),2) | FS44: 0 | FX44: 97 | FY44: 51 | GD44: 1 | GF44: 1531225079 | GG44: 2 | GH44: 1 | GI44: 2 | GJ44: 0 | GK44: 0 | GL44: =ROUND(IF(AND(BH44=3,BI44=3,FS44<>0),P44,0),2) | GM44: =ROUND(O44+X44+Y44,2)+GX44 | GN44: =IF(OR(BI44=0,BI44=1),GM44-GX44,0) | GO44: =IF(BI44=2,GM44-GX44,0) | GP44: =IF(BI44=4,GM44-GX44,0) | GR44: 0 | GS44: 0 | GT44: 0 | GV44: =ROUND((GT44),6) | GW44: 1 | GX44: =ROUND(HC44*I44,2) | GY44: 0 | GZ44: 0 | HA44: 0 | HB44: 0 | HC44: =GV44*GW44 | HD44: 0
A45: 50 | B45: 1 | C45: 0 | D45: 1 | E45: 204 | F45: =ROUND(Source!R31,O45) | G45: ЗПМ | H45: ЗП машинистов | I45: 308.975 | J45: 72.26 | K45: 204 | L45: 9 | M45: 1 | O45: 2 | P45: =ROUND(Source!DJ31,O45) | Q45: =ROUND(10.18,2) | R45: =ROUND(AH45,2) | S45: ТСН-2001 3.11-36-1 | T45: work | U45: 227279.48 | V45: 62745.86 | W45: 0 | X45: 1 | Y45: 0 | Z45: 0 | AA45: 6163.64 | AB45: 684.85 | AC45: 7122.43 | AD45: 4793.94 | AE45: work | AF45: 771.75 | AG45: 75.81 | AH45: 308.98 | AI45: =(((EX45*0.3)*1.1)) | AJ45: =(AS45) | AK45: 6163.64 | AL45: 0 | AM45: 7122.43 | AN45: 684.85 | AO45: =ROUND(O45,2) | AP45: 0 | AQ45: =ROUND(R45,2) | AR45: 0 | AS45: 0 | AT45: 97 | AU45: 51 | AV45: 1 | AW45: 1 | AZ45: 1 | BA45: 1 | BB45: 1 | BC45: 1 | BH45: 0 | BI45: 308.98 | BJ45: ТСН-2001 3.11-36-1, 3.11-36-1 | BM45: 311 | BN45: 0 | BO45: 3.11-36-1 | BP45: 1 | BQ45: 40 | BR45: 0 | BS45: 1 | BT45: 1 | BU45: 1 | BV45: 1 | BW45: 1 | BX45: 1 | BZ45: 97 | CA45: 51 | CE45: 30 | CF45: 0 | CG45: 0 | CM45: 0 | CO45: 0 | CP45: =ROUND(P45,2) | CQ45: =ROUND(V45,2) | CR45: =ROUND(W45,2) | CS45: =ROUND(X45,2) | CT45: =ROUND(Y45,2) | CU45: =ROUND(AF45,2) | CV45: =ROUND((AH45*AV45),2) | CW45: =ROUND(AI45,2) | CX45: =ROUND(AJ45,2) | CY45: =ROUND(((P45*AT45)/100),2) | CZ45: =ROUND(((P45*AU45)/100),2) | DB45: 43 | DD45: *0)*1 | DE45: *0,3)*1,1 | DF45: *0,3)*1,1 | DG45: *0,3)*1,1 | DI45: *0,3)*1,1 | DJ45: *0,3)*1,1 | DN45: 0 | DO45: 0 | DP45: 1 | DQ45: 1 | DU45: 1000 | DV45: 1 М2. | DW45: 1 М2. | DX45: 1 | EE45: 1358424629 | EF45: 40 | EG45: Строительные работы | EH45: 0 | EJ45: 308.975 | EK45: 311 | EL45: ТСН-2001 3.11-36-1 | EM45: ТСН-2001.3-11 | EQ45: 131072 | ER45: 6163.64 | ES45: 0 | ET45: 7122.43 | EU45: 684.85 | EV45: 4793.94 | EW45: 308.98 | EX45: 0 | EY45: 0 | FQ45: 0 | FR45: =ROUND(IF(BI45=3,GM45,0),2) | FS45: 0 | FX45: 97 | FY45: 51 | GD45: 1 | GF45: 1358424629 | GG45: 2 | GH45: 1 | GI45: 2 | GJ45: 0 | GK45: 0 | GL45: =ROUND(IF(AND(BH45=3,BI45=3,FS45<>0),P45,0),2) | GM45: =ROUND(O45+X45+Y45,2)+GX45 | GN45: =IF(OR(BI45=0,BI45=1),GM45-GX45,0) | GO45: =IF(BI45=2,GM45-GX45,0) | GP45: =IF(BI45=4,GM45-GX45,0) | GR45: 0 | GS45: 0 | GT45: 0 | GV45: =ROUND((GT45),6) | GW45: 1 | GX45: =ROUND(HC45*I45,2) | GY45: 0 | GZ45: 0 | HA45: 0 | HB45: 0 | HC45: =GV45*GW45 | HD45: 0
A46: 50 | B46: 1 | C46: 0 | D46: 1 | E46: 205 | F46: =ROUND(Source!S31,O46) | G46: ОЗП | H46: Основная ЗП рабочих | I46: 123.59 | J46: 51.61 | K46: 205 | L46: 10 | M46: 1 | O46: 2 | P46: =ROUND(Source!DK31,O46) | Q46: =ROUND(10.18,2) | R46: =ROUND(AH46,2) | S46: ТСН-2001 3.11-32-1 | T46: work | U46: 64936.99 | V46: 17927.4 | W46: 498680 | X46: 1 | Y46: 498680 | Z46: 5076539.9 | AA46: 1761.05 | AB46: 195.67 | AC46: 2034.99 | AD46: 1369.71 | AE46: work | AF46: 220.5 | AG46: 21.66 | AH46: 123.59 | AI46: =(((EX46*0.3)*1.1)) | AJ46: =(AS46) | AK46: 1761.05 | AL46: 0 | AM46: 2034.99 | AN46: 195.67 | AO46: =ROUND(O46,2) | AP46: 0 | AQ46: =ROUND(R46,2) | AR46: 0 | AS46: 0 | AT46: 97 | AU46: 51 | AV46: 1 | AW46: 1 | AZ46: 1 | BA46: 1 | BB46: 1 | BC46: 1 | BH46: 0 | BI46: 123.59 | BJ46: ТСН-2001 3.11-32-1, 3.11-32-1 | BM46: 311 | BN46: 0 | BO46: 3.11-32-1 | BP46: 1 | BQ46: 40 | BR46: 0 | BS46: 1 | BT46: 1 | BU46: 1 | BV46: 1 | BW46: 1 | BX46: 1 | BZ46: 97 | CA46: 51 | CE46: 30 | CF46: 0 | CG46: 0 | CM46: 0 | CO46: 0 | CP46: =ROUND(P46,2) | CQ46: =ROUND(V46,2) | CR46: =ROUND(W46,2) | CS46: =ROUND(X46,2) | CT46: =ROUND(Y46,2) | CU46: =ROUND(AF46,2) | CV46: =ROUND((AH46*AV46),2) | CW46: =ROUND(AI46,2) | CX46: =ROUND(AJ46,2) | CY46: =ROUND(((P46*AT46)/100),2) | CZ46: =ROUND(((P46*AU46)/100),2) | DB46: 45 | DD46: *0)*1 | DE46: *0,3)*1,1 | DF46: *0,3)*1,1 | DG46: *0,3)*1,1 | DI46: *0,3)*1,1 | DJ46: *0,3)*1,1 | DN46: 0 | DO46: 0 | DP46: 1 | DQ46: 1 | DU46: 1000 | DV46: 1 М2. | DW46: 1 М2. | DX46: 1 | EE46: 1347066123 | EF46: 40 | EG46: Строительные работы | EH46: 0 | EJ46: 123.59 | EK46: 311 | EL46: ТСН-2001 3.11-32-1 | EM46: ТСН-2001.3-11 | EQ46: 131072 | ER46: 1761.05 | ES46: 0 | ET46: 2034.99 | EU46: 195.67 | EV46: 1369.71 | EW46: 123.59 | EX46: 0 | EY46: 0 | FQ46: 0 | FR46: =ROUND(IF(BI46=3,GM46,0),2) | FS46: 0 | FX46: 97 | FY46: 51 | GD46: 1 | GF46: 1347066123 | GG46: 2 | GH46: 1 | GI46: 2 | GJ46: 0 | GK46: 0 | GL46: =ROUND(IF(AND(BH46=3,BI46=3,FS46<>0),P46,0),2) | GM46: =ROUND(O46+X46+Y46,2)+GX46 | GN46: =IF(OR(BI46=0,BI46=1),GM46-GX46,0) | GO46: =IF(BI46=2,GM46-GX46,0) | GP46: =IF(BI46=4,GM46-GX46,0) | GR46: 0 | GS46: 0 | GT46: 0 | GV46: =ROUND((GT46),6) | GW46: 1 | GX46: =ROUND(HC46*I46,2) | GY46: 0 | GZ46: 0 | HA46: 0 | HB46: 0 | HC46: =GV46*GW46 | HD46: 0
A47: 17 | B47: 1 | C47: =ROW(SmtRes!A24) | D47: =ROW(EtalonRes!A24) | E47: 1 | F47: 3.11-10-1 | G47: Локальная подготовка/стяжка под финишное покрытие | H47: 1 М2 | I47: 123.59 | J47: 51.61 | K47: 99596.61 | O47: =ROUND((Z47+AC47+AD47),2) | P47: =ROUND((U47+X47+Y47),2) | Q47: =ROUND(10.18,2) | R47: =ROUND(AH47,2) | S47: ТСН-2001 3.11-10-1 | T47: work | U47: 64936.99 | V47: 17927.39 | W47: 1991.93 | X47: 20716.1 | Y47: 13943.52 | Z47: 6378.87 | AA47: 1761.03 | AB47: 195.67 | AC47: 2034.97 | AD47: 1369.69 | AE47: work | AF47: 220.5 | AG47: 21.66 | AH47: 123.59 | AI47: =(((EX47*0.3)*1.1)) | AJ47: =(AS47) | AK47: 1761.03 | AL47: 0 | AM47: 2034.97 | AN47: 195.67 | AO47: =ROUND(O47,2) | AP47: 0 | AQ47: =ROUND(R47,2) | AR47: 0 | AS47: 0 | AT47: 97 | AU47: 51 | AV47: 1 | AW47: 1 | AZ47: 1 | BA47: 1 | BB47: 1 | BC47: 1 | BH47: 0 | BI47: 123.59 | BJ47: ТСН-2001 3.11-10-1, 3.11-10-1 | BM47: 311 | BN47: 0 | BO47: 3.11-10-1 | BP47: 1 | BQ47: 40 | BR47: 0 | BS47: 1 | BT47: 1 | BU47: 1 | BV47: 1 | BW47: 1 | BX47: 1 | BZ47: 97 | CA47: 51 | CE47: 30 | CF47: 0 | CG47: 0 | CM47: 0 | CO47: 0 | CP47: =ROUND(P47,2) | CQ47: =ROUND(V47,2) | CR47: =ROUND(W47,2) | CS47: =ROUND(X47,2) | CT47: =ROUND(Y47,2) | CU47: =ROUND(AF47,2) | CV47: =ROUND((AH47*AV47),2) | CW47: =ROUND(AI47,2) | CX47: =ROUND(AJ47,2) | CY47: =ROUND(((P47*AT47)/100),2) | CZ47: =ROUND(((P47*AU47)/100),2) | DB47: 47 | DD47: *0)*1 | DE47: *0,3)*1,1 | DF47: *0,3)*1,1 | DG47: *0,3)*1,1 | DI47: *0,3)*1,1 | DJ47: *0,3)*1,1 | DN47: 0 | DO47: 0 | DP47: 1 | DQ47: 1 | DU47: 1000 | DV47: 1 М2. | DW47: 1 М2. | DX47: 1 | EE47: 1147649035 | EF47: 40 | EG47: Строительные работы | EH47: 0 | EJ47: 123.59 | EK47: 311 | EL47: ТСН-2001 3.11-10-1 | EM47: ТСН-2001.3-11 | EQ47: 131072 | ER47: 1761.03 | ES47: 0 | ET47: 2034.97 | EU47: 195.67 | EV47: 1369.69 | EW47: 123.59 | EX47: 0 | EY47: 0 | FQ47: 0 | FR47: =ROUND(IF(BI47=3,GM47,0),2) | FS47: 0 | FX47: 97 | FY47: 51 | GD47: 1 | GF47: 1147649035 | GG47: 2 | GH47: 1 | GI47: 2 | GJ47: 0 | GK47: 0 | GL47: =ROUND(IF(AND(BH47=3,BI47=3,FS47<>0),P47,0),2) | GM47: =ROUND(O47+X47+Y47,2)+GX47 | GN47: =IF(OR(BI47=0,BI47=1),GM47-GX47,0) | GO47: =IF(BI47=2,GM47-GX47,0) | GP47: =IF(BI47=4,GM47-GX47,0) | GR47: 0 | GS47: 0 | GT47: 0 | GV47: =ROUND((GT47),6) | GW47: 1 | GX47: =ROUND(HC47*I47,2) | GY47: 0 | GZ47: 0 | HA47: 0 | HB47: 0 | HC47: =GV47*GW47 | HD47: 0
A48: 50 | B48: 1 | C48: 0 | D48: 1 | E48: 214 | F48: =ROUND(Source!AS31,O48) | G48: Строит | H48: Строительные работы с НР и СП | I48: 3317.24 | J48: 7.66 | K48: 214 | L48: 11 | M48: 1 | O48: 2 | P48: =ROUND(Source!EK31,O48) | Q48: =ROUND(10.18,2) | R48: =ROUND(AH48,2) | S48: ТСН-2001 3.15-165-1 | T48: work | U48: 258589.34 | V48: 69265 | W48: 87820960 | X48: 1 | Y48: 87820960 | Z48: 103394820 | AA48: 6804.03 | AB48: 756 | AC48: 7560.03 | AD48: 4838.42 | AE48: work | AF48: 851.97 | AG48: 83.69 | AH48: 3317.24 | AI48: =(((EX48*0.3)*1.1)) | AJ48: =(AS48) | AK48: 6804.03 | AL48: 0 | AM48: 7560.03 | AN48: 756 | AO48: =ROUND(O48,2) | AP48: 0 | AQ48: =ROUND(R48,2) | AR48: 0 | AS48: 0 | AT48: 97 | AU48: 51 | AV48: 1 | AW48: 1 | AZ48: 1 | BA48: 1 | BB48: 1 | BC48: 1 | BH48: 0 | BI48: 3317.24 | BJ48: ТСН-2001 3.15-165-1, 3.15-165-1 | BM48: 315 | BN48: 0 | BO48: 3.15-165-1 | BP48: 1 | BQ48: 40 | BR48: 0 | BS48: 1 | BT48: 1 | BU48: 1 | BV48: 1 | BW48: 1 | BX48: 1 | BZ48: 97 | CA48: 51 | CE48: 30 | CF48: 0 | CG48: 0 | CM48: 0 | CO48: 0 | CP48: =ROUND(P48,2) | CQ48: =ROUND(V48,2) | CR48: =ROUND(W48,2) | CS48: =ROUND(X48,2) | CT48: =ROUND(Y48,2) | CU48: =ROUND(AF48,2) | CV48: =ROUND((AH48*AV48),2) | CW48: =ROUND(AI48,2) | CX48: =ROUND(AJ48,2) | CY48: =ROUND(((P48*AT48)/100),2) | CZ48: =ROUND(((P48*AU48)/100),2) | DB48: 49 | DD48: *0)*1 | DE48: *0,3)*1,1 | DF48: *0,3)*1,1 | DG48: *0,3)*1,1 | DI48: *0,3)*1,1 | DJ48: *0,3)*1,1 | DN48: 0 | DO48: 0 | DP48: 1 | DQ48: 1 | DU48: 1000 | DV48: 1 М2. | DW48: 1 М2. | DX48: 1 | EE48: 1321753751 | EF48: 40 | EG48: Строительные работы | EH48: 0 | EJ48: 3317.24 | EK48: 315 | EL48: ТСН-2001 3.15-165-1 | EM48: ТСН-2001.3-15 | EQ48: 131072 | ER48: 6804.03 | ES48: 0 | ET48: 7560.03 | EU48: 756 | EV48: 4838.42 | EW48: 3317.24 | EX48: 0 | EY48: 0 | FQ48: 0 | FR48: =ROUND(IF(BI48=3,GM48,0),2) | FS48: 0 | FX48: 97 | FY48: 51 | GD48: 1 | GF48: 1321753751 | GG48: 2 | GH48: 1 | GI48: 2 | GJ48: 0 | GK48: 0 | GL48: =ROUND(IF(AND(BH48=3,BI48=3,FS48<>0),P48,0),2) | GM48: =ROUND(O48+X48+Y48,2)+GX48 | GN48: =IF(OR(BI48=0,BI48=1),GM48-GX48,0) | GO48: =IF(BI48=2,GM48-GX48,0) | GP48: =IF(BI48=4,GM48-GX48,0) | GR48: 0 | GS48: 0 | GT48: 0 | GV48: =ROUND((GT48),6) | GW48: 1 | GX48: =ROUND(HC48*I48,2) | GY48: 0 | GZ48: 0 | HA48: 0 | HB48: 0 | HC48: =GV48*GW48 | HD48: 0
A49: 50 | B49: 1 | C49: 0 | D49: 1 | E49: 215 | F49: =ROUND(Source!AT31,O49) | G49: Монтаж | H49: Монтажные работы с НР и СП | I49: 1160.97 | J49: 67.95 | K49: 215 | L49: 12 | M49: 1 | O49: 2 | P49: =ROUND(Source!EL31,O49) | Q49: =ROUND(10.18,2) | R49: =ROUND(AH49,2) | S49: ТСН-2001 6.61-1-3 | T49: work | U49: 803093.29 | V49: 215114.27 | W49: 1073930 | X49: 1 | Y49: 1073930 | Z49: 10932640 | AA49: 21131.07 | AB49: 2347.89 | AC49: 23478.97 | AD49: 15026.54 | AE49: work | AF49: 2645.89 | AG49: 259.91 | AH49: 1160.97 | AI49: =(((EX49*0.3)*1.1)) | AJ49: =(AS49) | AK49: 21131.07 | AL49: 0 | AM49: 23478.97 | AN49: 2347.89 | AO49: =ROUND(O49,2) | AP49: 0 | AQ49: =ROUND(R49,2) | AR49: 0 | AS49: 0 | AT49: 97 | AU49: 51 | AV49: 1 | AW49: 1 | AZ49: 1 | BA49: 1 | BB49: 1 | BC49: 1 | BH49: 0 | BI49: 1160.97 | BJ49: ТСН-2001 6.61-1-3, 6.61-1-3 | BM49: 661 | BN49: 0 | BO49: 6.61-1-3 | BP49: 1 | BQ49: 40 | BR49: 0 | BS49: 1 | BT49: 1 | BU49: 1 | BV49: 1 | BW49: 1 | BX49: 1 | BZ49: 97 | CA49: 51 | CE49: 30 | CF49: 0 | CG49: 0 | CM49: 0 | CO49: 0 | CP49: =ROUND(P49,2) | CQ49: =ROUND(V49,2) | CR49: =ROUND(W49,2) | CS49: =ROUND(X49,2) | CT49: =ROUND(Y49,2) | CU49: =ROUND(AF49,2) | CV49: =ROUND((AH49*AV49),2) | CW49: =ROUND(AI49,2) | CX49: =ROUND(AJ49,2) | CY49: =ROUND(((P49*AT49)/100),2) | CZ49: =ROUND(((P49*AU49)/100),2) | DB49: 51 | DD49: *0)*1 | DE49: *0,3)*1,1 | DF49: *0,3)*1,1 | DG49: *0,3)*1,1 | DI49: *0,3)*1,1 | DJ49: *0,3)*1,1 | DN49: 0 | DO49: 0 | DP49: 1 | DQ49: 1 | DU49: 1000 | DV49: 1 М2. | DW49: 1 М2. | DX49: 1 | EE49: 1215536929 | EF49: 40 | EG49: Строительные работы | EH49: 0 | EJ49: 1160.97 | EK49: 661 | EL49: ТСН-2001 6.61-1-3 | EM49: ТСН-2001.6-61 | EQ49: 131072 | ER49: 21131.07 | ES49: 0 | ET49: 23478.97 | EU49: 2347.89 | EV49: 15026.54 | EW49: 1160.97 | EX49: 0 | EY49: 0 | FQ49: 0 | FR49: =ROUND(IF(BI49=3,GM49,0),2) | FS49: 0 | FX49: 97 | FY49: 51 | GD49: 1 | GF49: 1215536929 | GG49: 2 | GH49: 1 | GI49: 2 | GJ49: 0 | GK49: 0 | GL49: =ROUND(IF(AND(BH49=3,BI49=3,FS49<>0),P49,0),2) | GM49: =ROUND(O49+X49+Y49,2)+GX49 | GN49: =IF(OR(BI49=0,BI49=1),GM49-GX49,0) | GO49: =IF(BI49=2,GM49-GX49,0) | GP49: =IF(BI49=4,GM49-GX49,0) | GR49: 0 | GS49: 0 | GT49: 0 | GV49: =ROUND((GT49),6) | GW49: 1 | GX49: =ROUND(HC49*I49,2) | GY49: 0 | GZ49: 0 | HA49: 0 | HB49: 0 | HC49: =GV49*GW49 | HD49: 0
A50: 50 | B50: 0 | C50: 0 | D50: 1 | E50: 217 | F50: =ROUND(Source!AU31,O50) | G50: Прочие | H50: Прочие работы с НР и СП | I50: 3317.24 | J50: 38.84 | K50: 217 | L50: 13 | M50: 1 | O50: 2 | P50: =ROUND(Source!EM31,O50) | Q50: =ROUND(10.18,2) | R50: =ROUND(AH50,2) | S50: ТСН-2001 3.15-103-1 | T50: work | U50: 1311572.8 | V50: 351314.13 | W50: 0 | X50: 1 | Y50: 0 | Z50: 0 | AA50: 34510.23 | AB50: 3834.47 | AC50: 38344.7 | AD50: 24540.61 | AE50: work | AF50: 4321.21 | AG50: 424.48 | AH50: 3317.24 | AI50: =(((EX50*0.3)*1.1)) | AJ50: =(AS50) | AK50: 34510.23 | AL50: 0 | AM50: 38344.7 | AN50: 3834.47 | AO50: =ROUND(O50,2) | AP50: 0 | AQ50: =ROUND(R50,2) | AR50: 0 | AS50: 0 | AT50: 97 | AU50: 51 | AV50: 1 | AW50: 1 | AZ50: 1 | BA50: 1 | BB50: 1 | BC50: 1 | BH50: 0 | BI50: 3317.24 | BJ50: ТСН-2001 3.15-103-1, 3.15-103-1 | BM50: 315 | BN50: 0 | BO50: 3.15-103-1 | BP50: 1 | BQ50: 40 | BR50: 0 | BS50: 1 | BT50: 1 | BU50: 1 | BV50: 1 | BW50: 1 | BX50: 1 | BZ50: 97 | CA50: 51 | CE50: 30 | CF50: 0 | CG50: 0 | CM50: 0 | CO50: 0 | CP50: =ROUND(P50,2) | CQ50: =ROUND(V50,2) | CR50: =ROUND(W50,2) | CS50: =ROUND(X50,2) | CT50: =ROUND(Y50,2) | CU50: =ROUND(AF50,2) | CV50: =ROUND((AH50*AV50),2) | CW50: =ROUND(AI50,2) | CX50: =ROUND(AJ50,2) | CY50: =ROUND(((P50*AT50)/100),2) | CZ50: =ROUND(((P50*AU50)/100),2) | DB50: 53 | DD50: *0)*1 | DE50: *0,3)*1,1 | DF50: *0,3)*1,1 | DG50: *0,3)*1,1 | DI50: *0,3)*1,1 | DJ50: *0,3)*1,1 | DN50: 0 | DO50: 0 | DP50: 1 | DQ50: 1 | DU50: 1000 | DV50: 1 М2. | DW50: 1 М2. | DX50: 1 | EE50: 1458527247 | EF50: 40 | EG50: Строительные работы | EH50: 0 | EJ50: 3317.24 | EK50: 315 | EL50: ТСН-2001 3.15-103-1 | EM50: ТСН-2001.3-15 | EQ50: 131072 | ER50: 34510.23 | ES50: 0 | ET50: 38344.7 | EU50: 3834.47 | EV50: 24540.61 | EW50: 3317.24 | EX50: 0 | EY50: 0 | FQ50: 0 | FR50: =ROUND(IF(BI50=3,GM50,0),2) | FS50: 0 | FX50: 97 | FY50: 51 | GD50: 1 | GF50: 1458527247 | GG50: 2 | GH50: 1 | GI50: 2 | GJ50: 0 | GK50: 0 | GL50: =ROUND(IF(AND(BH50=3,BI50=3,FS50<>0),P50,0),2) | GM50: =ROUND(O50+X50+Y50,2)+GX50 | GN50: =IF(OR(BI50=0,BI50=1),GM50-GX50,0) | GO50: =IF(BI50=2,GM50-GX50,0) | GP50: =IF(BI50=4,GM50-GX50,0) | GR50: 0 | GS50: 0 | GT50: 0 | GV50: =ROUND((GT50),6) | GW50: 1 | GX50: =ROUND(HC50*I50,2) | GY50: 0 | GZ50: 0 | HA50: 0 | HB50: 0 | HC50: =GV50*GW50 | HD50: 0
A51: 50 | B51: 0 | C51: 0 | D51: 1 | E51: 230 | F51: =ROUND(Source!BA31,O51) | G51: ПрочиеЗатр | H51: Прочие затраты по ТСН-2001.16 | I51: 164.1185 | J51: 84.34 | K51: 230 | L51: 14 | M51: 1 | O51: 2 | P51: =ROUND(Source!ES31,O51) | Q51: =ROUND(10.18,2) | R51: =ROUND(AH51,2) | S51: ТСН-2001 3.15-115-1 | T51: work | U51: 140916.12 | V51: 37745.38 | W51: 0 | X51: 1 | Y51: 0 | Z51: 0 | AA51: 3707.79 | AB51: 411.97 | AC51: 4119.77 | AD51: 2636.65 | AE51: work | AF51: 464.32 | AG51: 45.61 | AH51: 164.12 | AI51: =(((EX51*0.3)*1.1)) | AJ51: =(AS51) | AK51: 3707.79 | AL51: 0 | AM51: 4119.77 | AN51: 411.97 | AO51: =ROUND(O51,2) | AP51: 0 | AQ51: =ROUND(R51,2) | AR51: 0 | AS51: 0 | AT51: 97 | AU51: 51 | AV51: 1 | AW51: 1 | AZ51: 1 | BA51: 1 | BB51: 1 | BC51: 1 | BH51: 0 | BI51: 164.12 | BJ51: ТСН-2001 3.15-115-1, 3.15-115-1 | BM51: 315 | BN51: 0 | BO51: 3.15-115-1 | BP51: 1 | BQ51: 40 | BR51: 0 | BS51: 1 | BT51: 1 | BU51: 1 | BV51: 1 | BW51: 1 | BX51: 1 | BZ51: 97 | CA51: 51 | CE51: 30 | CF51: 0 | CG51: 0 | CM51: 0 | CO51: 0 | CP51: =ROUND(P51,2) | CQ51: =ROUND(V51,2) | CR51: =ROUND(W51,2) | CS51: =ROUND(X51,2) | CT51: =ROUND(Y51,2) | CU51: =ROUND(AF51,2) | CV51: =ROUND((AH51*AV51),2) | CW51: =ROUND(AI51,2) | CX51: =ROUND(AJ51,2) | CY51: =ROUND(((P51*AT51)/100),2) | CZ51: =ROUND(((P51*AU51)/100),2) | DB51: 55 | DD51: *0)*1 | DE51: *0,3)*1,1 | DF51: *0,3)*1,1 | DG51: *0,3)*1,1 | DI51: *0,3)*1,1 | DJ51: *0,3)*1,1 | DN51: 0 | DO51: 0 | DP51: 1 | DQ51: 1 | DU51: 1000 | DV51: 1 М2. | DW51: 1 М2. | DX51: 1 | EE51: 1191713937 | EF51: 40 | EG51: Строительные работы | EH51: 0 | EJ51: 164.1185 | EK51: 315 | EL51: ТСН-2001 3.15-115-1 | EM51: ТСН-2001.3-15 | EQ51: 131072 | ER51: 3707.79 | ES51: 0 | ET51: 4119.77 | EU51: 411.97 | EV51: 2636.65 | EW51: 164.12 | EX51: 0 | EY51: 0 | FQ51: 0 | FR51: =ROUND(IF(BI51=3,GM51,0),2) | FS51: 0 | FX51: 97 | FY51: 51 | GD51: 1 | GF51: 1191713937 | GG51: 2 | GH51: 1 | GI51: 2 | GJ51: 0 | GK51: 0 | GL51: =ROUND(IF(AND(BH51=3,BI51=3,FS51<>0),P51,0),2) | GM51: =ROUND(O51+X51+Y51,2)+GX51 | GN51: =IF(OR(BI51=0,BI51=1),GM51-GX51,0) | GO51: =IF(BI51=2,GM51-GX51,0) | GP51: =IF(BI51=4,GM51-GX51,0) | GR51: 0 | GS51: 0 | GT51: 0 | GV51: =ROUND((GT51),6) | GW51: 1 | GX51: =ROUND(HC51*I51,2) | GY51: 0 | GZ51: 0 | HA51: 0 | HB51: 0 | HC51: =GV51*GW51 | HD51: 0
A52: 17 | B52: 1 | C52: =ROW(SmtRes!A29) | D52: =ROW(EtalonRes!A29) | E52: 1 | F52: 3.15-140-1 | G52: Оклейка стеклообоями/армирующим декоративным покрытием | H52: 1 М2 | I52: 117.2275 | J52: 84.34 | K52: 149783.29 | O52: =ROUND((Z52+AC52+AD52),2) | P52: =ROUND((U52+X52+Y52),2) | Q52: =ROUND(10.18,2) | R52: =ROUND(AH52,2) | S52: ТСН-2001 3.15-140-1 | T52: work | U52: 100654.37 | V52: 26960.99 | W52: 2995.67 | X52: 29956.66 | Y52: 19172.26 | Z52: 9887.46 | AA52: 2648.43 | AB52: 294.27 | AC52: 2942.7 | AD52: 1883.33 | AE52: work | AF52: 331.66 | AG52: 32.58 | AH52: 117.23 | AI52: =(((EX52*0.3)*1.1)) | AJ52: =(AS52) | AK52: 2648.43 | AL52: 0 | AM52: 2942.7 | AN52: 294.27 | AO52: =ROUND(O52,2) | AP52: 0 | AQ52: =ROUND(R52,2) | AR52: 0 | AS52: 0 | AT52: 97 | AU52: 51 | AV52: 1 | AW52: 1 | AZ52: 1 | BA52: 1 | BB52: 1 | BC52: 1 | BH52: 0 | BI52: 117.23 | BJ52: ТСН-2001 3.15-140-1, 3.15-140-1 | BM52: 315 | BN52: 0 | BO52: 3.15-140-1 | BP52: 1 | BQ52: 40 | BR52: 0 | BS52: 1 | BT52: 1 | BU52: 1 | BV52: 1 | BW52: 1 | BX52: 1 | BZ52: 97 | CA52: 51 | CE52: 30 | CF52: 0 | CG52: 0 | CM52: 0 | CO52: 0 | CP52: =ROUND(P52,2) | CQ52: =ROUND(V52,2) | CR52: =ROUND(W52,2) | CS52: =ROUND(X52,2) | CT52: =ROUND(Y52,2) | CU52: =ROUND(AF52,2) | CV52: =ROUND((AH52*AV52),2) | CW52: =ROUND(AI52,2) | CX52: =ROUND(AJ52,2) | CY52: =ROUND(((P52*AT52)/100),2) | CZ52: =ROUND(((P52*AU52)/100),2) | DB52: 57 | DD52: *0)*1 | DE52: *0,3)*1,1 | DF52: *0,3)*1,1 | DG52: *0,3)*1,1 | DI52: *0,3)*1,1 | DJ52: *0,3)*1,1 | DN52: 0 | DO52: 0 | DP52: 1 | DQ52: 1 | DU52: 1000 | DV52: 1 М2. | DW52: 1 М2. | DX52: 1 | EE52: 1201131272 | EF52: 40 | EG52: Строительные работы | EH52: 0 | EJ52: 117.2275 | EK52: 315 | EL52: ТСН-2001 3.15-140-1 | EM52: ТСН-2001.3-15 | EQ52: 131072 | ER52: 2648.43 | ES52: 0 | ET52: 2942.7 | EU52: 294.27 | EV52: 1883.33 | EW52: 117.23 | EX52: 0 | EY52: 0 | FQ52: 0 | FR52: =ROUND(IF(BI52=3,GM52,0),2) | FS52: 0 | FX52: 97 | FY52: 51 | GD52: 1 | GF52: 1201131272 | GG52: 2 | GH52: 1 | GI52: 2 | GJ52: 0 | GK52: 0 | GL52: =ROUND(IF(AND(BH52=3,BI52=3,FS52<>0),P52,0),2) | GM52: =ROUND(O52+X52+Y52,2)+GX52 | GN52: =IF(OR(BI52=0,BI52=1),GM52-GX52,0) | GO52: =IF(BI52=2,GM52-GX52,0) | GP52: =IF(BI52=4,GM52-GX52,0) | GR52: 0 | GS52: 0 | GT52: 0 | GV52: =ROUND((GT52),6) | GW52: 1 | GX52: =ROUND(HC52*I52,2) | GY52: 0 | GZ52: 0 | HA52: 0 | HB52: 0 | HC52: =GV52*GW52 | HD52: 0
A53: 17 | B53: 1 | C53: =ROW(SmtRes!A30) | D53: =ROW(EtalonRes!A30) | E53: 1 | F53: 3.15-149-1 | G53: Облицовка защитных участков стен плиткой на клее | H53: 1 М2 | I53: 93.782 | J53: 84.34 | K53: 119826.63 | O53: =ROUND((Z53+AC53+AD53),2) | P53: =ROUND((U53+X53+Y53),2) | Q53: =ROUND(10.18,2) | R53: =ROUND(AH53,2) | S53: ТСН-2001 3.15-149-1 | T53: work | U53: 80523.5 | V53: 21568.79 | W53: 2396.54 | X53: 23965.33 | Y53: 15337.81 | Z53: 7909.97 | AA53: 2118.75 | AB53: 235.41 | AC53: 2354.17 | AD53: 1506.67 | AE53: work | AF53: 265.3 | AG53: 26.06 | AH53: 93.78 | AI53: =(((EX53*0.3)*1.1)) | AJ53: =(AS53) | AK53: 2118.75 | AL53: 0 | AM53: 2354.17 | AN53: 235.41 | AO53: =ROUND(O53,2) | AP53: 0 | AQ53: =ROUND(R53,2) | AR53: 0 | AS53: 0 | AT53: 97 | AU53: 51 | AV53: 1 | AW53: 1 | AZ53: 1 | BA53: 1 | BB53: 1 | BC53: 1 | BH53: 0 | BI53: 93.78 | BJ53: ТСН-2001 3.15-149-1, 3.15-149-1 | BM53: 315 | BN53: 0 | BO53: 3.15-149-1 | BP53: 1 | BQ53: 40 | BR53: 0 | BS53: 1 | BT53: 1 | BU53: 1 | BV53: 1 | BW53: 1 | BX53: 1 | BZ53: 97 | CA53: 51 | CE53: 30 | CF53: 0 | CG53: 0 | CM53: 0 | CO53: 0 | CP53: =ROUND(P53,2) | CQ53: =ROUND(V53,2) | CR53: =ROUND(W53,2) | CS53: =ROUND(X53,2) | CT53: =ROUND(Y53,2) | CU53: =ROUND(AF53,2) | CV53: =ROUND((AH53*AV53),2) | CW53: =ROUND(AI53,2) | CX53: =ROUND(AJ53,2) | CY53: =ROUND(((P53*AT53)/100),2) | CZ53: =ROUND(((P53*AU53)/100),2) | DB53: 59 | DD53: *0)*1 | DE53: *0,3)*1,1 | DF53: *0,3)*1,1 | DG53: *0,3)*1,1 | DI53: *0,3)*1,1 | DJ53: *0,3)*1,1 | DN53: 0 | DO53: 0 | DP53: 1 | DQ53: 1 | DU53: 1000 | DV53: 1 М2. | DW53: 1 М2. | DX53: 1 | EE53: 1641355090 | EF53: 40 | EG53: Строительные работы | EH53: 0 | EJ53: 93.782 | EK53: 315 | EL53: ТСН-2001 3.15-149-1 | EM53: ТСН-2001.3-15 | EQ53: 131072 | ER53: 2118.75 | ES53: 0 | ET53: 2354.17 | EU53: 235.41 | EV53: 1506.67 | EW53: 93.78 | EX53: 0 | EY53: 0 | FQ53: 0 | FR53: =ROUND(IF(BI53=3,GM53,0),2) | FS53: 0 | FX53: 97 | FY53: 51 | GD53: 1 | GF53: 1641355090 | GG53: 2 | GH53: 1 | GI53: 2 | GJ53: 0 | GK53: 0 | GL53: =ROUND(IF(AND(BH53=3,BI53=3,FS53<>0),P53,0),2) | GM53: =ROUND(O53+X53+Y53,2)+GX53 | GN53: =IF(OR(BI53=0,BI53=1),GM53-GX53,0) | GO53: =IF(BI53=2,GM53-GX53,0) | GP53: =IF(BI53=4,GM53-GX53,0) | GR53: 0 | GS53: 0 | GT53: 0 | GV53: =ROUND((GT53),6) | GW53: 1 | GX53: =ROUND(HC53*I53,2) | GY53: 0 | GZ53: 0 | HA53: 0 | HB53: 0 | HC53: =GV53*GW53 | HD53: 0
A54: 17 | B54: 1 | C54: =ROW(SmtRes!A31) | D54: =ROW(EtalonRes!A31) | E54: 1 | F54: 3.15-71-1 | G54: Листовые панели/подоснова под декоративную отделку | H54: 1 М2 | I54: 93.782 | J54: 84.34 | K54: 119826.62 | O54: =ROUND((Z54+AC54+AD54),2) | P54: =ROUND((U54+X54+Y54),2) | Q54: =ROUND(10.18,2) | R54: =ROUND(AH54,2) | S54: ТСН-2001 3.15-71-1 | T54: work | U54: 80523.49 | V54: 21568.79 | W54: 2396.52 | X54: 23965.32 | Y54: 15337.81 | Z54: 7909.98 | AA54: 2118.73 | AB54: 235.41 | AC54: 2354.14 | AD54: 1506.65 | AE54: work | AF54: 265.3 | AG54: 26.06 | AH54: 93.78 | AI54: =(((EX54*0.3)*1.1)) | AJ54: =(AS54) | AK54: 2118.73 | AL54: 0 | AM54: 2354.14 | AN54: 235.41 | AO54: =ROUND(O54,2) | AP54: 0 | AQ54: =ROUND(R54,2) | AR54: 0 | AS54: 0 | AT54: 97 | AU54: 51 | AV54: 1 | AW54: 1 | AZ54: 1 | BA54: 1 | BB54: 1 | BC54: 1 | BH54: 0 | BI54: 93.78 | BJ54: ТСН-2001 3.15-71-1, 3.15-71-1 | BM54: 315 | BN54: 0 | BO54: 3.15-71-1 | BP54: 1 | BQ54: 40 | BR54: 0 | BS54: 1 | BT54: 1 | BU54: 1 | BV54: 1 | BW54: 1 | BX54: 1 | BZ54: 97 | CA54: 51 | CE54: 30 | CF54: 0 | CG54: 0 | CM54: 0 | CO54: 0 | CP54: =ROUND(P54,2) | CQ54: =ROUND(V54,2) | CR54: =ROUND(W54,2) | CS54: =ROUND(X54,2) | CT54: =ROUND(Y54,2) | CU54: =ROUND(AF54,2) | CV54: =ROUND((AH54*AV54),2) | CW54: =ROUND(AI54,2) | CX54: =ROUND(AJ54,2) | CY54: =ROUND(((P54*AT54)/100),2) | CZ54: =ROUND(((P54*AU54)/100),2) | DB54: 61 | DD54: *0)*1 | DE54: *0,3)*1,1 | DF54: *0,3)*1,1 | DG54: *0,3)*1,1 | DI54: *0,3)*1,1 | DJ54: *0,3)*1,1 | DN54: 0 | DO54: 0 | DP54: 1 | DQ54: 1 | DU54: 1000 | DV54: 1 М2. | DW54: 1 М2. | DX54: 1 | EE54: 1434134734 | EF54: 40 | EG54: Строительные работы | EH54: 0 | EJ54: 93.782 | EK54: 315 | EL54: ТСН-2001 3.15-71-1 | EM54: ТСН-2001.3-15 | EQ54: 131072 | ER54: 2118.73 | ES54: 0 | ET54: 2354.14 | EU54: 235.41 | EV54: 1506.65 | EW54: 93.78 | EX54: 0 | EY54: 0 | FQ54: 0 | FR54: =ROUND(IF(BI54=3,GM54,0),2) | FS54: 0 | FX54: 97 | FY54: 51 | GD54: 1 | GF54: 1434134734 | GG54: 2 | GH54: 1 | GI54: 2 | GJ54: 0 | GK54: 0 | GL54: =ROUND(IF(AND(BH54=3,BI54=3,FS54<>0),P54,0),2) | GM54: =ROUND(O54+X54+Y54,2)+GX54 | GN54: =IF(OR(BI54=0,BI54=1),GM54-GX54,0) | GO54: =IF(BI54=2,GM54-GX54,0) | GP54: =IF(BI54=4,GM54-GX54,0) | GR54: 0 | GS54: 0 | GT54: 0 | GV54: =ROUND((GT54),6) | GW54: 1 | GX54: =ROUND(HC54*I54,2) | GY54: 0 | GZ54: 0 | HA54: 0 | HB54: 0 | HC54: =GV54*GW54 | HD54: 0
A55: 18 | B55: 1 | C55: =ROW(SmtRes!A32) | D55: =ROW(EtalonRes!A32) | E55: 2.1 | F55: PETR-159606 | G55: Декоративная отделка стен: панели/молдинги/обои и клеи | H55: м2 | I55: 154.11 | J55: 3122.36 | K55: 481187.16 | O55: =ROUND(Z55,2) | P55: =ROUND(U55,2) | Q55: =ROUND(1,2) | R55: =ROUND(AH55,2) | S55: PETR-159606 | T55: material | U55: 481187.16 | V55: 0 | W55: 0 | X55: 0 | Y55: 0 | Z55: 481186.9 | AA55: 0 | AB55: 0 | AC55: 0 | AD55: 0 | AE55: material | AF55: 0 | AG55: 0 | AH55: 0 | AI55: =(EX55) | AJ55: =(AS55) | AK55: 0 | AL55: 0 | AM55: 0 | AN55: 0 | AO55: =ROUND(O55,2) | AP55: 0 | AQ55: =ROUND(R55,2) | AR55: 0 | AS55: 0 | AT55: 0 | AU55: 0 | AV55: 1 | AW55: 1 | AZ55: 1 | BA55: 0 | BB55: 0 | BC55: 1 | BH55: 3 | BI55: 154.11 | BM55: 400002 | BN55: 0 | BP55: 0 | BQ55: 202 | BR55: 0 | BS55: 1 | BT55: 1 | BU55: 1 | BV55: 1 | BW55: 1 | BX55: 1 | BZ55: 0 | CA55: 0 | CE55: 30 | CF55: 0 | CG55: 0 | CM55: 0 | CO55: 0 | CP55: =ROUND(P55,2) | CQ55: =ROUND(V55,2) | CR55: =ROUND(W55,2) | CS55: =ROUND(X55,2) | CT55: =ROUND(Y55,2) | CU55: =ROUND(AF55,2) | CV55: =ROUND((AH55*AV55),2) | CW55: =ROUND(AI55,2) | CX55: =ROUND(AJ55,2) | CY55: =ROUND(((P55*AT55)/100),2) | CZ55: =ROUND(((P55*AU55)/100),2) | DN55: 0 | DO55: 0 | DP55: 1 | DQ55: 1 | DU55: 1000 | DV55: м2 | DW55: м2 | DX55: 1 | EE55: 1068515415 | EF55: 202 | EG55: Материалы | EH55: 0 | EJ55: 154.11 | EK55: 0 | EL55: ТКП / коммерческое предложение | EM55: PETR-159606 | EQ55: 0 | ER55: 3122.36 | ES55: 0 | ET55: 0 | EU55: 0 | EV55: 0 | EW55: 0 | EX55: 0 | EY55: 0 | FQ55: 0 | FR55: =ROUND(IF(BI55=3,GM55,0),2) | FS55: 0 | FX55: 0 | FY55: 0 | GA55: [82 / 1,20 / 1] + 2% Заг.скл | GD55: 1 | GF55: 1068515415 | GG55: 2 | GH55: 4 | GI55: -2 | GJ55: 0 | GK55: 0 | GL55: =ROUND(IF(AND(BH55=3,BI55=3,FS55<>0),P55,0),2) | GM55: =ROUND(O55+X55+Y55,2)+GX55 | GN55: =IF(OR(BI55=0,BI55=1),GM55-GX55,0) | GO55: =IF(BI55=2,GM55-GX55,0) | GP55: =IF(BI55=4,GM55-GX55,0) | GR55: 0 | GS55: 2 | GT55: 0 | GV55: =ROUND((GT55),6) | GW55: 1 | GX55: =ROUND(HC55*I55,2) | GY55: 0 | GZ55: 0 | HA55: 0 | HB55: 0 | HC55: =GV55*GW55 | HD55: 0
A56: 17 | B56: 1 | C56: =ROW(SmtRes!A33) | D56: =ROW(EtalonRes!A33) | E56: 1 | F56: 3.15-96-3 | G56: Окраска стен в два слоя | H56: 1 М2 | I56: 2854.52 | J56: 34.31 | K56: 1483827.3 | O56: =ROUND((Z56+AC56+AD56),2) | P56: =ROUND((U56+X56+Y56),2) | Q56: =ROUND(10.18,2) | R56: =ROUND(AH56,2) | S56: ТСН-2001 3.15-96-3 | T56: work | U56: 997131.97 | V56: 267088.91 | W56: 29676.54 | X56: 296765.46 | Y56: 189929.89 | Z56: 97950.09 | AA56: 26236.64 | AB56: 2915.18 | AC56: 29151.82 | AD56: 18657.17 | AE56: work | AF56: 3285.19 | AG56: 322.71 | AH56: 2854.52 | AI56: =(((EX56*0.3)*1.1)) | AJ56: =(AS56) | AK56: 26236.64 | AL56: 0 | AM56: 29151.82 | AN56: 2915.18 | AO56: =ROUND(O56,2) | AP56: 0 | AQ56: =ROUND(R56,2) | AR56: 0 | AS56: 0 | AT56: 97 | AU56: 51 | AV56: 1 | AW56: 1 | AZ56: 1 | BA56: 1 | BB56: 1 | BC56: 1 | BH56: 0 | BI56: 2854.52 | BJ56: ТСН-2001 3.15-96-3, 3.15-96-3 | BM56: 315 | BN56: 0 | BO56: 3.15-96-3 | BP56: 1 | BQ56: 40 | BR56: 0 | BS56: 1 | BT56: 1 | BU56: 1 | BV56: 1 | BW56: 1 | BX56: 1 | BZ56: 97 | CA56: 51 | CE56: 30 | CF56: 0 | CG56: 0 | CM56: 0 | CO56: 0 | CP56: =ROUND(P56,2) | CQ56: =ROUND(V56,2) | CR56: =ROUND(W56,2) | CS56: =ROUND(X56,2) | CT56: =ROUND(Y56,2) | CU56: =ROUND(AF56,2) | CV56: =ROUND((AH56*AV56),2) | CW56: =ROUND(AI56,2) | CX56: =ROUND(AJ56,2) | CY56: =ROUND(((P56*AT56)/100),2) | CZ56: =ROUND(((P56*AU56)/100),2) | DB56: 63 | DD56: *0)*1 | DE56: *0,3)*1,1 | DF56: *0,3)*1,1 | DG56: *0,3)*1,1 | DI56: *0,3)*1,1 | DJ56: *0,3)*1,1 | DN56: 0 | DO56: 0 | DP56: 1 | DQ56: 1 | DU56: 1000 | DV56: 1 М2. | DW56: 1 М2. | DX56: 1 | EE56: 1562602515 | EF56: 40 | EG56: Строительные работы | EH56: 0 | EJ56: 2854.52 | EK56: 315 | EL56: ТСН-2001 3.15-96-3 | EM56: ТСН-2001.3-15 | EQ56: 131072 | ER56: 26236.64 | ES56: 0 | ET56: 29151.82 | EU56: 2915.18 | EV56: 18657.17 | EW56: 2854.52 | EX56: 0 | EY56: 0 | FQ56: 0 | FR56: =ROUND(IF(BI56=3,GM56,0),2) | FS56: 0 | FX56: 97 | FY56: 51 | GD56: 1 | GF56: 1562602515 | GG56: 2 | GH56: 1 | GI56: 2 | GJ56: 0 | GK56: 0 | GL56: =ROUND(IF(AND(BH56=3,BI56=3,FS56<>0),P56,0),2) | GM56: =ROUND(O56+X56+Y56,2)+GX56 | GN56: =IF(OR(BI56=0,BI56=1),GM56-GX56,0) | GO56: =IF(BI56=2,GM56-GX56,0) | GP56: =IF(BI56=4,GM56-GX56,0) | GR56: 0 | GS56: 0 | GT56: 0 | GV56: =ROUND((GT56),6) | GW56: 1 | GX56: =ROUND(HC56*I56,2) | GY56: 0 | GZ56: 0 | HA56: 0 | HB56: 0 | HC56: =GV56*GW56 | HD56: 0
A57: 17 | B57: 1 | C57: =ROW(SmtRes!A34) | D57: =ROW(EtalonRes!A34) | E57: 1 | F57: 3.15-165-1 | G57: Грунтование и подготовка потолочного основания | H57: 1 М2 | I57: 1440.5 | J57: 7.61 | K57: 166086.89 | O57: =ROUND((Z57+AC57+AD57),2) | P57: =ROUND((U57+X57+Y57),2) | Q57: =ROUND(10.18,2) | R57: =ROUND(AH57,2) | S57: ТСН-2001 3.15-165-1 | T57: work | U57: 111610.39 | V57: 29895.64 | W57: 3321.74 | X57: 33217.38 | Y57: 21259.12 | Z57: 10963.69 | AA57: 2936.7 | AB57: 326.3 | AC57: 3263 | AD57: 2088.32 | AE57: work | AF57: 367.7 | AG57: 36.12 | AH57: 1440.5 | AI57: =(((EX57*0.3)*1.1)) | AJ57: =(AS57) | AK57: 2936.7 | AL57: 0 | AM57: 3263 | AN57: 326.3 | AO57: =ROUND(O57,2) | AP57: 0 | AQ57: =ROUND(R57,2) | AR57: 0 | AS57: 0 | AT57: 97 | AU57: 51 | AV57: 1 | AW57: 1 | AZ57: 1 | BA57: 1 | BB57: 1 | BC57: 1 | BH57: 0 | BI57: 1440.5 | BJ57: ТСН-2001 3.15-165-1, 3.15-165-1 | BM57: 315 | BN57: 0 | BO57: 3.15-165-1 | BP57: 1 | BQ57: 40 | BR57: 0 | BS57: 1 | BT57: 1 | BU57: 1 | BV57: 1 | BW57: 1 | BX57: 1 | BZ57: 97 | CA57: 51 | CE57: 30 | CF57: 0 | CG57: 0 | CM57: 0 | CO57: 0 | CP57: =ROUND(P57,2) | CQ57: =ROUND(V57,2) | CR57: =ROUND(W57,2) | CS57: =ROUND(X57,2) | CT57: =ROUND(Y57,2) | CU57: =ROUND(AF57,2) | CV57: =ROUND((AH57*AV57),2) | CW57: =ROUND(AI57,2) | CX57: =ROUND(AJ57,2) | CY57: =ROUND(((P57*AT57)/100),2) | CZ57: =ROUND(((P57*AU57)/100),2) | DB57: 65 | DD57: *0)*1 | DE57: *0,3)*1,1 | DF57: *0,3)*1,1 | DG57: *0,3)*1,1 | DI57: *0,3)*1,1 | DJ57: *0,3)*1,1 | DN57: 0 | DO57: 0 | DP57: 1 | DQ57: 1 | DU57: 1000 | DV57: 1 М2. | DW57: 1 М2. | DX57: 1 | EE57: 1142688733 | EF57: 40 | EG57: Строительные работы | EH57: 0 | EJ57: 1440.5 | EK57: 315 | EL57: ТСН-2001 3.15-165-1 | EM57: ТСН-2001.3-15 | EQ57: 131072 | ER57: 2936.7 | ES57: 0 | ET57: 3263 | EU57: 326.3 | EV57: 2088.32 | EW57: 1440.5 | EX57: 0 | EY57: 0 | FQ57: 0 | FR57: =ROUND(IF(BI57=3,GM57,0),2) | FS57: 0 | FX57: 97 | FY57: 51 | GD57: 1 | GF57: 1142688733 | GG57: 2 | GH57: 1 | GI57: 2 | GJ57: 0 | GK57: 0 | GL57: =ROUND(IF(AND(BH57=3,BI57=3,FS57<>0),P57,0),2) | GM57: =ROUND(O57+X57+Y57,2)+GX57 | GN57: =IF(OR(BI57=0,BI57=1),GM57-GX57,0) | GO57: =IF(BI57=2,GM57-GX57,0) | GP57: =IF(BI57=4,GM57-GX57,0) | GR57: 0 | GS57: 0 | GT57: 0 | GV57: =ROUND((GT57),6) | GW57: 1 | GX57: =ROUND(HC57*I57,2) | GY57: 0 | GZ57: 0 | HA57: 0 | HB57: 0 | HC57: =GV57*GW57 | HD57: 0
A58: 17 | B58: 1 | C58: =ROW(SmtRes!A35) | D58: =ROW(EtalonRes!A35) | E58: 1 | F58: 3.15-29-1 | G58: Монтаж акустической прокладки/акустических элементов | H58: 1 М2 | I58: 189.27 | J58: 56.55 | K58: 162136.05 | O58: =ROUND((Z58+AC58+AD58),2) | P58: =ROUND((U58+X58+Y58),2) | Q58: =ROUND(10.18,2) | R58: =ROUND(AH58,2) | S58: ТСН-2001 3.15-29-1 | T58: work | U58: 108955.42 | V58: 29184.49 | W58: 3242.72 | X58: 32427.21 | Y58: 20753.41 | Z58: 10702.89 | AA58: 2866.84 | AB58: 318.54 | AC58: 3185.38 | AD58: 2038.64 | AE58: work | AF58: 358.94 | AG58: 35.26 | AH58: 189.27 | AI58: =(((EX58*0.3)*1.1)) | AJ58: =(AS58) | AK58: 2866.84 | AL58: 0 | AM58: 3185.38 | AN58: 318.54 | AO58: =ROUND(O58,2) | AP58: 0 | AQ58: =ROUND(R58,2) | AR58: 0 | AS58: 0 | AT58: 97 | AU58: 51 | AV58: 1 | AW58: 1 | AZ58: 1 | BA58: 1 | BB58: 1 | BC58: 1 | BH58: 0 | BI58: 189.27 | BJ58: ТСН-2001 3.15-29-1, 3.15-29-1 | BM58: 315 | BN58: 0 | BO58: 3.15-29-1 | BP58: 1 | BQ58: 40 | BR58: 0 | BS58: 1 | BT58: 1 | BU58: 1 | BV58: 1 | BW58: 1 | BX58: 1 | BZ58: 97 | CA58: 51 | CE58: 30 | CF58: 0 | CG58: 0 | CM58: 0 | CO58: 0 | CP58: =ROUND(P58,2) | CQ58: =ROUND(V58,2) | CR58: =ROUND(W58,2) | CS58: =ROUND(X58,2) | CT58: =ROUND(Y58,2) | CU58: =ROUND(AF58,2) | CV58: =ROUND((AH58*AV58),2) | CW58: =ROUND(AI58,2) | CX58: =ROUND(AJ58,2) | CY58: =ROUND(((P58*AT58)/100),2) | CZ58: =ROUND(((P58*AU58)/100),2) | DB58: 67 | DD58: *0)*1 | DE58: *0,3)*1,1 | DF58: *0,3)*1,1 | DG58: *0,3)*1,1 | DI58: *0,3)*1,1 | DJ58: *0,3)*1,1 | DN58: 0 | DO58: 0 | DP58: 1 | DQ58: 1 | DU58: 1000 | DV58: 1 М2. | DW58: 1 М2. | DX58: 1 | EE58: 1760659978 | EF58: 40 | EG58: Строительные работы | EH58: 0 | EJ58: 189.27 | EK58: 315 | EL58: ТСН-2001 3.15-29-1 | EM58: ТСН-2001.3-15 | EQ58: 131072 | ER58: 2866.84 | ES58: 0 | ET58: 3185.38 | EU58: 318.54 | EV58: 2038.64 | EW58: 189.27 | EX58: 0 | EY58: 0 | FQ58: 0 | FR58: =ROUND(IF(BI58=3,GM58,0),2) | FS58: 0 | FX58: 97 | FY58: 51 | GD58: 1 | GF58: 1760659978 | GG58: 2 | GH58: 1 | GI58: 2 | GJ58: 0 | GK58: 0 | GL58: =ROUND(IF(AND(BH58=3,BI58=3,FS58<>0),P58,0),2) | GM58: =ROUND(O58+X58+Y58,2)+GX58 | GN58: =IF(OR(BI58=0,BI58=1),GM58-GX58,0) | GO58: =IF(BI58=2,GM58-GX58,0) | GP58: =IF(BI58=4,GM58-GX58,0) | GR58: 0 | GS58: 0 | GT58: 0 | GV58: =ROUND((GT58),6) | GW58: 1 | GX58: =ROUND(HC58*I58,2) | GY58: 0 | GZ58: 0 | HA58: 0 | HB58: 0 | HC58: =GV58*GW58 | HD58: 0
A59: 17 | B59: 1 | C59: =ROW(SmtRes!A36) | D59: =ROW(EtalonRes!A36) | E59: 1 | F59: 3.15-29-1 | G59: Устройство/ремонт модульного потолка Armstrong | H59: 1 М2 | I59: 731.3 | J59: 71.96 | K59: 797145.35 | O59: =ROUND((Z59+AC59+AD59),2) | P59: =ROUND((U59+X59+Y59),2) | Q59: =ROUND(10.18,2) | R59: =ROUND(AH59,2) | S59: ТСН-2001 3.15-29-1 | T59: work | U59: 535681.66 | V59: 143486.17 | W59: 15942.91 | X59: 159429.08 | Y59: 102034.61 | Z59: 52620.98 | AA59: 14094.91 | AB59: 1566.1 | AC59: 15661.01 | AD59: 10023.05 | AE59: work | AF59: 1764.91 | AG59: 173.37 | AH59: 731.3 | AI59: =(((EX59*0.3)*1.1)) | AJ59: =(AS59) | AK59: 14094.91 | AL59: 0 | AM59: 15661.01 | AN59: 1566.1 | AO59: =ROUND(O59,2) | AP59: 0 | AQ59: =ROUND(R59,2) | AR59: 0 | AS59: 0 | AT59: 97 | AU59: 51 | AV59: 1 | AW59: 1 | AZ59: 1 | BA59: 1 | BB59: 1 | BC59: 1 | BH59: 0 | BI59: 731.3 | BJ59: ТСН-2001 3.15-29-1, 3.15-29-1 | BM59: 315 | BN59: 0 | BO59: 3.15-29-1 | BP59: 1 | BQ59: 40 | BR59: 0 | BS59: 1 | BT59: 1 | BU59: 1 | BV59: 1 | BW59: 1 | BX59: 1 | BZ59: 97 | CA59: 51 | CE59: 30 | CF59: 0 | CG59: 0 | CM59: 0 | CO59: 0 | CP59: =ROUND(P59,2) | CQ59: =ROUND(V59,2) | CR59: =ROUND(W59,2) | CS59: =ROUND(X59,2) | CT59: =ROUND(Y59,2) | CU59: =ROUND(AF59,2) | CV59: =ROUND((AH59*AV59),2) | CW59: =ROUND(AI59,2) | CX59: =ROUND(AJ59,2) | CY59: =ROUND(((P59*AT59)/100),2) | CZ59: =ROUND(((P59*AU59)/100),2) | DB59: 69 | DD59: *0)*1 | DE59: *0,3)*1,1 | DF59: *0,3)*1,1 | DG59: *0,3)*1,1 | DI59: *0,3)*1,1 | DJ59: *0,3)*1,1 | DN59: 0 | DO59: 0 | DP59: 1 | DQ59: 1 | DU59: 1000 | DV59: 1 М2. | DW59: 1 М2. | DX59: 1 | EE59: 1718868927 | EF59: 40 | EG59: Строительные работы | EH59: 0 | EJ59: 731.3 | EK59: 315 | EL59: ТСН-2001 3.15-29-1 | EM59: ТСН-2001.3-15 | EQ59: 131072 | ER59: 14094.91 | ES59: 0 | ET59: 15661.01 | EU59: 1566.1 | EV59: 10023.05 | EW59: 731.3 | EX59: 0 | EY59: 0 | FQ59: 0 | FR59: =ROUND(IF(BI59=3,GM59,0),2) | FS59: 0 | FX59: 97 | FY59: 51 | GD59: 1 | GF59: 1718868927 | GG59: 2 | GH59: 1 | GI59: 2 | GJ59: 0 | GK59: 0 | GL59: =ROUND(IF(AND(BH59=3,BI59=3,FS59<>0),P59,0),2) | GM59: =ROUND(O59+X59+Y59,2)+GX59 | GN59: =IF(OR(BI59=0,BI59=1),GM59-GX59,0) | GO59: =IF(BI59=2,GM59-GX59,0) | GP59: =IF(BI59=4,GM59-GX59,0) | GR59: 0 | GS59: 0 | GT59: 0 | GV59: =ROUND((GT59),6) | GW59: 1 | GX59: =ROUND(HC59*I59,2) | GY59: 0 | GZ59: 0 | HA59: 0 | HB59: 0 | HC59: =GV59*GW59 | HD59: 0
A60: 17 | B60: 1 | C60: =ROW(SmtRes!A37) | D60: =ROW(EtalonRes!A37) | E60: 1 | F60: 6.56-35-1 | G60: Обрамление и усиление проходных проемов | H60: 1 КОМПЛ. | I60: 33 | J60: 79.12 | K60: 39201.25 | O60: =ROUND((Z60+AC60+AD60),2) | P60: =ROUND((U60+X60+Y60),2) | Q60: =ROUND(10.18,2) | R60: =ROUND(AH60,2) | S60: ТСН-2001 6.56-35-1 | T60: work | U60: 26578.45 | V60: 7056.23 | W60: 784.03 | X60: 7134.63 | Y60: 5488.18 | Z60: 2610.85 | AA60: 693.14 | AB60: 77.02 | AC60: 700.84 | AD60: 539.11 | AE60: work | AF60: 86.83 | AG60: 8.53 | AH60: 33 | AI60: =(((EX60*0.3)*1.1)) | AJ60: =(AS60) | AK60: 693.14 | AL60: 0 | AM60: 700.84 | AN60: 77.02 | AO60: =ROUND(O60,2) | AP60: 0 | AQ60: =ROUND(R60,2) | AR60: 0 | AS60: 0 | AT60: 97 | AU60: 51 | AV60: 1 | AW60: 1 | AZ60: 1 | BA60: 1 | BB60: 1 | BC60: 1 | BH60: 0 | BI60: 33 | BJ60: ТСН-2001 6.56-35-1, 6.56-35-1 | BM60: 656 | BN60: 0 | BO60: 6.56-35-1 | BP60: 1 | BQ60: 40 | BR60: 0 | BS60: 1 | BT60: 1 | BU60: 1 | BV60: 1 | BW60: 1 | BX60: 1 | BZ60: 97 | CA60: 51 | CE60: 30 | CF60: 0 | CG60: 0 | CM60: 0 | CO60: 0 | CP60: =ROUND(P60,2) | CQ60: =ROUND(V60,2) | CR60: =ROUND(W60,2) | CS60: =ROUND(X60,2) | CT60: =ROUND(Y60,2) | CU60: =ROUND(AF60,2) | CV60: =ROUND((AH60*AV60),2) | CW60: =ROUND(AI60,2) | CX60: =ROUND(AJ60,2) | CY60: =ROUND(((P60*AT60)/100),2) | CZ60: =ROUND(((P60*AU60)/100),2) | DB60: 71 | DD60: *0)*1 | DE60: *0,3)*1,1 | DF60: *0,3)*1,1 | DG60: *0,3)*1,1 | DI60: *0,3)*1,1 | DJ60: *0,3)*1,1 | DN60: 0 | DO60: 0 | DP60: 1 | DQ60: 1 | DU60: 1000 | DV60: 1 КОМПЛ.. | DW60: 1 КОМПЛ.. | DX60: 1 | EE60: 1377521487 | EF60: 40 | EG60: Строительные работы | EH60: 0 | EJ60: 33 | EK60: 656 | EL60: ТСН-2001 6.56-35-1 | EM60: ТСН-2001.6-56 | EQ60: 131072 | ER60: 693.14 | ES60: 0 | ET60: 700.84 | EU60: 77.02 | EV60: 539.11 | EW60: 33 | EX60: 0 | EY60: 0 | FQ60: 0 | FR60: =ROUND(IF(BI60=3,GM60,0),2) | FS60: 0 | FX60: 97 | FY60: 51 | GD60: 1 | GF60: 1377521487 | GG60: 2 | GH60: 1 | GI60: 2 | GJ60: 0 | GK60: 0 | GL60: =ROUND(IF(AND(BH60=3,BI60=3,FS60<>0),P60,0),2) | GM60: =ROUND(O60+X60+Y60,2)+GX60 | GN60: =IF(OR(BI60=0,BI60=1),GM60-GX60,0) | GO60: =IF(BI60=2,GM60-GX60,0) | GP60: =IF(BI60=4,GM60-GX60,0) | GR60: 0 | GS60: 0 | GT60: 0 | GV60: =ROUND((GT60),6) | GW60: 1 | GX60: =ROUND(HC60*I60,2) | GY60: 0 | GZ60: 0 | HA60: 0 | HB60: 0 | HC60: =GV60*GW60 | HD60: 0
A61: 17 | B61: 1 | C61: =ROW(SmtRes!A38) | D61: =ROW(EtalonRes!A38) | E61: 1 | F61: 6.56-21-1 | G61: Укрепление оконных и дверных коробок/проемов | H61: 1 КОМПЛ. | I61: 33 | J61: 65.93 | K61: 32667.71 | O61: =ROUND((Z61+AC61+AD61),2) | P61: =ROUND((U61+X61+Y61),2) | Q61: =ROUND(10.18,2) | R61: =ROUND(AH61,2) | S61: ТСН-2001 6.56-21-1 | T61: work | U61: 22148.71 | V61: 5880.19 | W61: 653.35 | X61: 5945.52 | Y61: 4573.48 | Z61: 2175.71 | AA61: 577.63 | AB61: 64.18 | AC61: 584.05 | AD61: 449.27 | AE61: work | AF61: 72.28 | AG61: 7.1 | AH61: 33 | AI61: =(((EX61*0.3)*1.1)) | AJ61: =(AS61) | AK61: 577.63 | AL61: 0 | AM61: 584.05 | AN61: 64.18 | AO61: =ROUND(O61,2) | AP61: 0 | AQ61: =ROUND(R61,2) | AR61: 0 | AS61: 0 | AT61: 97 | AU61: 51 | AV61: 1 | AW61: 1 | AZ61: 1 | BA61: 1 | BB61: 1 | BC61: 1 | BH61: 0 | BI61: 33 | BJ61: ТСН-2001 6.56-21-1, 6.56-21-1 | BM61: 656 | BN61: 0 | BO61: 6.56-21-1 | BP61: 1 | BQ61: 40 | BR61: 0 | BS61: 1 | BT61: 1 | BU61: 1 | BV61: 1 | BW61: 1 | BX61: 1 | BZ61: 97 | CA61: 51 | CE61: 30 | CF61: 0 | CG61: 0 | CM61: 0 | CO61: 0 | CP61: =ROUND(P61,2) | CQ61: =ROUND(V61,2) | CR61: =ROUND(W61,2) | CS61: =ROUND(X61,2) | CT61: =ROUND(Y61,2) | CU61: =ROUND(AF61,2) | CV61: =ROUND((AH61*AV61),2) | CW61: =ROUND(AI61,2) | CX61: =ROUND(AJ61,2) | CY61: =ROUND(((P61*AT61)/100),2) | CZ61: =ROUND(((P61*AU61)/100),2) | DB61: 73 | DD61: *0)*1 | DE61: *0,3)*1,1 | DF61: *0,3)*1,1 | DG61: *0,3)*1,1 | DI61: *0,3)*1,1 | DJ61: *0,3)*1,1 | DN61: 0 | DO61: 0 | DP61: 1 | DQ61: 1 | DU61: 1000 | DV61: 1 КОМПЛ.. | DW61: 1 КОМПЛ.. | DX61: 1 | EE61: 1295882543 | EF61: 40 | EG61: Строительные работы | EH61: 0 | EJ61: 33 | EK61: 656 | EL61: ТСН-2001 6.56-21-1 | EM61: ТСН-2001.6-56 | EQ61: 131072 | ER61: 577.63 | ES61: 0 | ET61: 584.05 | EU61: 64.18 | EV61: 449.27 | EW61: 33 | EX61: 0 | EY61: 0 | FQ61: 0 | FR61: =ROUND(IF(BI61=3,GM61,0),2) | FS61: 0 | FX61: 97 | FY61: 51 | GD61: 1 | GF61: 1295882543 | GG61: 2 | GH61: 1 | GI61: 2 | GJ61: 0 | GK61: 0 | GL61: =ROUND(IF(AND(BH61=3,BI61=3,FS61<>0),P61,0),2) | GM61: =ROUND(O61+X61+Y61,2)+GX61 | GN61: =IF(OR(BI61=0,BI61=1),GM61-GX61,0) | GO61: =IF(BI61=2,GM61-GX61,0) | GP61: =IF(BI61=4,GM61-GX61,0) | GR61: 0 | GS61: 0 | GT61: 0 | GV61: =ROUND((GT61),6) | GW61: 1 | GX61: =ROUND(HC61*I61,2) | GY61: 0 | GZ61: 0 | HA61: 0 | HB61: 0 | HC61: =GV61*GW61 | HD61: 0
A62: 17 | B62: 1 | C62: =ROW(SmtRes!A39) | D62: =ROW(EtalonRes!A39) | E62: 1 | F62: 6.56-27-1 | G62: Установка наличников и доборных элементов проемов | H62: 1 КОМПЛ. | I62: 33 | J62: 52.74 | K62: 26134.17 | O62: =ROUND((Z62+AC62+AD62),2) | P62: =ROUND((U62+X62+Y62),2) | Q62: =ROUND(10.18,2) | R62: =ROUND(AH62,2) | S62: ТСН-2001 6.56-27-1 | T62: work | U62: 17718.97 | V62: 4704.15 | W62: 522.68 | X62: 4756.42 | Y62: 3658.78 | Z62: 1740.57 | AA62: 462.1 | AB62: 51.34 | AC62: 467.23 | AD62: 359.41 | AE62: work | AF62: 57.83 | AG62: 5.68 | AH62: 33 | AI62: =(((EX62*0.3)*1.1)) | AJ62: =(AS62) | AK62: 462.1 | AL62: 0 | AM62: 467.23 | AN62: 51.34 | AO62: =ROUND(O62,2) | AP62: 0 | AQ62: =ROUND(R62,2) | AR62: 0 | AS62: 0 | AT62: 97 | AU62: 51 | AV62: 1 | AW62: 1 | AZ62: 1 | BA62: 1 | BB62: 1 | BC62: 1 | BH62: 0 | BI62: 33 | BJ62: ТСН-2001 6.56-27-1, 6.56-27-1 | BM62: 656 | BN62: 0 | BO62: 6.56-27-1 | BP62: 1 | BQ62: 40 | BR62: 0 | BS62: 1 | BT62: 1 | BU62: 1 | BV62: 1 | BW62: 1 | BX62: 1 | BZ62: 97 | CA62: 51 | CE62: 30 | CF62: 0 | CG62: 0 | CM62: 0 | CO62: 0 | CP62: =ROUND(P62,2) | CQ62: =ROUND(V62,2) | CR62: =ROUND(W62,2) | CS62: =ROUND(X62,2) | CT62: =ROUND(Y62,2) | CU62: =ROUND(AF62,2) | CV62: =ROUND((AH62*AV62),2) | CW62: =ROUND(AI62,2) | CX62: =ROUND(AJ62,2) | CY62: =ROUND(((P62*AT62)/100),2) | CZ62: =ROUND(((P62*AU62)/100),2) | DB62: 75 | DD62: *0)*1 | DE62: *0,3)*1,1 | DF62: *0,3)*1,1 | DG62: *0,3)*1,1 | DI62: *0,3)*1,1 | DJ62: *0,3)*1,1 | DN62: 0 | DO62: 0 | DP62: 1 | DQ62: 1 | DU62: 1000 | DV62: 1 КОМПЛ.. | DW62: 1 КОМПЛ.. | DX62: 1 | EE62: 1259743343 | EF62: 40 | EG62: Строительные работы | EH62: 0 | EJ62: 33 | EK62: 656 | EL62: ТСН-2001 6.56-27-1 | EM62: ТСН-2001.6-56 | EQ62: 131072 | ER62: 462.1 | ES62: 0 | ET62: 467.23 | EU62: 51.34 | EV62: 359.41 | EW62: 33 | EX62: 0 | EY62: 0 | FQ62: 0 | FR62: =ROUND(IF(BI62=3,GM62,0),2) | FS62: 0 | FX62: 97 | FY62: 51 | GD62: 1 | GF62: 1259743343 | GG62: 2 | GH62: 1 | GI62: 2 | GJ62: 0 | GK62: 0 | GL62: =ROUND(IF(AND(BH62=3,BI62=3,FS62<>0),P62,0),2) | GM62: =ROUND(O62+X62+Y62,2)+GX62 | GN62: =IF(OR(BI62=0,BI62=1),GM62-GX62,0) | GO62: =IF(BI62=2,GM62-GX62,0) | GP62: =IF(BI62=4,GM62-GX62,0) | GR62: 0 | GS62: 0 | GT62: 0 | GV62: =ROUND((GT62),6) | GW62: 1 | GX62: =ROUND(HC62*I62,2) | GY62: 0 | GZ62: 0 | HA62: 0 | HB62: 0 | HC62: =GV62*GW62 | HD62: 0
A63: 17 | B63: 1 | C63: =ROW(SmtRes!A40) | D63: =ROW(EtalonRes!A40) | E63: 1 | F63: 3.15-71-3 | G63: Отделка откосов и порталов листовыми материалами | H63: 1 КОМПЛ. | I63: 33 | J63: 39.56 | K63: 19600.63 | O63: =ROUND((Z63+AC63+AD63),2) | P63: =ROUND((U63+X63+Y63),2) | Q63: =ROUND(10.18,2) | R63: =ROUND(AH63,2) | S63: ТСН-2001 3.15-71-3 | T63: work | U63: 13289.23 | V63: 3528.11 | W63: 392.01 | X63: 3567.31 | Y63: 2744.09 | Z63: 1305.43 | AA63: 346.57 | AB63: 38.51 | AC63: 350.42 | AD63: 269.55 | AE63: work | AF63: 43.36 | AG63: 4.26 | AH63: 33 | AI63: =(((EX63*0.3)*1.1)) | AJ63: =(AS63) | AK63: 346.57 | AL63: 0 | AM63: 350.42 | AN63: 38.51 | AO63: =ROUND(O63,2) | AP63: 0 | AQ63: =ROUND(R63,2) | AR63: 0 | AS63: 0 | AT63: 97 | AU63: 51 | AV63: 1 | AW63: 1 | AZ63: 1 | BA63: 1 | BB63: 1 | BC63: 1 | BH63: 0 | BI63: 33 | BJ63: ТСН-2001 3.15-71-3, 3.15-71-3 | BM63: 315 | BN63: 0 | BO63: 3.15-71-3 | BP63: 1 | BQ63: 40 | BR63: 0 | BS63: 1 | BT63: 1 | BU63: 1 | BV63: 1 | BW63: 1 | BX63: 1 | BZ63: 97 | CA63: 51 | CE63: 30 | CF63: 0 | CG63: 0 | CM63: 0 | CO63: 0 | CP63: =ROUND(P63,2) | CQ63: =ROUND(V63,2) | CR63: =ROUND(W63,2) | CS63: =ROUND(X63,2) | CT63: =ROUND(Y63,2) | CU63: =ROUND(AF63,2) | CV63: =ROUND((AH63*AV63),2) | CW63: =ROUND(AI63,2) | CX63: =ROUND(AJ63,2) | CY63: =ROUND(((P63*AT63)/100),2) | CZ63: =ROUND(((P63*AU63)/100),2) | DB63: 77 | DD63: *0)*1 | DE63: *0,3)*1,1 | DF63: *0,3)*1,1 | DG63: *0,3)*1,1 | DI63: *0,3)*1,1 | DJ63: *0,3)*1,1 | DN63: 0 | DO63: 0 | DP63: 1 | DQ63: 1 | DU63: 1000 | DV63: 1 КОМПЛ.. | DW63: 1 КОМПЛ.. | DX63: 1 | EE63: 1843789775 | EF63: 40 | EG63: Строительные работы | EH63: 0 | EJ63: 33 | EK63: 315 | EL63: ТСН-2001 3.15-71-3 | EM63: ТСН-2001.3-15 | EQ63: 131072 | ER63: 346.57 | ES63: 0 | ET63: 350.42 | EU63: 38.51 | EV63: 269.55 | EW63: 33 | EX63: 0 | EY63: 0 | FQ63: 0 | FR63: =ROUND(IF(BI63=3,GM63,0),2) | FS63: 0 | FX63: 97 | FY63: 51 | GD63: 1 | GF63: 1843789775 | GG63: 2 | GH63: 1 | GI63: 2 | GJ63: 0 | GK63: 0 | GL63: =ROUND(IF(AND(BH63=3,BI63=3,FS63<>0),P63,0),2) | GM63: =ROUND(O63+X63+Y63,2)+GX63 | GN63: =IF(OR(BI63=0,BI63=1),GM63-GX63,0) | GO63: =IF(BI63=2,GM63-GX63,0) | GP63: =IF(BI63=4,GM63-GX63,0) | GR63: 0 | GS63: 0 | GT63: 0 | GV63: =ROUND((GT63),6) | GW63: 1 | GX63: =ROUND(HC63*I63,2) | GY63: 0 | GZ63: 0 | HA63: 0 | HB63: 0 | HC63: =GV63*GW63 | HD63: 0
A64: 17 | B64: 1 | C64: =ROW(SmtRes!A41) | D64: =ROW(EtalonRes!A41) | E64: 1 | F64: 3.15-96-3 | G64: Финишная окраска откосов и порталов | H64: 1 КОМПЛ. | I64: 33 | J64: 26.37 | K64: 13067.08 | O64: =ROUND((Z64+AC64+AD64),2) | P64: =ROUND((U64+X64+Y64),2) | Q64: =ROUND(10.18,2) | R64: =ROUND(AH64,2) | S64: ТСН-2001 3.15-96-3 | T64: work | U64: 8859.48 | V64: 2352.08 | W64: 261.34 | X64: 2378.21 | Y64: 1829.39 | Z64: 870.28 | AA64: 231.04 | AB64: 25.68 | AC64: 233.61 | AD64: 179.7 | AE64: work | AF64: 28.9 | AG64: 2.84 | AH64: 33 | AI64: =(((EX64*0.3)*1.1)) | AJ64: =(AS64) | AK64: 231.04 | AL64: 0 | AM64: 233.61 | AN64: 25.68 | AO64: =ROUND(O64,2) | AP64: 0 | AQ64: =ROUND(R64,2) | AR64: 0 | AS64: 0 | AT64: 97 | AU64: 51 | AV64: 1 | AW64: 1 | AZ64: 1 | BA64: 1 | BB64: 1 | BC64: 1 | BH64: 0 | BI64: 33 | BJ64: ТСН-2001 3.15-96-3, 3.15-96-3 | BM64: 315 | BN64: 0 | BO64: 3.15-96-3 | BP64: 1 | BQ64: 40 | BR64: 0 | BS64: 1 | BT64: 1 | BU64: 1 | BV64: 1 | BW64: 1 | BX64: 1 | BZ64: 97 | CA64: 51 | CE64: 30 | CF64: 0 | CG64: 0 | CM64: 0 | CO64: 0 | CP64: =ROUND(P64,2) | CQ64: =ROUND(V64,2) | CR64: =ROUND(W64,2) | CS64: =ROUND(X64,2) | CT64: =ROUND(Y64,2) | CU64: =ROUND(AF64,2) | CV64: =ROUND((AH64*AV64),2) | CW64: =ROUND(AI64,2) | CX64: =ROUND(AJ64,2) | CY64: =ROUND(((P64*AT64)/100),2) | CZ64: =ROUND(((P64*AU64)/100),2) | DB64: 79 | DD64: *0)*1 | DE64: *0,3)*1,1 | DF64: *0,3)*1,1 | DG64: *0,3)*1,1 | DI64: *0,3)*1,1 | DJ64: *0,3)*1,1 | DN64: 0 | DO64: 0 | DP64: 1 | DQ64: 1 | DU64: 1000 | DV64: 1 КОМПЛ.. | DW64: 1 КОМПЛ.. | DX64: 1 | EE64: 1227653615 | EF64: 40 | EG64: Строительные работы | EH64: 0 | EJ64: 33 | EK64: 315 | EL64: ТСН-2001 3.15-96-3 | EM64: ТСН-2001.3-15 | EQ64: 131072 | ER64: 231.04 | ES64: 0 | ET64: 233.61 | EU64: 25.68 | EV64: 179.7 | EW64: 33 | EX64: 0 | EY64: 0 | FQ64: 0 | FR64: =ROUND(IF(BI64=3,GM64,0),2) | FS64: 0 | FX64: 97 | FY64: 51 | GD64: 1 | GF64: 1227653615 | GG64: 2 | GH64: 1 | GI64: 2 | GJ64: 0 | GK64: 0 | GL64: =ROUND(IF(AND(BH64=3,BI64=3,FS64<>0),P64,0),2) | GM64: =ROUND(O64+X64+Y64,2)+GX64 | GN64: =IF(OR(BI64=0,BI64=1),GM64-GX64,0) | GO64: =IF(BI64=2,GM64-GX64,0) | GP64: =IF(BI64=4,GM64-GX64,0) | GR64: 0 | GS64: 0 | GT64: 0 | GV64: =ROUND((GT64),6) | GW64: 1 | GX64: =ROUND(HC64*I64,2) | GY64: 0 | GZ64: 0 | HA64: 0 | HB64: 0 | HC64: =GV64*GW64 | HD64: 0
A65: 17 | B65: 1 | C65: =ROW(SmtRes!A42) | D65: =ROW(EtalonRes!A42) | E65: 1 | F65: 6.56-35-1 | G65: Металлическое обрамление и усиление порталов/отсечек | H65: 1 КОМПЛ. | I65: 33 | J65: 89.07 | K65: 44134.02 | O65: =ROUND((Z65+AC65+AD65),2) | P65: =ROUND((U65+X65+Y65),2) | Q65: =ROUND(10.18,2) | R65: =ROUND(AH65,2) | S65: ТСН-2001 6.56-35-1 | T65: work | U65: 29922.86 | V65: 7944.12 | W65: 882.68 | X65: 8032.39 | Y65: 6178.76 | Z65: 2939.38 | AA65: 780.37 | AB65: 86.7 | AC65: 789.04 | AD65: 606.95 | AE65: work | AF65: 97.74 | AG65: 9.6 | AH65: 33 | AI65: =(((EX65*0.3)*1.1)) | AJ65: =(AS65) | AK65: 780.37 | AL65: 0 | AM65: 789.04 | AN65: 86.7 | AO65: =ROUND(O65,2) | AP65: 0 | AQ65: =ROUND(R65,2) | AR65: 0 | AS65: 0 | AT65: 97 | AU65: 51 | AV65: 1 | AW65: 1 | AZ65: 1 | BA65: 1 | BB65: 1 | BC65: 1 | BH65: 0 | BI65: 33 | BJ65: ТСН-2001 6.56-35-1, 6.56-35-1 | BM65: 656 | BN65: 0 | BO65: 6.56-35-1 | BP65: 1 | BQ65: 40 | BR65: 0 | BS65: 1 | BT65: 1 | BU65: 1 | BV65: 1 | BW65: 1 | BX65: 1 | BZ65: 97 | CA65: 51 | CE65: 30 | CF65: 0 | CG65: 0 | CM65: 0 | CO65: 0 | CP65: =ROUND(P65,2) | CQ65: =ROUND(V65,2) | CR65: =ROUND(W65,2) | CS65: =ROUND(X65,2) | CT65: =ROUND(Y65,2) | CU65: =ROUND(AF65,2) | CV65: =ROUND((AH65*AV65),2) | CW65: =ROUND(AI65,2) | CX65: =ROUND(AJ65,2) | CY65: =ROUND(((P65*AT65)/100),2) | CZ65: =ROUND(((P65*AU65)/100),2) | DB65: 81 | DD65: *0)*1 | DE65: *0,3)*1,1 | DF65: *0,3)*1,1 | DG65: *0,3)*1,1 | DI65: *0,3)*1,1 | DJ65: *0,3)*1,1 | DN65: 0 | DO65: 0 | DP65: 1 | DQ65: 1 | DU65: 1000 | DV65: 1 КОМПЛ.. | DW65: 1 КОМПЛ.. | DX65: 1 | EE65: 1377521487 | EF65: 40 | EG65: Строительные работы | EH65: 0 | EJ65: 33 | EK65: 656 | EL65: ТСН-2001 6.56-35-1 | EM65: ТСН-2001.6-56 | EQ65: 131072 | ER65: 780.37 | ES65: 0 | ET65: 789.04 | EU65: 86.7 | EV65: 606.95 | EW65: 33 | EX65: 0 | EY65: 0 | FQ65: 0 | FR65: =ROUND(IF(BI65=3,GM65,0),2) | FS65: 0 | FX65: 97 | FY65: 51 | GD65: 1 | GF65: 1377521487 | GG65: 2 | GH65: 1 | GI65: 2 | GJ65: 0 | GK65: 0 | GL65: =ROUND(IF(AND(BH65=3,BI65=3,FS65<>0),P65,0),2) | GM65: =ROUND(O65+X65+Y65,2)+GX65 | GN65: =IF(OR(BI65=0,BI65=1),GM65-GX65,0) | GO65: =IF(BI65=2,GM65-GX65,0) | GP65: =IF(BI65=4,GM65-GX65,0) | GR65: 0 | GS65: 0 | GT65: 0 | GV65: =ROUND((GT65),6) | GW65: 1 | GX65: =ROUND(HC65*I65,2) | GY65: 0 | GZ65: 0 | HA65: 0 | HB65: 0 | HC65: =GV65*GW65 | HD65: 0
A66: 17 | B66: 1 | C66: =ROW(SmtRes!A43) | D66: =ROW(EtalonRes!A43) | E66: 1 | F66: 6.69-42-1 | G66: Заделка отверстий и примыканий в стенах порталов | H66: 1 КОМПЛ. | I66: 33 | J66: 71.26 | K66: 35307.22 | O66: =ROUND((Z66+AC66+AD66),2) | P66: =ROUND((U66+X66+Y66),2) | Q66: =ROUND(10.18,2) | R66: =ROUND(AH66,2) | S66: ТСН-2001 6.69-42-1 | T66: work | U66: 23938.3 | V66: 6355.3 | W66: 706.14 | X66: 6425.91 | Y66: 4943.01 | Z66: 2351.51 | AA66: 624.29 | AB66: 69.36 | AC66: 631.23 | AD66: 485.56 | AE66: work | AF66: 78.19 | AG66: 7.68 | AH66: 33 | AI66: =(((EX66*0.3)*1.1)) | AJ66: =(AS66) | AK66: 624.29 | AL66: 0 | AM66: 631.23 | AN66: 69.36 | AO66: =ROUND(O66,2) | AP66: 0 | AQ66: =ROUND(R66,2) | AR66: 0 | AS66: 0 | AT66: 97 | AU66: 51 | AV66: 1 | AW66: 1 | AZ66: 1 | BA66: 1 | BB66: 1 | BC66: 1 | BH66: 0 | BI66: 33 | BJ66: ТСН-2001 6.69-42-1, 6.69-42-1 | BM66: 669 | BN66: 0 | BO66: 6.69-42-1 | BP66: 1 | BQ66: 40 | BR66: 0 | BS66: 1 | BT66: 1 | BU66: 1 | BV66: 1 | BW66: 1 | BX66: 1 | BZ66: 97 | CA66: 51 | CE66: 30 | CF66: 0 | CG66: 0 | CM66: 0 | CO66: 0 | CP66: =ROUND(P66,2) | CQ66: =ROUND(V66,2) | CR66: =ROUND(W66,2) | CS66: =ROUND(X66,2) | CT66: =ROUND(Y66,2) | CU66: =ROUND(AF66,2) | CV66: =ROUND((AH66*AV66),2) | CW66: =ROUND(AI66,2) | CX66: =ROUND(AJ66,2) | CY66: =ROUND(((P66*AT66)/100),2) | CZ66: =ROUND(((P66*AU66)/100),2) | DB66: 83 | DD66: *0)*1 | DE66: *0,3)*1,1 | DF66: *0,3)*1,1 | DG66: *0,3)*1,1 | DI66: *0,3)*1,1 | DJ66: *0,3)*1,1 | DN66: 0 | DO66: 0 | DP66: 1 | DQ66: 1 | DU66: 1000 | DV66: 1 КОМПЛ.. | DW66: 1 КОМПЛ.. | DX66: 1 | EE66: 1462354703 | EF66: 40 | EG66: Строительные работы | EH66: 0 | EJ66: 33 | EK66: 669 | EL66: ТСН-2001 6.69-42-1 | EM66: ТСН-2001.6-69 | EQ66: 131072 | ER66: 624.29 | ES66: 0 | ET66: 631.23 | EU66: 69.36 | EV66: 485.56 | EW66: 33 | EX66: 0 | EY66: 0 | FQ66: 0 | FR66: =ROUND(IF(BI66=3,GM66,0),2) | FS66: 0 | FX66: 97 | FY66: 51 | GD66: 1 | GF66: 1462354703 | GG66: 2 | GH66: 1 | GI66: 2 | GJ66: 0 | GK66: 0 | GL66: =ROUND(IF(AND(BH66=3,BI66=3,FS66<>0),P66,0),2) | GM66: =ROUND(O66+X66+Y66,2)+GX66 | GN66: =IF(OR(BI66=0,BI66=1),GM66-GX66,0) | GO66: =IF(BI66=2,GM66-GX66,0) | GP66: =IF(BI66=4,GM66-GX66,0) | GR66: 0 | GS66: 0 | GT66: 0 | GV66: =ROUND((GT66),6) | GW66: 1 | GX66: =ROUND(HC66*I66,2) | GY66: 0 | GZ66: 0 | HA66: 0 | HB66: 0 | HC66: =GV66*GW66 | HD66: 0
A67: 17 | B67: 1 | C67: =ROW(SmtRes!A44) | D67: =ROW(EtalonRes!A44) | E67: 1 | F67: Калькуляция - 043 | G67: Дымозащитные уплотнения, отсечки и специальные материалы по проекту | H67: 1 КОМПЛ. | I67: 33 | J67: 106.89 | K67: 52960.83 | O67: =ROUND((Z67+AC67+AD67),2) | P67: =ROUND((U67+X67+Y67),2) | Q67: =ROUND(10.18,2) | R67: =ROUND(AH67,2) | S67: ТСН-2001 Калькуляция - 043 | T67: work | U67: 35907.44 | V67: 9532.95 | W67: 1059.22 | X67: 9638.88 | Y67: 7414.52 | Z67: 3527.25 | AA67: 936.44 | AB67: 104.05 | AC67: 946.85 | AD67: 728.34 | AE67: work | AF67: 117.27 | AG67: 11.52 | AH67: 33 | AI67: =(((EX67*0.3)*1.1)) | AJ67: =(AS67) | AK67: 936.44 | AL67: 0 | AM67: 946.85 | AN67: 104.05 | AO67: =ROUND(O67,2) | AP67: 0 | AQ67: =ROUND(R67,2) | AR67: 0 | AS67: 0 | AT67: 97 | AU67: 51 | AV67: 1 | AW67: 1 | AZ67: 1 | BA67: 1 | BB67: 1 | BC67: 1 | BH67: 0 | BI67: 33 | BJ67: ТСН-2001 Калькуляция - 043, Калькуляция - 043 | BM67: 0 | BN67: 0 | BO67: Калькуляция - 043 | BP67: 1 | BQ67: 40 | BR67: 0 | BS67: 1 | BT67: 1 | BU67: 1 | BV67: 1 | BW67: 1 | BX67: 1 | BZ67: 97 | CA67: 51 | CE67: 30 | CF67: 0 | CG67: 0 | CM67: 0 | CO67: 0 | CP67: =ROUND(P67,2) | CQ67: =ROUND(V67,2) | CR67: =ROUND(W67,2) | CS67: =ROUND(X67,2) | CT67: =ROUND(Y67,2) | CU67: =ROUND(AF67,2) | CV67: =ROUND((AH67*AV67),2) | CW67: =ROUND(AI67,2) | CX67: =ROUND(AJ67,2) | CY67: =ROUND(((P67*AT67)/100),2) | CZ67: =ROUND(((P67*AU67)/100),2) | DB67: 85 | DD67: *0)*1 | DE67: *0,3)*1,1 | DF67: *0,3)*1,1 | DG67: *0,3)*1,1 | DI67: *0,3)*1,1 | DJ67: *0,3)*1,1 | DN67: 0 | DO67: 0 | DP67: 1 | DQ67: 1 | DU67: 1000 | DV67: 1 КОМПЛ.. | DW67: 1 КОМПЛ.. | DX67: 1 | EE67: 1465204847 | EF67: 40 | EG67: Строительные работы | EH67: 0 | EJ67: 33 | EK67: 0 | EL67: ТСН-2001 Калькуляция - 043 | EM67: Калькуляция - 043 | EQ67: 131072 | ER67: 936.44 | ES67: 0 | ET67: 946.85 | EU67: 104.05 | EV67: 728.34 | EW67: 33 | EX67: 0 | EY67: 0 | FQ67: 0 | FR67: =ROUND(IF(BI67=3,GM67,0),2) | FS67: 0 | FX67: 97 | FY67: 51 | GD67: 1 | GF67: 1465204847 | GG67: 2 | GH67: 1 | GI67: 2 | GJ67: 0 | GK67: 0 | GL67: =ROUND(IF(AND(BH67=3,BI67=3,FS67<>0),P67,0),2) | GM67: =ROUND(O67+X67+Y67,2)+GX67 | GN67: =IF(OR(BI67=0,BI67=1),GM67-GX67,0) | GO67: =IF(BI67=2,GM67-GX67,0) | GP67: =IF(BI67=4,GM67-GX67,0) | GR67: 0 | GS67: 0 | GT67: 0 | GV67: =ROUND((GT67),6) | GW67: 1 | GX67: =ROUND(HC67*I67,2) | GY67: 0 | GZ67: 0 | HA67: 0 | HB67: 0 | HC67: =GV67*GW67 | HD67: 0
... A124: 17 | B124: 1 | C124: =ROW(SmtRes!A101) | D124: =ROW(EtalonRes!A101) | E124: 1 | F124: 4.10-78-1 | G124: Коммутационные панели/узлы связи и сигнализации | H124: 1 ТОЧКА | I124: 70 | J124: 42.98 | K124: 48006.31 | O124: =ROUND((Z124+AC124+AD124),2) | P124: =ROUND((U124+X124+Y124),2) | Q124: =ROUND(10.18,2) | R124: =ROUND(AH124,2) | S124: ТСН-2001 4.10-78-1 | T124: work | U124: 30628.03 | V124: 8641.14 | W124: 960.13 | X124: 10945.44 | Y124: 6432.85 | Z124: 3008.65 | AA124: 848.84 | AB124: 94.32 | AC124: 1075.2 | AD124: 631.91 | AE124: work | AF124: 106.27 | AG124: 10.44 | AH124: 70 | AI124: =(((EX124*0.3)*1.1)) | AJ124: =(AS124) | AK124: 848.84 | AL124: 0 | AM124: 1075.2 | AN124: 94.32 | AO124: =ROUND(O124,2) | AP124: 0 | AQ124: =ROUND(R124,2) | AR124: 0 | AS124: 0 | AT124: 97 | AU124: 51 | AV124: 1 | AW124: 1 | AZ124: 1 | BA124: 1 | BB124: 1 | BC124: 1 | BH124: 0 | BI124: 70 | BJ124: ТСН-2001.4. Электротехнические установки, 4.10-78-1 | BM124: 410 | BN124: 0 | BO124: 4.10-78-1 | BP124: 1 | BQ124: 40 | BR124: 0 | BS124: 1 | BT124: 1 | BU124: 1 | BV124: 1 | BW124: 1 | BX124: 1 | BZ124: 97 | CA124: 51 | CE124: 30 | CF124: 0 | CG124: 0 | CM124: 0 | CO124: 0 | CP124: =ROUND(P124,2) | CQ124: =ROUND(V124,2) | CR124: =ROUND(W124,2) | CS124: =ROUND(X124,2) | CT124: =ROUND(Y124,2) | CU124: =ROUND(AF124,2) | CV124: =ROUND((AH124*AV124),2) | CW124: =ROUND(AI124,2) | CX124: =ROUND(AJ124,2) | CY124: =ROUND(((P124*AT124)/100),2) | CZ124: =ROUND(((P124*AU124)/100),2) | DB124: 199 | DD124: *0)*1 | DE124: *0,3)*1,1 | DF124: *0,3)*1,1 | DG124: *0,3)*1,1 | DI124: *0,3)*1,1 | DJ124: *0,3)*1,1 | DN124: 0 | DO124: 0 | DP124: 1 | DQ124: 1 | DU124: 1000 | DV124: 1 ТОЧКА. | DW124: 1 ТОЧКА. | DX124: 1 | EE124: 1454328671 | EF124: 40 | EG124: Монтаж оборудования | EH124: 0 | EJ124: 70 | EK124: 410 | EL124: ТСН-2001.4. Электротехнические установки | EM124: ТСН-2001.4-10 | EQ124: 131072 | ER124: 848.84 | ES124: 0 | ET124: 1075.2 | EU124: 94.32 | EV124: 631.91 | EW124: 70 | EX124: 0 | EY124: 0 | FQ124: 0 | FR124: =ROUND(IF(BI124=3,GM124,0),2) | FS124: 0 | FX124: 97 | FY124: 51 | GD124: 1 | GF124: 1454328671 | GG124: 2 | GH124: 1 | GI124: 2 | GJ124: 0 | GK124: 0 | GL124: =ROUND(IF(AND(BH124=3,BI124=3,FS124<>0),P124,0),2) | GM124: =ROUND(O124+X124+Y124,2)+GX124 | GN124: =IF(OR(BI124=0,BI124=1),GM124-GX124,0) | GO124: =IF(BI124=2,GM124-GX124,0) | GP124: =IF(BI124=4,GM124-GX124,0) | GR124: 0 | GS124: 0 | GT124: 0 | GV124: =ROUND((GT124),6) | GW124: 1 | GX124: =ROUND(HC124*I124,2) | GY124: 0 | GZ124: 0 | HA124: 0 | HB124: 0 | HC124: =GV124*GW124 | HD124: 0
A125: 18 | B125: 1 | C125: =ROW(SmtRes!A102) | D125: =ROW(EtalonRes!A102) | E125: 2.1 | F125: PETR-1089827 | G125: Акустические панели/перфорированные элементы для залов и переговорных | H125: м2 | I125: 15.49 | J125: 4683.54 | K125: 72548.07 | O125: =ROUND(Z125,2) | P125: =ROUND(U125,2) | Q125: =ROUND(1,2) | R125: =ROUND(AH125,2) | S125: PETR-1089827 | T125: material | U125: 72548.07 | V125: 0 | W125: 0 | X125: 0 | Y125: 0 | Z125: 72548.03 | AA125: 0 | AB125: 0 | AC125: 0 | AD125: 0 | AE125: material | AF125: 0 | AG125: 0 | AH125: 0 | AI125: =(EX125) | AJ125: =(AS125) | AK125: 0 | AL125: 0 | AM125: 0 | AN125: 0 | AO125: =ROUND(O125,2) | AP125: 0 | AQ125: =ROUND(R125,2) | AR125: 0 | AS125: 0 | AT125: 0 | AU125: 0 | AV125: 1 | AW125: 1 | AZ125: 1 | BA125: 0 | BB125: 0 | BC125: 1 | BH125: 3 | BI125: 15.49 | BM125: 400002 | BN125: 0 | BP125: 0 | BQ125: 202 | BR125: 0 | BS125: 1 | BT125: 1 | BU125: 1 | BV125: 1 | BW125: 1 | BX125: 1 | BZ125: 0 | CA125: 0 | CE125: 30 | CF125: 0 | CG125: 0 | CM125: 0 | CO125: 0 | CP125: =ROUND(P125,2) | CQ125: =ROUND(V125,2) | CR125: =ROUND(W125,2) | CS125: =ROUND(X125,2) | CT125: =ROUND(Y125,2) | CU125: =ROUND(AF125,2) | CV125: =ROUND((AH125*AV125),2) | CW125: =ROUND(AI125,2) | CX125: =ROUND(AJ125,2) | CY125: =ROUND(((P125*AT125)/100),2) | CZ125: =ROUND(((P125*AU125)/100),2) | DN125: 0 | DO125: 0 | DP125: 1 | DQ125: 1 | DU125: 1000 | DV125: м2 | DW125: м2 | DX125: 1 | EE125: 1862754540 | EF125: 202 | EG125: Материалы | EH125: 0 | EJ125: 15.49 | EK125: 0 | EL125: ТКП / коммерческое предложение | EM125: PETR-1089827 | EQ125: 0 | ER125: 4683.54 | ES125: 0 | ET125: 0 | EU125: 0 | EV125: 0 | EW125: 0 | EX125: 0 | EY125: 0 | FQ125: 0 | FR125: =ROUND(IF(BI125=3,GM125,0),2) | FS125: 0 | FX125: 0 | FY125: 0 | GA125: [82 / 1,20 / 1] + 2% Заг.скл | GD125: 1 | GF125: 1862754540 | GG125: 2 | GH125: 4 | GI125: -2 | GJ125: 0 | GK125: 0 | GL125: =ROUND(IF(AND(BH125=3,BI125=3,FS125<>0),P125,0),2) | GM125: =ROUND(O125+X125+Y125,2)+GX125 | GN125: =IF(OR(BI125=0,BI125=1),GM125-GX125,0) | GO125: =IF(BI125=2,GM125-GX125,0) | GP125: =IF(BI125=4,GM125-GX125,0) | GR125: 0 | GS125: 2 | GT125: 0 | GV125: =ROUND((GT125),6) | GW125: 1 | GX125: =ROUND(HC125*I125,2) | GY125: 0 | GZ125: 0 | HA125: 0 | HB125: 0 | HC125: =GV125*GW125 | HD125: 0
A126: 17 | B126: 1 | C126: =ROW(SmtRes!A103) | D126: =ROW(EtalonRes!A103) | E126: 1 | F126: 4.10-15-1 | G126: Прокладка слаботочных кабелей к точкам Wi-Fi/видеонаблюдения | H126: 1 М.П. | I126: 560 | J126: 5.37 | K126: 48006.31 | O126: =ROUND((Z126+AC126+AD126),2) | P126: =ROUND((U126+X126+Y126),2) | Q126: =ROUND(10.18,2) | R126: =ROUND(AH126,2) | S126: ТСН-2001 4.10-15-1 | T126: work | U126: 30628.03 | V126: 8641.14 | W126: 960.13 | X126: 10945.44 | Y126: 6432.85 | Z126: 3008.65 | AA126: 848.84 | AB126: 94.32 | AC126: 1075.2 | AD126: 631.91 | AE126: work | AF126: 106.27 | AG126: 10.44 | AH126: 560 | AI126: =(((EX126*0.3)*1.1)) | AJ126: =(AS126) | AK126: 848.84 | AL126: 0 | AM126: 1075.2 | AN126: 94.32 | AO126: =ROUND(O126,2) | AP126: 0 | AQ126: =ROUND(R126,2) | AR126: 0 | AS126: 0 | AT126: 97 | AU126: 51 | AV126: 1 | AW126: 1 | AZ126: 1 | BA126: 1 | BB126: 1 | BC126: 1 | BH126: 0 | BI126: 560 | BJ126: ТСН-2001.4. Электротехнические установки, 4.10-15-1 | BM126: 410 | BN126: 0 | BO126: 4.10-15-1 | BP126: 1 | BQ126: 40 | BR126: 0 | BS126: 1 | BT126: 1 | BU126: 1 | BV126: 1 | BW126: 1 | BX126: 1 | BZ126: 97 | CA126: 51 | CE126: 30 | CF126: 0 | CG126: 0 | CM126: 0 | CO126: 0 | CP126: =ROUND(P126,2) | CQ126: =ROUND(V126,2) | CR126: =ROUND(W126,2) | CS126: =ROUND(X126,2) | CT126: =ROUND(Y126,2) | CU126: =ROUND(AF126,2) | CV126: =ROUND((AH126*AV126),2) | CW126: =ROUND(AI126,2) | CX126: =ROUND(AJ126,2) | CY126: =ROUND(((P126*AT126)/100),2) | CZ126: =ROUND(((P126*AU126)/100),2) | DB126: 201 | DD126: *0)*1 | DE126: *0,3)*1,1 | DF126: *0,3)*1,1 | DG126: *0,3)*1,1 | DI126: *0,3)*1,1 | DJ126: *0,3)*1,1 | DN126: 0 | DO126: 0 | DP126: 1 | DQ126: 1 | DU126: 1000 | DV126: 1 М.П.. | DW126: 1 М.П.. | DX126: 1 | EE126: 1778300402 | EF126: 40 | EG126: Монтаж оборудования | EH126: 0 | EJ126: 560 | EK126: 410 | EL126: ТСН-2001.4. Электротехнические установки | EM126: ТСН-2001.4-10 | EQ126: 131072 | ER126: 848.84 | ES126: 0 | ET126: 1075.2 | EU126: 94.32 | EV126: 631.91 | EW126: 560 | EX126: 0 | EY126: 0 | FQ126: 0 | FR126: =ROUND(IF(BI126=3,GM126,0),2) | FS126: 0 | FX126: 97 | FY126: 51 | GD126: 1 | GF126: 1778300402 | GG126: 2 | GH126: 1 | GI126: 2 | GJ126: 0 | GK126: 0 | GL126: =ROUND(IF(AND(BH126=3,BI126=3,FS126<>0),P126,0),2) | GM126: =ROUND(O126+X126+Y126,2)+GX126 | GN126: =IF(OR(BI126=0,BI126=1),GM126-GX126,0) | GO126: =IF(BI126=2,GM126-GX126,0) | GP126: =IF(BI126=4,GM126-GX126,0) | GR126: 0 | GS126: 0 | GT126: 0 | GV126: =ROUND((GT126),6) | GW126: 1 | GX126: =ROUND(HC126*I126,2) | GY126: 0 | GZ126: 0 | HA126: 0 | HB126: 0 | HC126: =GV126*GW126 | HD126: 0
A127: 17 | B127: 1 | C127: =ROW(SmtRes!A104) | D127: =ROW(EtalonRes!A104) | E127: 1 | F127: 4.10-11-1 | G127: Разделка и включение слаботочных кабелей | H127: 1 КОНЕЦ | I127: 140 | J127: 12.89 | K127: 28803.79 | O127: =ROUND((Z127+AC127+AD127),2) | P127: =ROUND((U127+X127+Y127),2) | Q127: =ROUND(10.18,2) | R127: =ROUND(AH127,2) | S127: ТСН-2001 4.10-11-1 | T127: work | U127: 18376.82 | V127: 5184.68 | W127: 576.08 | X127: 6567.26 | Y127: 3859.71 | Z127: 1805.19 | AA127: 509.3 | AB127: 56.59 | AC127: 645.11 | AD127: 379.15 | AE127: work | AF127: 63.73 | AG127: 6.26 | AH127: 140 | AI127: =(((EX127*0.3)*1.1)) | AJ127: =(AS127) | AK127: 509.3 | AL127: 0 | AM127: 645.11 | AN127: 56.59 | AO127: =ROUND(O127,2) | AP127: 0 | AQ127: =ROUND(R127,2) | AR127: 0 | AS127: 0 | AT127: 97 | AU127: 51 | AV127: 1 | AW127: 1 | AZ127: 1 | BA127: 1 | BB127: 1 | BC127: 1 | BH127: 0 | BI127: 140 | BJ127: ТСН-2001.4. Электротехнические установки, 4.10-11-1 | BM127: 410 | BN127: 0 | BO127: 4.10-11-1 | BP127: 1 | BQ127: 40 | BR127: 0 | BS127: 1 | BT127: 1 | BU127: 1 | BV127: 1 | BW127: 1 | BX127: 1 | BZ127: 97 | CA127: 51 | CE127: 30 | CF127: 0 | CG127: 0 | CM127: 0 | CO127: 0 | CP127: =ROUND(P127,2) | CQ127: =ROUND(V127,2) | CR127: =ROUND(W127,2) | CS127: =ROUND(X127,2) | CT127: =ROUND(Y127,2) | CU127: =ROUND(AF127,2) | CV127: =ROUND((AH127*AV127),2) | CW127: =ROUND(AI127,2) | CX127: =ROUND(AJ127,2) | CY127: =ROUND(((P127*AT127)/100),2) | CZ127: =ROUND(((P127*AU127)/100),2) | DB127: 203 | DD127: *0)*1 | DE127: *0,3)*1,1 | DF127: *0,3)*1,1 | DG127: *0,3)*1,1 | DI127: *0,3)*1,1 | DJ127: *0,3)*1,1 | DN127: 0 | DO127: 0 | DP127: 1 | DQ127: 1 | DU127: 1000 | DV127: 1 КОНЕЦ. | DW127: 1 КОНЕЦ. | DX127: 1 | EE127: 1709030811 | EF127: 40 | EG127: Монтаж оборудования | EH127: 0 | EJ127: 140 | EK127: 410 | EL127: ТСН-2001.4. Электротехнические установки | EM127: ТСН-2001.4-10 | EQ127: 131072 | ER127: 509.3 | ES127: 0 | ET127: 645.11 | EU127: 56.59 | EV127: 379.15 | EW127: 140 | EX127: 0 | EY127: 0 | FQ127: 0 | FR127: =ROUND(IF(BI127=3,GM127,0),2) | FS127: 0 | FX127: 97 | FY127: 51 | GD127: 1 | GF127: 1709030811 | GG127: 2 | GH127: 1 | GI127: 2 | GJ127: 0 | GK127: 0 | GL127: =ROUND(IF(AND(BH127=3,BI127=3,FS127<>0),P127,0),2) | GM127: =ROUND(O127+X127+Y127,2)+GX127 | GN127: =IF(OR(BI127=0,BI127=1),GM127-GX127,0) | GO127: =IF(BI127=2,GM127-GX127,0) | GP127: =IF(BI127=4,GM127-GX127,0) | GR127: 0 | GS127: 0 | GT127: 0 | GV127: =ROUND((GT127),6) | GW127: 1 | GX127: =ROUND(HC127*I127,2) | GY127: 0 | GZ127: 0 | HA127: 0 | HB127: 0 | HC127: =GV127*GW127 | HD127: 0
A128: 17 | B128: 1 | C128: =ROW(SmtRes!A105) | D128: =ROW(EtalonRes!A105) | E128: 1 | F128: Калькуляция - 103 | G128: Монтаж и настройка точек Wi-Fi | H128: 1 ТОЧКА | I128: 31.5 | J128: 76.41 | K128: 38405.05 | O128: =ROUND((Z128+AC128+AD128),2) | P128: =ROUND((U128+X128+Y128),2) | Q128: =ROUND(10.18,2) | R128: =ROUND(AH128,2) | S128: ТСН-2001 Калькуляция - 103 | T128: work | U128: 24502.42 | V128: 6912.91 | W128: 768.1 | X128: 8756.35 | Y128: 5146.28 | Z128: 2406.92 | AA128: 679.07 | AB128: 75.45 | AC128: 860.16 | AD128: 505.53 | AE128: work | AF128: 85.01 | AG128: 8.35 | AH128: 31.5 | AI128: =(((EX128*0.3)*1.1)) | AJ128: =(AS128) | AK128: 679.07 | AL128: 0 | AM128: 860.16 | AN128: 75.45 | AO128: =ROUND(O128,2) | AP128: 0 | AQ128: =ROUND(R128,2) | AR128: 0 | AS128: 0 | AT128: 97 | AU128: 51 | AV128: 1 | AW128: 1 | AZ128: 1 | BA128: 1 | BB128: 1 | BC128: 1 | BH128: 0 | BI128: 31.5 | BJ128: ТСН-2001 Калькуляция - 103, Калькуляция - 103 | BM128: 0 | BN128: 0 | BO128: Калькуляция - 103 | BP128: 1 | BQ128: 40 | BR128: 0 | BS128: 1 | BT128: 1 | BU128: 1 | BV128: 1 | BW128: 1 | BX128: 1 | BZ128: 97 | CA128: 51 | CE128: 30 | CF128: 0 | CG128: 0 | CM128: 0 | CO128: 0 | CP128: =ROUND(P128,2) | CQ128: =ROUND(V128,2) | CR128: =ROUND(W128,2) | CS128: =ROUND(X128,2) | CT128: =ROUND(Y128,2) | CU128: =ROUND(AF128,2) | CV128: =ROUND((AH128*AV128),2) | CW128: =ROUND(AI128,2) | CX128: =ROUND(AJ128,2) | CY128: =ROUND(((P128*AT128)/100),2) | CZ128: =ROUND(((P128*AU128)/100),2) | DB128: 205 | DD128: *0)*1 | DE128: *0,3)*1,1 | DF128: *0,3)*1,1 | DG128: *0,3)*1,1 | DI128: *0,3)*1,1 | DJ128: *0,3)*1,1 | DN128: 0 | DO128: 0 | DP128: 1 | DQ128: 1 | DU128: 1000 | DV128: 1 ТОЧКА. | DW128: 1 ТОЧКА. | DX128: 1 | EE128: 1053007921 | EF128: 40 | EG128: Монтаж оборудования | EH128: 0 | EJ128: 31.5 | EK128: 0 | EL128: ТСН-2001 Калькуляция - 103 | EM128: Калькуляция - 103 | EQ128: 131072 | ER128: 679.07 | ES128: 0 | ET128: 860.16 | EU128: 75.45 | EV128: 505.53 | EW128: 31.5 | EX128: 0 | EY128: 0 | FQ128: 0 | FR128: =ROUND(IF(BI128=3,GM128,0),2) | FS128: 0 | FX128: 97 | FY128: 51 | GD128: 1 | GF128: 1053007921 | GG128: 2 | GH128: 1 | GI128: 2 | GJ128: 0 | GK128: 0 | GL128: =ROUND(IF(AND(BH128=3,BI128=3,FS128<>0),P128,0),2) | GM128: =ROUND(O128+X128+Y128,2)+GX128 | GN128: =IF(OR(BI128=0,BI128=1),GM128-GX128,0) | GO128: =IF(BI128=2,GM128-GX128,0) | GP128: =IF(BI128=4,GM128-GX128,0) | GR128: 0 | GS128: 0 | GT128: 0 | GV128: =ROUND((GT128),6) | GW128: 1 | GX128: =ROUND(HC128*I128,2) | GY128: 0 | GZ128: 0 | HA128: 0 | HB128: 0 | HC128: =GV128*GW128 | HD128: 0
A129: 17 | B129: 1 | C129: =ROW(SmtRes!A106) | D129: =ROW(EtalonRes!A106) | E129: 1 | F129: Калькуляция - 104 | G129: Монтаж и юстировка камер видеонаблюдения | H129: 1 ТОЧКА | I129: 38.5 | J129: 46.89 | K129: 28803.79 | O129: =ROUND((Z129+AC129+AD129),2) | P129: =ROUND((U129+X129+Y129),2) | Q129: =ROUND(10.18,2) | R129: =ROUND(AH129,2) | S129: ТСН-2001 Калькуляция - 104 | T129: work | U129: 18376.82 | V129: 5184.68 | W129: 576.08 | X129: 6567.26 | Y129: 3859.71 | Z129: 1805.17 | AA129: 509.29 | AB129: 56.58 | AC129: 645.1 | AD129: 379.14 | AE129: work | AF129: 63.74 | AG129: 6.26 | AH129: 38.5 | AI129: =(((EX129*0.3)*1.1)) | AJ129: =(AS129) | AK129: 509.29 | AL129: 0 | AM129: 645.1 | AN129: 56.58 | AO129: =ROUND(O129,2) | AP129: 0 | AQ129: =ROUND(R129,2) | AR129: 0 | AS129: 0 | AT129: 97 | AU129: 51 | AV129: 1 | AW129: 1 | AZ129: 1 | BA129: 1 | BB129: 1 | BC129: 1 | BH129: 0 | BI129: 38.5 | BJ129: ТСН-2001 Калькуляция - 104, Калькуляция - 104 | BM129: 0 | BN129: 0 | BO129: Калькуляция - 104 | BP129: 1 | BQ129: 40 | BR129: 0 | BS129: 1 | BT129: 1 | BU129: 1 | BV129: 1 | BW129: 1 | BX129: 1 | BZ129: 97 | CA129: 51 | CE129: 30 | CF129: 0 | CG129: 0 | CM129: 0 | CO129: 0 | CP129: =ROUND(P129,2) | CQ129: =ROUND(V129,2) | CR129: =ROUND(W129,2) | CS129: =ROUND(X129,2) | CT129: =ROUND(Y129,2) | CU129: =ROUND(AF129,2) | CV129: =ROUND((AH129*AV129),2) | CW129: =ROUND(AI129,2) | CX129: =ROUND(AJ129,2) | CY129: =ROUND(((P129*AT129)/100),2) | CZ129: =ROUND(((P129*AU129)/100),2) | DB129: 207 | DD129: *0)*1 | DE129: *0,3)*1,1 | DF129: *0,3)*1,1 | DG129: *0,3)*1,1 | DI129: *0,3)*1,1 | DJ129: *0,3)*1,1 | DN129: 0 | DO129: 0 | DP129: 1 | DQ129: 1 | DU129: 1000 | DV129: 1 ТОЧКА. | DW129: 1 ТОЧКА. | DX129: 1 | EE129: 1392127704 | EF129: 40 | EG129: Монтаж оборудования | EH129: 0 | EJ129: 38.5 | EK129: 0 | EL129: ТСН-2001 Калькуляция - 104 | EM129: Калькуляция - 104 | EQ129: 131072 | ER129: 509.29 | ES129: 0 | ET129: 645.1 | EU129: 56.58 | EV129: 379.14 | EW129: 38.5 | EX129: 0 | EY129: 0 | FQ129: 0 | FR129: =ROUND(IF(BI129=3,GM129,0),2) | FS129: 0 | FX129: 97 | FY129: 51 | GD129: 1 | GF129: 1392127704 | GG129: 2 | GH129: 1 | GI129: 2 | GJ129: 0 | GK129: 0 | GL129: =ROUND(IF(AND(BH129=3,BI129=3,FS129<>0),P129,0),2) | GM129: =ROUND(O129+X129+Y129,2)+GX129 | GN129: =IF(OR(BI129=0,BI129=1),GM129-GX129,0) | GO129: =IF(BI129=2,GM129-GX129,0) | GP129: =IF(BI129=4,GM129-GX129,0) | GR129: 0 | GS129: 0 | GT129: 0 | GV129: =ROUND((GT129),6) | GW129: 1 | GX129: =ROUND(HC129*I129,2) | GY129: 0 | GZ129: 0 | HA129: 0 | HB129: 0 | HC129: =GV129*GW129 | HD129: 0
A130: 17 | B130: 1 | C130: =ROW(SmtRes!A107) | D130: =ROW(EtalonRes!A107) | E130: 1 | F130: 4.11-23-1 | G130: Присоединение проводов к приборам автоматики СКУД | H130: 1 КОМПЛ. | I130: 28 | J130: 97.46 | K130: 43544.4 | O130: =ROUND((Z130+AC130+AD130),2) | P130: =ROUND((U130+X130+Y130),2) | Q130: =ROUND(10.18,2) | R130: =ROUND(AH130,2) | S130: ТСН-2001 4.11-23-1 | T130: work | U130: 27781.32 | V130: 7837.99 | W130: 870.89 | X130: 9928.12 | Y130: 5834.95 | Z130: 2729.01 | AA130: 769.94 | AB130: 85.55 | AC130: 975.26 | AD130: 573.18 | AE130: work | AF130: 96.4 | AG130: 9.47 | AH130: 28 | AI130: =(((EX130*0.3)*1.1)) | AJ130: =(AS130) | AK130: 769.94 | AL130: 0 | AM130: 975.26 | AN130: 85.55 | AO130: =ROUND(O130,2) | AP130: 0 | AQ130: =ROUND(R130,2) | AR130: 0 | AS130: 0 | AT130: 97 | AU130: 51 | AV130: 1 | AW130: 1 | AZ130: 1 | BA130: 1 | BB130: 1 | BC130: 1 | BH130: 0 | BI130: 28 | BJ130: ТСН-2001.4. Электротехнические установки, 4.11-23-1 | BM130: 411 | BN130: 0 | BO130: 4.11-23-1 | BP130: 1 | BQ130: 40 | BR130: 0 | BS130: 1 | BT130: 1 | BU130: 1 | BV130: 1 | BW130: 1 | BX130: 1 | BZ130: 97 | CA130: 51 | CE130: 30 | CF130: 0 | CG130: 0 | CM130: 0 | CO130: 0 | CP130: =ROUND(P130,2) | CQ130: =ROUND(V130,2) | CR130: =ROUND(W130,2) | CS130: =ROUND(X130,2) | CT130: =ROUND(Y130,2) | CU130: =ROUND(AF130,2) | CV130: =ROUND((AH130*AV130),2) | CW130: =ROUND(AI130,2) | CX130: =ROUND(AJ130,2) | CY130: =ROUND(((P130*AT130)/100),2) | CZ130: =ROUND(((P130*AU130)/100),2) | DB130: 209 | DD130: *0)*1 | DE130: *0,3)*1,1 | DF130: *0,3)*1,1 | DG130: *0,3)*1,1 | DI130: *0,3)*1,1 | DJ130: *0,3)*1,1 | DN130: 0 | DO130: 0 | DP130: 1 | DQ130: 1 | DU130: 1000 | DV130: 1 КОМПЛ.. | DW130: 1 КОМПЛ.. | DX130: 1 | EE130: 1774114896 | EF130: 40 | EG130: Монтаж оборудования | EH130: 0 | EJ130: 28 | EK130: 411 | EL130: ТСН-2001.4. Электротехнические установки | EM130: ТСН-2001.4-11 | EQ130: 131072 | ER130: 769.94 | ES130: 0 | ET130: 975.26 | EU130: 85.55 | EV130: 573.18 | EW130: 28 | EX130: 0 | EY130: 0 | FQ130: 0 | FR130: =ROUND(IF(BI130=3,GM130,0),2) | FS130: 0 | FX130: 97 | FY130: 51 | GD130: 1 | GF130: 1774114896 | GG130: 2 | GH130: 1 | GI130: 2 | GJ130: 0 | GK130: 0 | GL130: =ROUND(IF(AND(BH130=3,BI130=3,FS130<>0),P130,0),2) | GM130: =ROUND(O130+X130+Y130,2)+GX130 | GN130: =IF(OR(BI130=0,BI130=1),GM130-GX130,0) | GO130: =IF(BI130=2,GM130-GX130,0) | GP130: =IF(BI130=4,GM130-GX130,0) | GR130: 0 | GS130: 0 | GT130: 0 | GV130: =ROUND((GT130),6) | GW130: 1 | GX130: =ROUND(HC130*I130,2) | GY130: 0 | GZ130: 0 | HA130: 0 | HB130: 0 | HC130: =GV130*GW130 | HD130: 0
A131: 17 | B131: 1 | C131: =ROW(SmtRes!A108) | D131: =ROW(EtalonRes!A108) | E131: 1 | F131: 4.10-15-1 | G131: Прокладка кабелей СКУД двери/зоны | H131: 1 М.П. | I131: 280 | J131: 9.75 | K131: 43544.4 | O131: =ROUND((Z131+AC131+AD131),2) | P131: =ROUND((U131+X131+Y131),2) | Q131: =ROUND(10.18,2) | R131: =ROUND(AH131,2) | S131: ТСН-2001 4.10-15-1 | T131: work | U131: 27781.32 | V131: 7837.99 | W131: 870.89 | X131: 9928.12 | Y131: 5834.95 | Z131: 2729.01 | AA131: 769.94 | AB131: 85.55 | AC131: 975.26 | AD131: 573.18 | AE131: work | AF131: 96.4 | AG131: 9.47 | AH131: 280 | AI131: =(((EX131*0.3)*1.1)) | AJ131: =(AS131) | AK131: 769.94 | AL131: 0 | AM131: 975.26 | AN131: 85.55 | AO131: =ROUND(O131,2) | AP131: 0 | AQ131: =ROUND(R131,2) | AR131: 0 | AS131: 0 | AT131: 97 | AU131: 51 | AV131: 1 | AW131: 1 | AZ131: 1 | BA131: 1 | BB131: 1 | BC131: 1 | BH131: 0 | BI131: 280 | BJ131: ТСН-2001.4. Электротехнические установки, 4.10-15-1 | BM131: 410 | BN131: 0 | BO131: 4.10-15-1 | BP131: 1 | BQ131: 40 | BR131: 0 | BS131: 1 | BT131: 1 | BU131: 1 | BV131: 1 | BW131: 1 | BX131: 1 | BZ131: 97 | CA131: 51 | CE131: 30 | CF131: 0 | CG131: 0 | CM131: 0 | CO131: 0 | CP131: =ROUND(P131,2) | CQ131: =ROUND(V131,2) | CR131: =ROUND(W131,2) | CS131: =ROUND(X131,2) | CT131: =ROUND(Y131,2) | CU131: =ROUND(AF131,2) | CV131: =ROUND((AH131*AV131),2) | CW131: =ROUND(AI131,2) | CX131: =ROUND(AJ131,2) | CY131: =ROUND(((P131*AT131)/100),2) | CZ131: =ROUND(((P131*AU131)/100),2) | DB131: 211 | DD131: *0)*1 | DE131: *0,3)*1,1 | DF131: *0,3)*1,1 | DG131: *0,3)*1,1 | DI131: *0,3)*1,1 | DJ131: *0,3)*1,1 | DN131: 0 | DO131: 0 | DP131: 1 | DQ131: 1 | DU131: 1000 | DV131: 1 М.П.. | DW131: 1 М.П.. | DX131: 1 | EE131: 1719844055 | EF131: 40 | EG131: Монтаж оборудования | EH131: 0 | EJ131: 280 | EK131: 410 | EL131: ТСН-2001.4. Электротехнические установки | EM131: ТСН-2001.4-10 | EQ131: 131072 | ER131: 769.94 | ES131: 0 | ET131: 975.26 | EU131: 85.55 | EV131: 573.18 | EW131: 280 | EX131: 0 | EY131: 0 | FQ131: 0 | FR131: =ROUND(IF(BI131=3,GM131,0),2) | FS131: 0 | FX131: 97 | FY131: 51 | GD131: 1 | GF131: 1719844055 | GG131: 2 | GH131: 1 | GI131: 2 | GJ131: 0 | GK131: 0 | GL131: =ROUND(IF(AND(BH131=3,BI131=3,FS131<>0),P131,0),2) | GM131: =ROUND(O131+X131+Y131,2)+GX131 | GN131: =IF(OR(BI131=0,BI131=1),GM131-GX131,0) | GO131: =IF(BI131=2,GM131-GX131,0) | GP131: =IF(BI131=4,GM131-GX131,0) | GR131: 0 | GS131: 0 | GT131: 0 | GV131: =ROUND((GT131),6) | GW131: 1 | GX131: =ROUND(HC131*I131,2) | GY131: 0 | GZ131: 0 | HA131: 0 | HB131: 0 | HC131: =GV131*GW131 | HD131: 0
A132: 17 | B132: 1 | C132: =ROW(SmtRes!A109) | D132: =ROW(EtalonRes!A109) | E132: 1 | F132: Калькуляция - 107 | G132: Монтаж контроллера и считывателей СКУД | H132: 1 КОМПЛ. | I132: 28 | J132: 162.44 | K132: 72574 | O132: =ROUND((Z132+AC132+AD132),2) | P132: =ROUND((U132+X132+Y132),2) | Q132: =ROUND(10.18,2) | R132: =ROUND(AH132,2) | S132: ТСН-2001 Калькуляция - 107 | T132: work | U132: 46302.21 | V132: 13063.31 | W132: 1451.47 | X132: 16546.87 | Y132: 9724.92 | Z132: 4548.34 | AA132: 1283.23 | AB132: 142.58 | AC132: 1625.43 | AD132: 955.29 | AE132: work | AF132: 160.64 | AG132: 15.78 | AH132: 28 | AI132: =(((EX132*0.3)*1.1)) | AJ132: =(AS132) | AK132: 1283.23 | AL132: 0 | AM132: 1625.43 | AN132: 142.58 | AO132: =ROUND(O132,2) | AP132: 0 | AQ132: =ROUND(R132,2) | AR132: 0 | AS132: 0 | AT132: 97 | AU132: 51 | AV132: 1 | AW132: 1 | AZ132: 1 | BA132: 1 | BB132: 1 | BC132: 1 | BH132: 0 | BI132: 28 | BJ132: ТСН-2001 Калькуляция - 107, Калькуляция - 107 | BM132: 0 | BN132: 0 | BO132: Калькуляция - 107 | BP132: 1 | BQ132: 40 | BR132: 0 | BS132: 1 | BT132: 1 | BU132: 1 | BV132: 1 | BW132: 1 | BX132: 1 | BZ132: 97 | CA132: 51 | CE132: 30 | CF132: 0 | CG132: 0 | CM132: 0 | CO132: 0 | CP132: =ROUND(P132,2) | CQ132: =ROUND(V132,2) | CR132: =ROUND(W132,2) | CS132: =ROUND(X132,2) | CT132: =ROUND(Y132,2) | CU132: =ROUND(AF132,2) | CV132: =ROUND((AH132*AV132),2) | CW132: =ROUND(AI132,2) | CX132: =ROUND(AJ132,2) | CY132: =ROUND(((P132*AT132)/100),2) | CZ132: =ROUND(((P132*AU132)/100),2) | DB132: 213 | DD132: *0)*1 | DE132: *0,3)*1,1 | DF132: *0,3)*1,1 | DG132: *0,3)*1,1 | DI132: *0,3)*1,1 | DJ132: *0,3)*1,1 | DN132: 0 | DO132: 0 | DP132: 1 | DQ132: 1 | DU132: 1000 | DV132: 1 КОМПЛ.. | DW132: 1 КОМПЛ.. | DX132: 1 | EE132: 1887800105 | EF132: 40 | EG132: Монтаж оборудования | EH132: 0 | EJ132: 28 | EK132: 0 | EL132: ТСН-2001 Калькуляция - 107 | EM132: Калькуляция - 107 | EQ132: 131072 | ER132: 1283.23 | ES132: 0 | ET132: 1625.43 | EU132: 142.58 | EV132: 955.29 | EW132: 28 | EX132: 0 | EY132: 0 | FQ132: 0 | FR132: =ROUND(IF(BI132=3,GM132,0),2) | FS132: 0 | FX132: 97 | FY132: 51 | GD132: 1 | GF132: 1887800105 | GG132: 2 | GH132: 1 | GI132: 2 | GJ132: 0 | GK132: 0 | GL132: =ROUND(IF(AND(BH132=3,BI132=3,FS132<>0),P132,0),2) | GM132: =ROUND(O132+X132+Y132,2)+GX132 | GN132: =IF(OR(BI132=0,BI132=1),GM132-GX132,0) | GO132: =IF(BI132=2,GM132-GX132,0) | GP132: =IF(BI132=4,GM132-GX132,0) | GR132: 0 | GS132: 0 | GT132: 0 | GV132: =ROUND((GT132),6) | GW132: 1 | GX132: =ROUND(HC132*I132,2) | GY132: 0 | GZ132: 0 | HA132: 0 | HB132: 0 | HC132: =GV132*GW132 | HD132: 0
A133: 17 | B133: 1 | C133: =ROW(SmtRes!A110) | D133: =ROW(EtalonRes!A110) | E133: 1 | F133: Калькуляция - 108 | G133: Монтаж электрозамка, доводчика и дверной группы | H133: 1 КОМПЛ. | I133: 28 | J133: 162.44 | K133: 72574 | O133: =ROUND((Z133+AC133+AD133),2) | P133: =ROUND((U133+X133+Y133),2) | Q133: =ROUND(10.18,2) | R133: =ROUND(AH133,2) | S133: ТСН-2001 Калькуляция - 108 | T133: work | U133: 46302.21 | V133: 13063.31 | W133: 1451.47 | X133: 16546.87 | Y133: 9724.92 | Z133: 4548.34 | AA133: 1283.23 | AB133: 142.58 | AC133: 1625.43 | AD133: 955.29 | AE133: work | AF133: 160.64 | AG133: 15.78 | AH133: 28 | AI133: =(((EX133*0.3)*1.1)) | AJ133: =(AS133) | AK133: 1283.23 | AL133: 0 | AM133: 1625.43 | AN133: 142.58 | AO133: =ROUND(O133,2) | AP133: 0 | AQ133: =ROUND(R133,2) | AR133: 0 | AS133: 0 | AT133: 97 | AU133: 51 | AV133: 1 | AW133: 1 | AZ133: 1 | BA133: 1 | BB133: 1 | BC133: 1 | BH133: 0 | BI133: 28 | BJ133: ТСН-2001 Калькуляция - 108, Калькуляция - 108 | BM133: 0 | BN133: 0 | BO133: Калькуляция - 108 | BP133: 1 | BQ133: 40 | BR133: 0 | BS133: 1 | BT133: 1 | BU133: 1 | BV133: 1 | BW133: 1 | BX133: 1 | BZ133: 97 | CA133: 51 | CE133: 30 | CF133: 0 | CG133: 0 | CM133: 0 | CO133: 0 | CP133: =ROUND(P133,2) | CQ133: =ROUND(V133,2) | CR133: =ROUND(W133,2) | CS133: =ROUND(X133,2) | CT133: =ROUND(Y133,2) | CU133: =ROUND(AF133,2) | CV133: =ROUND((AH133*AV133),2) | CW133: =ROUND(AI133,2) | CX133: =ROUND(AJ133,2) | CY133: =ROUND(((P133*AT133)/100),2) | CZ133: =ROUND(((P133*AU133)/100),2) | DB133: 215 | DD133: *0)*1 | DE133: *0,3)*1,1 | DF133: *0,3)*1,1 | DG133: *0,3)*1,1 | DI133: *0,3)*1,1 | DJ133: *0,3)*1,1 | DN133: 0 | DO133: 0 | DP133: 1 | DQ133: 1 | DU133: 1000 | DV133: 1 КОМПЛ.. | DW133: 1 КОМПЛ.. | DX133: 1 | EE133: 1723652745 | EF133: 40 | EG133: Монтаж оборудования | EH133: 0 | EJ133: 28 | EK133: 0 | EL133: ТСН-2001 Калькуляция - 108 | EM133: Калькуляция - 108 | EQ133: 131072 | ER133: 1283.23 | ES133: 0 | ET133: 1625.43 | EU133: 142.58 | EV133: 955.29 | EW133: 28 | EX133: 0 | EY133: 0 | FQ133: 0 | FR133: =ROUND(IF(BI133=3,GM133,0),2) | FS133: 0 | FX133: 97 | FY133: 51 | GD133: 1 | GF133: 1723652745 | GG133: 2 | GH133: 1 | GI133: 2 | GJ133: 0 | GK133: 0 | GL133: =ROUND(IF(AND(BH133=3,BI133=3,FS133<>0),P133,0),2) | GM133: =ROUND(O133+X133+Y133,2)+GX133 | GN133: =IF(OR(BI133=0,BI133=1),GM133-GX133,0) | GO133: =IF(BI133=2,GM133-GX133,0) | GP133: =IF(BI133=4,GM133-GX133,0) | GR133: 0 | GS133: 0 | GT133: 0 | GV133: =ROUND((GT133),6) | GW133: 1 | GX133: =ROUND(HC133*I133,2) | GY133: 0 | GZ133: 0 | HA133: 0 | HB133: 0 | HC133: =GV133*GW133 | HD133: 0
A134: 17 | B134: 1 | C134: =ROW(SmtRes!A111) | D134: =ROW(EtalonRes!A111) | E134: 1 | F134: Калькуляция - 109 | G134: Кнопка выхода, наладка и проверка зоны СКУД | H134: 1 КОМПЛ. | I134: 28 | J134: 129.95 | K134: 58059.2 | O134: =ROUND((Z134+AC134+AD134),2) | P134: =ROUND((U134+X134+Y134),2) | Q134: =ROUND(10.18,2) | R134: =ROUND(AH134,2) | S134: ТСН-2001 Калькуляция - 109 | T134: work | U134: 37041.77 | V134: 10450.68 | W134: 1161.18 | X134: 13237.52 | Y134: 7779.93 | Z134: 3638.69 | AA134: 1026.59 | AB134: 114.06 | AC134: 1300.35 | AD134: 764.24 | AE134: work | AF134: 128.58 | AG134: 12.63 | AH134: 28 | AI134: =(((EX134*0.3)*1.1)) | AJ134: =(AS134) | AK134: 1026.59 | AL134: 0 | AM134: 1300.35 | AN134: 114.06 | AO134: =ROUND(O134,2) | AP134: 0 | AQ134: =ROUND(R134,2) | AR134: 0 | AS134: 0 | AT134: 97 | AU134: 51 | AV134: 1 | AW134: 1 | AZ134: 1 | BA134: 1 | BB134: 1 | BC134: 1 | BH134: 0 | BI134: 28 | BJ134: ТСН-2001 Калькуляция - 109, Калькуляция - 109 | BM134: 0 | BN134: 0 | BO134: Калькуляция - 109 | BP134: 1 | BQ134: 40 | BR134: 0 | BS134: 1 | BT134: 1 | BU134: 1 | BV134: 1 | BW134: 1 | BX134: 1 | BZ134: 97 | CA134: 51 | CE134: 30 | CF134: 0 | CG134: 0 | CM134: 0 | CO134: 0 | CP134: =ROUND(P134,2) | CQ134: =ROUND(V134,2) | CR134: =ROUND(W134,2) | CS134: =ROUND(X134,2) | CT134: =ROUND(Y134,2) | CU134: =ROUND(AF134,2) | CV134: =ROUND((AH134*AV134),2) | CW134: =ROUND(AI134,2) | CX134: =ROUND(AJ134,2) | CY134: =ROUND(((P134*AT134)/100),2) | CZ134: =ROUND(((P134*AU134)/100),2) | DB134: 217 | DD134: *0)*1 | DE134: *0,3)*1,1 | DF134: *0,3)*1,1 | DG134: *0,3)*1,1 | DI134: *0,3)*1,1 | DJ134: *0,3)*1,1 | DN134: 0 | DO134: 0 | DP134: 1 | DQ134: 1 | DU134: 1000 | DV134: 1 КОМПЛ.. | DW134: 1 КОМПЛ.. | DX134: 1 | EE134: 1559505385 | EF134: 40 | EG134: Монтаж оборудования | EH134: 0 | EJ134: 28 | EK134: 0 | EL134: ТСН-2001 Калькуляция - 109 | EM134: Калькуляция - 109 | EQ134: 131072 | ER134: 1026.59 | ES134: 0 | ET134: 1300.35 | EU134: 114.06 | EV134: 764.24 | EW134: 28 | EX134: 0 | EY134: 0 | FQ134: 0 | FR134: =ROUND(IF(BI134=3,GM134,0),2) | FS134: 0 | FX134: 97 | FY134: 51 | GD134: 1 | GF134: 1559505385 | GG134: 2 | GH134: 1 | GI134: 2 | GJ134: 0 | GK134: 0 | GL134: =ROUND(IF(AND(BH134=3,BI134=3,FS134<>0),P134,0),2) | GM134: =ROUND(O134+X134+Y134,2)+GX134 | GN134: =IF(OR(BI134=0,BI134=1),GM134-GX134,0) | GO134: =IF(BI134=2,GM134-GX134,0) | GP134: =IF(BI134=4,GM134-GX134,0) | GR134: 0 | GS134: 0 | GT134: 0 | GV134: =ROUND((GT134),6) | GW134: 1 | GX134: =ROUND(HC134*I134,2) | GY134: 0 | GZ134: 0 | HA134: 0 | HB134: 0 | HC134: =GV134*GW134 | HD134: 0
A135: 17 | B135: 1 | C135: =ROW(SmtRes!A112) | D135: =ROW(EtalonRes!A112) | E135: 1 | F135: Калькуляция - 110 | G135: Грязезащитная система входной зоны по выбранному изделию | H135: 1 М2 | I135: 41.4 | J135: 41.9 | K135: 26280.19 | O135: =ROUND((Z135+AC135+AD135),2) | P135: =ROUND((U135+X135+Y135),2) | Q135: =ROUND(10.18,2) | R135: =ROUND(AH135,2) | S135: ТСН-2001 Калькуляция - 110 | T135: work | U135: 17660.29 | V135: 4730.43 | W135: 525.6 | X135: 5256.04 | Y135: 3363.87 | Z135: 1734.81 | AA135: 464.67 | AB135: 51.63 | AC135: 516.3 | AD135: 330.43 | AE135: work | AF135: 58.23 | AG135: 5.72 | AH135: 41.4 | AI135: =(((EX135*0.3)*1.1)) | AJ135: =(AS135) | AK135: 464.67 | AL135: 0 | AM135: 516.3 | AN135: 51.63 | AO135: =ROUND(O135,2) | AP135: 0 | AQ135: =ROUND(R135,2) | AR135: 0 | AS135: 0 | AT135: 97 | AU135: 51 | AV135: 1 | AW135: 1 | AZ135: 1 | BA135: 1 | BB135: 1 | BC135: 1 | BH135: 0 | BI135: 41.4 | BJ135: ТСН-2001 Калькуляция - 110, Калькуляция - 110 | BM135: 0 | BN135: 0 | BO135: Калькуляция - 110 | BP135: 1 | BQ135: 40 | BR135: 0 | BS135: 1 | BT135: 1 | BU135: 1 | BV135: 1 | BW135: 1 | BX135: 1 | BZ135: 97 | CA135: 51 | CE135: 30 | CF135: 0 | CG135: 0 | CM135: 0 | CO135: 0 | CP135: =ROUND(P135,2) | CQ135: =ROUND(V135,2) | CR135: =ROUND(W135,2) | CS135: =ROUND(X135,2) | CT135: =ROUND(Y135,2) | CU135: =ROUND(AF135,2) | CV135: =ROUND((AH135*AV135),2) | CW135: =ROUND(AI135,2) | CX135: =ROUND(AJ135,2) | CY135: =ROUND(((P135*AT135)/100),2) | CZ135: =ROUND(((P135*AU135)/100),2) | DB135: 219 | DD135: *0)*1 | DE135: *0,3)*1,1 | DF135: *0,3)*1,1 | DG135: *0,3)*1,1 | DI135: *0,3)*1,1 | DJ135: *0,3)*1,1 | DN135: 0 | DO135: 0 | DP135: 1 | DQ135: 1 | DU135: 1000 | DV135: 1 М2. | DW135: 1 М2. | DX135: 1 | EE135: 1170392744 | EF135: 40 | EG135: Строительные работы | EH135: 0 | EJ135: 41.4 | EK135: 0 | EL135: ТСН-2001 Калькуляция - 110 | EM135: Калькуляция - 110 | EQ135: 131072 | ER135: 464.67 | ES135: 0 | ET135: 516.3 | EU135: 51.63 | EV135: 330.43 | EW135: 41.4 | EX135: 0 | EY135: 0 | FQ135: 0 | FR135: =ROUND(IF(BI135=3,GM135,0),2) | FS135: 0 | FX135: 97 | FY135: 51 | GD135: 1 | GF135: 1170392744 | GG135: 2 | GH135: 1 | GI135: 2 | GJ135: 0 | GK135: 0 | GL135: =ROUND(IF(AND(BH135=3,BI135=3,FS135<>0),P135,0),2) | GM135: =ROUND(O135+X135+Y135,2)+GX135 | GN135: =IF(OR(BI135=0,BI135=1),GM135-GX135,0) | GO135: =IF(BI135=2,GM135-GX135,0) | GP135: =IF(BI135=4,GM135-GX135,0) | GR135: 0 | GS135: 0 | GT135: 0 | GV135: =ROUND((GT135),6) | GW135: 1 | GX135: =ROUND(HC135*I135,2) | GY135: 0 | GZ135: 0 | HA135: 0 | HB135: 0 | HC135: =GV135*GW135 | HD135: 0
A136: 17 | B136: 1 | C136: =ROW(SmtRes!A113) | D136: =ROW(EtalonRes!A113) | E136: 1 | F136: 3.11-10-1 | G136: Подготовка основания под грязезащитное покрытие | H136: 1 М2 | I136: 41.4 | J136: 11.43 | K136: 7167.33 | O136: =ROUND((Z136+AC136+AD136),2) | P136: =ROUND((U136+X136+Y136),2) | Q136: =ROUND(10.18,2) | R136: =ROUND(AH136,2) | S136: ТСН-2001 3.11-10-1 | T136: work | U136: 4816.44 | V136: 1290.12 | W136: 143.35 | X136: 1433.47 | Y136: 917.42 | Z136: 473.13 | AA136: 126.73 | AB136: 14.08 | AC136: 140.81 | AD136: 90.12 | AE136: work | AF136: 15.88 | AG136: 1.56 | AH136: 41.4 | AI136: =(((EX136*0.3)*1.1)) | AJ136: =(AS136) | AK136: 126.73 | AL136: 0 | AM136: 140.81 | AN136: 14.08 | AO136: =ROUND(O136,2) | AP136: 0 | AQ136: =ROUND(R136,2) | AR136: 0 | AS136: 0 | AT136: 97 | AU136: 51 | AV136: 1 | AW136: 1 | AZ136: 1 | BA136: 1 | BB136: 1 | BC136: 1 | BH136: 0 | BI136: 41.4 | BJ136: ТСН-2001 3.11-10-1, 3.11-10-1 | BM136: 311 | BN136: 0 | BO136: 3.11-10-1 | BP136: 1 | BQ136: 40 | BR136: 0 | BS136: 1 | BT136: 1 | BU136: 1 | BV136: 1 | BW136: 1 | BX136: 1 | BZ136: 97 | CA136: 51 | CE136: 30 | CF136: 0 | CG136: 0 | CM136: 0 | CO136: 0 | CP136: =ROUND(P136,2) | CQ136: =ROUND(V136,2) | CR136: =ROUND(W136,2) | CS136: =ROUND(X136,2) | CT136: =ROUND(Y136,2) | CU136: =ROUND(AF136,2) | CV136: =ROUND((AH136*AV136),2) | CW136: =ROUND(AI136,2) | CX136: =ROUND(AJ136,2) | CY136: =ROUND(((P136*AT136)/100),2) | CZ136: =ROUND(((P136*AU136)/100),2) | DB136: 221 | DD136: *0)*1 | DE136: *0,3)*1,1 | DF136: *0,3)*1,1 | DG136: *0,3)*1,1 | DI136: *0,3)*1,1 | DJ136: *0,3)*1,1 | DN136: 0 | DO136: 0 | DP136: 1 | DQ136: 1 | DU136: 1000 | DV136: 1 М2. | DW136: 1 М2. | DX136: 1 | EE136: 1709026376 | EF136: 40 | EG136: Строительные работы | EH136: 0 | EJ136: 41.4 | EK136: 311 | EL136: ТСН-2001 3.11-10-1 | EM136: ТСН-2001.3-11 | EQ136: 131072 | ER136: 126.73 | ES136: 0 | ET136: 140.81 | EU136: 14.08 | EV136: 90.12 | EW136: 41.4 | EX136: 0 | EY136: 0 | FQ136: 0 | FR136: =ROUND(IF(BI136=3,GM136,0),2) | FS136: 0 | FX136: 97 | FY136: 51 | GD136: 1 | GF136: 1709026376 | GG136: 2 | GH136: 1 | GI136: 2 | GJ136: 0 | GK136: 0 | GL136: =ROUND(IF(AND(BH136=3,BI136=3,FS136<>0),P136,0),2) | GM136: =ROUND(O136+X136+Y136,2)+GX136 | GN136: =IF(OR(BI136=0,BI136=1),GM136-GX136,0) | GO136: =IF(BI136=2,GM136-GX136,0) | GP136: =IF(BI136=4,GM136-GX136,0) | GR136: 0 | GS136: 0 | GT136: 0 | GV136: =ROUND((GT136),6) | GW136: 1 | GX136: =ROUND(HC136*I136,2) | GY136: 0 | GZ136: 0 | HA136: 0 | HB136: 0 | HC136: =GV136*GW136 | HD136: 0
A137: 17 | B137: 1 | C137: =ROW(SmtRes!A114) | D137: =ROW(EtalonRes!A114) | E137: 1 | F137: 3.11-36-1 | G137: Керамогранит/обрамление зоны грязезащиты | H137: 1 М2 | I137: 10.35 | J137: 45.71 | K137: 7167.33 | O137: =ROUND((Z137+AC137+AD137),2) | P137: =ROUND((U137+X137+Y137),2) | Q137: =ROUND(10.18,2) | R137: =ROUND(AH137,2) | S137: ТСН-2001 3.11-36-1 | T137: work | U137: 4816.44 | V137: 1290.12 | W137: 143.35 | X137: 1433.47 | Y137: 917.42 | Z137: 473.13 | AA137: 126.73 | AB137: 14.08 | AC137: 140.81 | AD137: 90.12 | AE137: work | AF137: 15.88 | AG137: 1.56 | AH137: 10.35 | AI137: =(((EX137*0.3)*1.1)) | AJ137: =(AS137) | AK137: 126.73 | AL137: 0 | AM137: 140.81 | AN137: 14.08 | AO137: =ROUND(O137,2) | AP137: 0 | AQ137: =ROUND(R137,2) | AR137: 0 | AS137: 0 | AT137: 97 | AU137: 51 | AV137: 1 | AW137: 1 | AZ137: 1 | BA137: 1 | BB137: 1 | BC137: 1 | BH137: 0 | BI137: 10.35 | BJ137: ТСН-2001 3.11-36-1, 3.11-36-1 | BM137: 311 | BN137: 0 | BO137: 3.11-36-1 | BP137: 1 | BQ137: 40 | BR137: 0 | BS137: 1 | BT137: 1 | BU137: 1 | BV137: 1 | BW137: 1 | BX137: 1 | BZ137: 97 | CA137: 51 | CE137: 30 | CF137: 0 | CG137: 0 | CM137: 0 | CO137: 0 | CP137: =ROUND(P137,2) | CQ137: =ROUND(V137,2) | CR137: =ROUND(W137,2) | CS137: =ROUND(X137,2) | CT137: =ROUND(Y137,2) | CU137: =ROUND(AF137,2) | CV137: =ROUND((AH137*AV137),2) | CW137: =ROUND(AI137,2) | CX137: =ROUND(AJ137,2) | CY137: =ROUND(((P137*AT137)/100),2) | CZ137: =ROUND(((P137*AU137)/100),2) | DB137: 223 | DD137: *0)*1 | DE137: *0,3)*1,1 | DF137: *0,3)*1,1 | DG137: *0,3)*1,1 | DI137: *0,3)*1,1 | DJ137: *0,3)*1,1 | DN137: 0 | DO137: 0 | DP137: 1 | DQ137: 1 | DU137: 1000 | DV137: 1 М2. | DW137: 1 М2. | DX137: 1 | EE137: 1312759336 | EF137: 40 | EG137: Строительные работы | EH137: 0 | EJ137: 10.35 | EK137: 311 | EL137: ТСН-2001 3.11-36-1 | EM137: ТСН-2001.3-11 | EQ137: 131072 | ER137: 126.73 | ES137: 0 | ET137: 140.81 | EU137: 14.08 | EV137: 90.12 | EW137: 10.35 | EX137: 0 | EY137: 0 | FQ137: 0 | FR137: =ROUND(IF(BI137=3,GM137,0),2) | FS137: 0 | FX137: 97 | FY137: 51 | GD137: 1 | GF137: 1312759336 | GG137: 2 | GH137: 1 | GI137: 2 | GJ137: 0 | GK137: 0 | GL137: =ROUND(IF(AND(BH137=3,BI137=3,FS137<>0),P137,0),2) | GM137: =ROUND(O137+X137+Y137,2)+GX137 | GN137: =IF(OR(BI137=0,BI137=1),GM137-GX137,0) | GO137: =IF(BI137=2,GM137-GX137,0) | GP137: =IF(BI137=4,GM137-GX137,0) | GR137: 0 | GS137: 0 | GT137: 0 | GV137: =ROUND((GT137),6) | GW137: 1 | GX137: =ROUND(HC137*I137,2) | GY137: 0 | GZ137: 0 | HA137: 0 | HB137: 0 | HC137: =GV137*GW137 | HD137: 0
... A196: 17 | B196: 1 | C196: =ROW(SmtRes!A173) | D196: =ROW(EtalonRes!A173) | E196: 1 | F196: Калькуляция - 171 | G196: Пусконаладка, проверка пожарных требований и передача сауны | H196: 1 КОМПЛ. | I196: 1 | J196: 625.43 | K196: 8698.01 | O196: =ROUND((Z196+AC196+AD196),2) | P196: =ROUND((U196+X196+Y196),2) | Q196: =ROUND(10.18,2) | R196: =ROUND(AH196,2) | S196: ТСН-2001 Калькуляция - 171 | T196: work | U196: 6366.94 | V196: 1565.64 | W196: 173.96 | X196: 1165.53 | Y196: 1165.53 | Z196: 625.43 | AA196: 153.8 | AB196: 17.08 | AC196: 114.5 | AD196: 114.5 | AE196: work | AF196: 19.25 | AG196: 1.89 | AH196: 1 | AI196: =(((EX196*0.3)*1.1)) | AJ196: =(AS196) | AK196: 153.8 | AL196: 0 | AM196: 114.5 | AN196: 17.08 | AO196: =ROUND(O196,2) | AP196: 0 | AQ196: =ROUND(R196,2) | AR196: 0 | AS196: 0 | AT196: 97 | AU196: 51 | AV196: 1 | AW196: 1 | AZ196: 1 | BA196: 1 | BB196: 1 | BC196: 1 | BH196: 0 | BI196: 1 | BJ196: ТСН-2001 Калькуляция - 171, Калькуляция - 171 | BM196: 0 | BN196: 0 | BO196: Калькуляция - 171 | BP196: 1 | BQ196: 40 | BR196: 0 | BS196: 1 | BT196: 1 | BU196: 1 | BV196: 1 | BW196: 1 | BX196: 1 | BZ196: 97 | CA196: 51 | CE196: 30 | CF196: 0 | CG196: 0 | CM196: 0 | CO196: 0 | CP196: =ROUND(P196,2) | CQ196: =ROUND(V196,2) | CR196: =ROUND(W196,2) | CS196: =ROUND(X196,2) | CT196: =ROUND(Y196,2) | CU196: =ROUND(AF196,2) | CV196: =ROUND((AH196*AV196),2) | CW196: =ROUND(AI196,2) | CX196: =ROUND(AJ196,2) | CY196: =ROUND(((P196*AT196)/100),2) | CZ196: =ROUND(((P196*AU196)/100),2) | DB196: 341 | DD196: *0)*1 | DE196: *0,3)*1,1 | DF196: *0,3)*1,1 | DG196: *0,3)*1,1 | DI196: *0,3)*1,1 | DJ196: *0,3)*1,1 | DN196: 0 | DO196: 0 | DP196: 1 | DQ196: 1 | DU196: 1000 | DV196: 1 КОМПЛ.. | DW196: 1 КОМПЛ.. | DX196: 1 | EE196: 1049813484 | EF196: 40 | EG196: Монтаж оборудования | EH196: 0 | EJ196: 1 | EK196: 0 | EL196: ТСН-2001 Калькуляция - 171 | EM196: Калькуляция - 171 | EQ196: 131072 | ER196: 153.8 | ES196: 0 | ET196: 114.5 | EU196: 17.08 | EV196: 114.5 | EW196: 1 | EX196: 0 | EY196: 0 | FQ196: 0 | FR196: =ROUND(IF(BI196=3,GM196,0),2) | FS196: 0 | FX196: 97 | FY196: 51 | GD196: 1 | GF196: 1049813484 | GG196: 2 | GH196: 1 | GI196: 2 | GJ196: 0 | GK196: 0 | GL196: =ROUND(IF(AND(BH196=3,BI196=3,FS196<>0),P196,0),2) | GM196: =ROUND(O196+X196+Y196,2)+GX196 | GN196: =IF(OR(BI196=0,BI196=1),GM196-GX196,0) | GO196: =IF(BI196=2,GM196-GX196,0) | GP196: =IF(BI196=4,GM196-GX196,0) | GR196: 0 | GS196: 0 | GT196: 0 | GV196: =ROUND((GT196),6) | GW196: 1 | GX196: =ROUND(HC196*I196,2) | GY196: 0 | GZ196: 0 | HA196: 0 | HB196: 0 | HC196: =GV196*GW196 | HD196: 0
A197: 18 | B197: 1 | C197: =ROW(SmtRes!A174) | D197: =ROW(EtalonRes!A174) | E197: 2 | F197: PETR-630824 | G197: Пленка укрывная защитная | H197: м2 | I197: 1584.55 | J197: 27.88 | K197: 44174.45 | O197: =ROUND(Z197,2) | P197: =ROUND(U197,2) | Q197: =ROUND(1,2) | R197: =ROUND(AH197,2) | S197: PETR-630824 | T197: equipment | U197: 44174.45 | V197: 0 | W197: 0 | X197: 0 | Y197: 0 | Z197: 44177.25 | AA197: 0 | AB197: 0 | AC197: 0 | AD197: 0 | AE197: equipment | AF197: 0 | AG197: 0 | AH197: 0 | AI197: =(EX197) | AJ197: =(AS197) | AK197: 0 | AL197: 0 | AM197: 0 | AN197: 0 | AO197: =ROUND(O197,2) | AP197: 0 | AQ197: =ROUND(R197,2) | AR197: 0 | AS197: 0 | AT197: 0 | AU197: 0 | AV197: 1 | AW197: 1 | AZ197: 1 | BA197: 0 | BB197: 0 | BC197: 1 | BH197: 3 | BI197: 1584.55 | BM197: 400003 | BN197: 0 | BP197: 0 | BQ197: 216 | BR197: 0 | BS197: 1 | BT197: 1 | BU197: 1 | BV197: 1 | BW197: 1 | BX197: 1 | BZ197: 0 | CA197: 0 | CE197: 30 | CF197: 0 | CG197: 0 | CM197: 0 | CO197: 0 | CP197: =ROUND(P197,2) | CQ197: =ROUND(V197,2) | CR197: =ROUND(W197,2) | CS197: =ROUND(X197,2) | CT197: =ROUND(Y197,2) | CU197: =ROUND(AF197,2) | CV197: =ROUND((AH197*AV197),2) | CW197: =ROUND(AI197,2) | CX197: =ROUND(AJ197,2) | CY197: =ROUND(((P197*AT197)/100),2) | CZ197: =ROUND(((P197*AU197)/100),2) | DN197: 0 | DO197: 0 | DP197: 1 | DQ197: 1 | DU197: 1000 | DV197: м2 | DW197: м2 | DX197: 1 | EE197: 1890348456 | EF197: 216 | EG197: Оборудование | EH197: 0 | EJ197: 1584.55 | EK197: 0 | EL197: ТКП / коммерческое предложение | EM197: PETR-630824 | EQ197: 0 | ER197: 27.88 | ES197: 0 | ET197: 0 | EU197: 0 | EV197: 0 | EW197: 0 | EX197: 0 | EY197: 0 | FQ197: 0 | FR197: =ROUND(IF(BI197=3,GM197,0),2) | FS197: 0 | FX197: 0 | FY197: 0 | GA197: [83 / 1,20 / 1] + 1,2% Заг.скл | GD197: 1 | GF197: 1890348456 | GG197: 2 | GH197: 3 | GI197: 5 | GJ197: 0 | GK197: 0 | GL197: =ROUND(IF(AND(BH197=3,BI197=3,FS197<>0),P197,0),2) | GM197: =ROUND(O197+X197+Y197,2)+GX197 | GN197: =IF(OR(BI197=0,BI197=1),GM197-GX197,0) | GO197: =IF(BI197=2,GM197-GX197,0) | GP197: =IF(BI197=4,GM197-GX197,0) | GR197: 1 | GS197: 1 | GT197: 0 | GV197: =ROUND((GT197),6) | GW197: 1 | GX197: =ROUND(HC197*I197,2) | GY197: 0 | GZ197: 0 | HA197: 0 | HB197: 0 | HC197: =GV197*GW197 | HD197: 0
A198: 18 | B198: 1 | C198: =ROW(SmtRes!A175) | D198: =ROW(EtalonRes!A175) | E198: 2.1 | F198: PETR-787634 | G198: Лента малярная/скотч строительный | H198: шт. | I198: 104.5 | J198: 200.72 | K198: 20975.58 | O198: =ROUND(Z198,2) | P198: =ROUND(U198,2) | Q198: =ROUND(1,2) | R198: =ROUND(AH198,2) | S198: PETR-787634 | T198: material | U198: 20975.58 | V198: 0 | W198: 0 | X198: 0 | Y198: 0 | Z198: 20975.24 | AA198: 0 | AB198: 0 | AC198: 0 | AD198: 0 | AE198: material | AF198: 0 | AG198: 0 | AH198: 0 | AI198: =(EX198) | AJ198: =(AS198) | AK198: 0 | AL198: 0 | AM198: 0 | AN198: 0 | AO198: =ROUND(O198,2) | AP198: 0 | AQ198: =ROUND(R198,2) | AR198: 0 | AS198: 0 | AT198: 0 | AU198: 0 | AV198: 1 | AW198: 1 | AZ198: 1 | BA198: 0 | BB198: 0 | BC198: 1 | BH198: 3 | BI198: 104.5 | BM198: 400002 | BN198: 0 | BP198: 0 | BQ198: 202 | BR198: 0 | BS198: 1 | BT198: 1 | BU198: 1 | BV198: 1 | BW198: 1 | BX198: 1 | BZ198: 0 | CA198: 0 | CE198: 30 | CF198: 0 | CG198: 0 | CM198: 0 | CO198: 0 | CP198: =ROUND(P198,2) | CQ198: =ROUND(V198,2) | CR198: =ROUND(W198,2) | CS198: =ROUND(X198,2) | CT198: =ROUND(Y198,2) | CU198: =ROUND(AF198,2) | CV198: =ROUND((AH198*AV198),2) | CW198: =ROUND(AI198,2) | CX198: =ROUND(AJ198,2) | CY198: =ROUND(((P198*AT198)/100),2) | CZ198: =ROUND(((P198*AU198)/100),2) | DN198: 0 | DO198: 0 | DP198: 1 | DQ198: 1 | DU198: 1000 | DV198: шт. | DW198: шт. | DX198: 1 | EE198: 1544165821 | EF198: 202 | EG198: Материалы | EH198: 0 | EJ198: 104.5 | EK198: 0 | EL198: ТКП / коммерческое предложение | EM198: PETR-787634 | EQ198: 0 | ER198: 200.72 | ES198: 0 | ET198: 0 | EU198: 0 | EV198: 0 | EW198: 0 | EX198: 0 | EY198: 0 | FQ198: 0 | FR198: =ROUND(IF(BI198=3,GM198,0),2) | FS198: 0 | FX198: 0 | FY198: 0 | GA198: [82 / 1,20 / 1] + 2% Заг.скл | GD198: 1 | GF198: 1544165821 | GG198: 2 | GH198: 4 | GI198: -2 | GJ198: 0 | GK198: 0 | GL198: =ROUND(IF(AND(BH198=3,BI198=3,FS198<>0),P198,0),2) | GM198: =ROUND(O198+X198+Y198,2)+GX198 | GN198: =IF(OR(BI198=0,BI198=1),GM198-GX198,0) | GO198: =IF(BI198=2,GM198-GX198,0) | GP198: =IF(BI198=4,GM198-GX198,0) | GR198: 0 | GS198: 2 | GT198: 0 | GV198: =ROUND((GT198),6) | GW198: 1 | GX198: =ROUND(HC198*I198,2) | GY198: 0 | GZ198: 0 | HA198: 0 | HB198: 0 | HC198: =GV198*GW198 | HD198: 0
A199: 18 | B199: 1 | C199: =ROW(SmtRes!A176) | D199: =ROW(EtalonRes!A176) | E199: 2 | F199: PETR-617522 | G199: Временное электроснабжение зоны ремонта: щиток, кабель, автоматы, удлинители | H199: компл. | I199: 12.13 | J199: 7248.34 | K199: 87922.36 | O199: =ROUND(Z199,2) | P199: =ROUND(U199,2) | Q199: =ROUND(1,2) | R199: =ROUND(AH199,2) | S199: PETR-617522 | T199: equipment | U199: 87922.36 | V199: 0 | W199: 0 | X199: 0 | Y199: 0 | Z199: 87922.36 | AA199: 0 | AB199: 0 | AC199: 0 | AD199: 0 | AE199: equipment | AF199: 0 | AG199: 0 | AH199: 0 | AI199: =(EX199) | AJ199: =(AS199) | AK199: 0 | AL199: 0 | AM199: 0 | AN199: 0 | AO199: =ROUND(O199,2) | AP199: 0 | AQ199: =ROUND(R199,2) | AR199: 0 | AS199: 0 | AT199: 0 | AU199: 0 | AV199: 1 | AW199: 1 | AZ199: 1 | BA199: 0 | BB199: 0 | BC199: 1 | BH199: 3 | BI199: 12.13 | BM199: 400003 | BN199: 0 | BP199: 0 | BQ199: 216 | BR199: 0 | BS199: 1 | BT199: 1 | BU199: 1 | BV199: 1 | BW199: 1 | BX199: 1 | BZ199: 0 | CA199: 0 | CE199: 30 | CF199: 0 | CG199: 0 | CM199: 0 | CO199: 0 | CP199: =ROUND(P199,2) | CQ199: =ROUND(V199,2) | CR199: =ROUND(W199,2) | CS199: =ROUND(X199,2) | CT199: =ROUND(Y199,2) | CU199: =ROUND(AF199,2) | CV199: =ROUND((AH199*AV199),2) | CW199: =ROUND(AI199,2) | CX199: =ROUND(AJ199,2) | CY199: =ROUND(((P199*AT199)/100),2) | CZ199: =ROUND(((P199*AU199)/100),2) | DN199: 0 | DO199: 0 | DP199: 1 | DQ199: 1 | DU199: 1000 | DV199: компл. | DW199: компл. | DX199: 1 | EE199: 1524131293 | EF199: 216 | EG199: Оборудование | EH199: 0 | EJ199: 12.13 | EK199: 0 | EL199: ТКП / коммерческое предложение | EM199: PETR-617522 | EQ199: 0 | ER199: 7248.34 | ES199: 0 | ET199: 0 | EU199: 0 | EV199: 0 | EW199: 0 | EX199: 0 | EY199: 0 | FQ199: 0 | FR199: =ROUND(IF(BI199=3,GM199,0),2) | FS199: 0 | FX199: 0 | FY199: 0 | GA199: [83 / 1,20 / 1] + 1,2% Заг.скл | GD199: 1 | GF199: 1524131293 | GG199: 2 | GH199: 3 | GI199: 5 | GJ199: 0 | GK199: 0 | GL199: =ROUND(IF(AND(BH199=3,BI199=3,FS199<>0),P199,0),2) | GM199: =ROUND(O199+X199+Y199,2)+GX199 | GN199: =IF(OR(BI199=0,BI199=1),GM199-GX199,0) | GO199: =IF(BI199=2,GM199-GX199,0) | GP199: =IF(BI199=4,GM199-GX199,0) | GR199: 1 | GS199: 1 | GT199: 0 | GV199: =ROUND((GT199),6) | GW199: 1 | GX199: =ROUND(HC199*I199,2) | GY199: 0 | GZ199: 0 | HA199: 0 | HB199: 0 | HC199: =GV199*GW199 | HD199: 0
A200: 18 | B200: 1 | C200: =ROW(SmtRes!A177) | D200: =ROW(EtalonRes!A177) | E200: 2 | F200: PETR-987814 | G200: Временное освещение и переносные светильники для производства работ | H200: компл. | I200: 25.79 | J200: 3568.41 | K200: 92029.38 | O200: =ROUND(Z200,2) | P200: =ROUND(U200,2) | Q200: =ROUND(1,2) | R200: =ROUND(AH200,2) | S200: PETR-987814 | T200: equipment | U200: 92029.38 | V200: 0 | W200: 0 | X200: 0 | Y200: 0 | Z200: 92029.29 | AA200: 0 | AB200: 0 | AC200: 0 | AD200: 0 | AE200: equipment | AF200: 0 | AG200: 0 | AH200: 0 | AI200: =(EX200) | AJ200: =(AS200) | AK200: 0 | AL200: 0 | AM200: 0 | AN200: 0 | AO200: =ROUND(O200,2) | AP200: 0 | AQ200: =ROUND(R200,2) | AR200: 0 | AS200: 0 | AT200: 0 | AU200: 0 | AV200: 1 | AW200: 1 | AZ200: 1 | BA200: 0 | BB200: 0 | BC200: 1 | BH200: 3 | BI200: 25.79 | BM200: 400003 | BN200: 0 | BP200: 0 | BQ200: 216 | BR200: 0 | BS200: 1 | BT200: 1 | BU200: 1 | BV200: 1 | BW200: 1 | BX200: 1 | BZ200: 0 | CA200: 0 | CE200: 30 | CF200: 0 | CG200: 0 | CM200: 0 | CO200: 0 | CP200: =ROUND(P200,2) | CQ200: =ROUND(V200,2) | CR200: =ROUND(W200,2) | CS200: =ROUND(X200,2) | CT200: =ROUND(Y200,2) | CU200: =ROUND(AF200,2) | CV200: =ROUND((AH200*AV200),2) | CW200: =ROUND(AI200,2) | CX200: =ROUND(AJ200,2) | CY200: =ROUND(((P200*AT200)/100),2) | CZ200: =ROUND(((P200*AU200)/100),2) | DN200: 0 | DO200: 0 | DP200: 1 | DQ200: 1 | DU200: 1000 | DV200: компл. | DW200: компл. | DX200: 1 | EE200: 1288211273 | EF200: 216 | EG200: Оборудование | EH200: 0 | EJ200: 25.79 | EK200: 0 | EL200: ТКП / коммерческое предложение | EM200: PETR-987814 | EQ200: 0 | ER200: 3568.41 | ES200: 0 | ET200: 0 | EU200: 0 | EV200: 0 | EW200: 0 | EX200: 0 | EY200: 0 | FQ200: 0 | FR200: =ROUND(IF(BI200=3,GM200,0),2) | FS200: 0 | FX200: 0 | FY200: 0 | GA200: [83 / 1,20 / 1] + 1,2% Заг.скл | GD200: 1 | GF200: 1288211273 | GG200: 2 | GH200: 3 | GI200: 5 | GJ200: 0 | GK200: 0 | GL200: =ROUND(IF(AND(BH200=3,BI200=3,FS200<>0),P200,0),2) | GM200: =ROUND(O200+X200+Y200,2)+GX200 | GN200: =IF(OR(BI200=0,BI200=1),GM200-GX200,0) | GO200: =IF(BI200=2,GM200-GX200,0) | GP200: =IF(BI200=4,GM200-GX200,0) | GR200: 1 | GS200: 1 | GT200: 0 | GV200: =ROUND((GT200),6) | GW200: 1 | GX200: =ROUND(HC200*I200,2) | GY200: 0 | GZ200: 0 | HA200: 0 | HB200: 0 | HC200: =GV200*GW200 | HD200: 0
A201: 18 | B201: 1 | C201: =ROW(SmtRes!A178) | D201: =ROW(EtalonRes!A178) | E201: 2 | F201: PETR-102144 | G201: Жесткая защита полов и маршрутов: оргалит/ДВП/гофрокартон | H201: м2 | I201: 930.14 | J201: 289.93 | K201: 269678.82 | O201: =ROUND(Z201,2) | P201: =ROUND(U201,2) | Q201: =ROUND(1,2) | R201: =ROUND(AH201,2) | S201: PETR-102144 | T201: equipment | U201: 269678.82 | V201: 0 | W201: 0 | X201: 0 | Y201: 0 | Z201: 269675.49 | AA201: 0 | AB201: 0 | AC201: 0 | AD201: 0 | AE201: equipment | AF201: 0 | AG201: 0 | AH201: 0 | AI201: =(EX201) | AJ201: =(AS201) | AK201: 0 | AL201: 0 | AM201: 0 | AN201: 0 | AO201: =ROUND(O201,2) | AP201: 0 | AQ201: =ROUND(R201,2) | AR201: 0 | AS201: 0 | AT201: 0 | AU201: 0 | AV201: 1 | AW201: 1 | AZ201: 1 | BA201: 0 | BB201: 0 | BC201: 1 | BH201: 3 | BI201: 930.14 | BM201: 400003 | BN201: 0 | BP201: 0 | BQ201: 216 | BR201: 0 | BS201: 1 | BT201: 1 | BU201: 1 | BV201: 1 | BW201: 1 | BX201: 1 | BZ201: 0 | CA201: 0 | CE201: 30 | CF201: 0 | CG201: 0 | CM201: 0 | CO201: 0 | CP201: =ROUND(P201,2) | CQ201: =ROUND(V201,2) | CR201: =ROUND(W201,2) | CS201: =ROUND(X201,2) | CT201: =ROUND(Y201,2) | CU201: =ROUND(AF201,2) | CV201: =ROUND((AH201*AV201),2) | CW201: =ROUND(AI201,2) | CX201: =ROUND(AJ201,2) | CY201: =ROUND(((P201*AT201)/100),2) | CZ201: =ROUND(((P201*AU201)/100),2) | DN201: 0 | DO201: 0 | DP201: 1 | DQ201: 1 | DU201: 1000 | DV201: м2 | DW201: м2 | DX201: 1 | EE201: 1161987068 | EF201: 216 | EG201: Оборудование | EH201: 0 | EJ201: 930.14 | EK201: 0 | EL201: ТКП / коммерческое предложение | EM201: PETR-102144 | EQ201: 0 | ER201: 289.93 | ES201: 0 | ET201: 0 | EU201: 0 | EV201: 0 | EW201: 0 | EX201: 0 | EY201: 0 | FQ201: 0 | FR201: =ROUND(IF(BI201=3,GM201,0),2) | FS201: 0 | FX201: 0 | FY201: 0 | GA201: [83 / 1,20 / 1] + 1,2% Заг.скл | GD201: 1 | GF201: 1161987068 | GG201: 2 | GH201: 3 | GI201: 5 | GJ201: 0 | GK201: 0 | GL201: =ROUND(IF(AND(BH201=3,BI201=3,FS201<>0),P201,0),2) | GM201: =ROUND(O201+X201+Y201,2)+GX201 | GN201: =IF(OR(BI201=0,BI201=1),GM201-GX201,0) | GO201: =IF(BI201=2,GM201-GX201,0) | GP201: =IF(BI201=4,GM201-GX201,0) | GR201: 1 | GS201: 1 | GT201: 0 | GV201: =ROUND((GT201),6) | GW201: 1 | GX201: =ROUND(HC201*I201,2) | GY201: 0 | GZ201: 0 | HA201: 0 | HB201: 0 | HC201: =GV201*GW201 | HD201: 0
A202: 18 | B202: 1 | C202: =ROW(SmtRes!A179) | D202: =ROW(EtalonRes!A179) | E202: 2 | F202: PETR-641043 | G202: Пылезащитные завесы, временные двери, укрытие проемов | H202: компл. | I202: 11.28 | J202: 3902.95 | K202: 44025.3 | O202: =ROUND(Z202,2) | P202: =ROUND(U202,2) | Q202: =ROUND(1,2) | R202: =ROUND(AH202,2) | S202: PETR-641043 | T202: equipment | U202: 44025.3 | V202: 0 | W202: 0 | X202: 0 | Y202: 0 | Z202: 44025.28 | AA202: 0 | AB202: 0 | AC202: 0 | AD202: 0 | AE202: equipment | AF202: 0 | AG202: 0 | AH202: 0 | AI202: =(EX202) | AJ202: =(AS202) | AK202: 0 | AL202: 0 | AM202: 0 | AN202: 0 | AO202: =ROUND(O202,2) | AP202: 0 | AQ202: =ROUND(R202,2) | AR202: 0 | AS202: 0 | AT202: 0 | AU202: 0 | AV202: 1 | AW202: 1 | AZ202: 1 | BA202: 0 | BB202: 0 | BC202: 1 | BH202: 3 | BI202: 11.28 | BM202: 400003 | BN202: 0 | BP202: 0 | BQ202: 216 | BR202: 0 | BS202: 1 | BT202: 1 | BU202: 1 | BV202: 1 | BW202: 1 | BX202: 1 | BZ202: 0 | CA202: 0 | CE202: 30 | CF202: 0 | CG202: 0 | CM202: 0 | CO202: 0 | CP202: =ROUND(P202,2) | CQ202: =ROUND(V202,2) | CR202: =ROUND(W202,2) | CS202: =ROUND(X202,2) | CT202: =ROUND(Y202,2) | CU202: =ROUND(AF202,2) | CV202: =ROUND((AH202*AV202),2) | CW202: =ROUND(AI202,2) | CX202: =ROUND(AJ202,2) | CY202: =ROUND(((P202*AT202)/100),2) | CZ202: =ROUND(((P202*AU202)/100),2) | DN202: 0 | DO202: 0 | DP202: 1 | DQ202: 1 | DU202: 1000 | DV202: компл. | DW202: компл. | DX202: 1 | EE202: 1549685179 | EF202: 216 | EG202: Оборудование | EH202: 0 | EJ202: 11.28 | EK202: 0 | EL202: ТКП / коммерческое предложение | EM202: PETR-641043 | EQ202: 0 | ER202: 3902.95 | ES202: 0 | ET202: 0 | EU202: 0 | EV202: 0 | EW202: 0 | EX202: 0 | EY202: 0 | FQ202: 0 | FR202: =ROUND(IF(BI202=3,GM202,0),2) | FS202: 0 | FX202: 0 | FY202: 0 | GA202: [83 / 1,20 / 1] + 1,2% Заг.скл | GD202: 1 | GF202: 1549685179 | GG202: 2 | GH202: 3 | GI202: 5 | GJ202: 0 | GK202: 0 | GL202: =ROUND(IF(AND(BH202=3,BI202=3,FS202<>0),P202,0),2) | GM202: =ROUND(O202+X202+Y202,2)+GX202 | GN202: =IF(OR(BI202=0,BI202=1),GM202-GX202,0) | GO202: =IF(BI202=2,GM202-GX202,0) | GP202: =IF(BI202=4,GM202-GX202,0) | GR202: 1 | GS202: 1 | GT202: 0 | GV202: =ROUND((GT202),6) | GW202: 1 | GX202: =ROUND(HC202*I202,2) | GY202: 0 | GZ202: 0 | HA202: 0 | HB202: 0 | HC202: =GV202*GW202 | HD202: 0
A203: 18 | B203: 1 | C203: =ROW(SmtRes!A180) | D203: =ROW(EtalonRes!A180) | E203: 2.1 | F203: PETR-815750 | G203: Расходники инструмента: диски, буры, сверла, лезвия, насадки, коронки | H203: м2 | I203: 2601.52 | J203: 94.79 | K203: 246587.62 | O203: =ROUND(Z203,2) | P203: =ROUND(U203,2) | Q203: =ROUND(1,2) | R203: =ROUND(AH203,2) | S203: PETR-815750 | T203: material | U203: 246587.62 | V203: 0 | W203: 0 | X203: 0 | Y203: 0 | Z203: 246598.08 | AA203: 0 | AB203: 0 | AC203: 0 | AD203: 0 | AE203: material | AF203: 0 | AG203: 0 | AH203: 0 | AI203: =(EX203) | AJ203: =(AS203) | AK203: 0 | AL203: 0 | AM203: 0 | AN203: 0 | AO203: =ROUND(O203,2) | AP203: 0 | AQ203: =ROUND(R203,2) | AR203: 0 | AS203: 0 | AT203: 0 | AU203: 0 | AV203: 1 | AW203: 1 | AZ203: 1 | BA203: 0 | BB203: 0 | BC203: 1 | BH203: 3 | BI203: 2601.52 | BM203: 400002 | BN203: 0 | BP203: 0 | BQ203: 202 | BR203: 0 | BS203: 1 | BT203: 1 | BU203: 1 | BV203: 1 | BW203: 1 | BX203: 1 | BZ203: 0 | CA203: 0 | CE203: 30 | CF203: 0 | CG203: 0 | CM203: 0 | CO203: 0 | CP203: =ROUND(P203,2) | CQ203: =ROUND(V203,2) | CR203: =ROUND(W203,2) | CS203: =ROUND(X203,2) | CT203: =ROUND(Y203,2) | CU203: =ROUND(AF203,2) | CV203: =ROUND((AH203*AV203),2) | CW203: =ROUND(AI203,2) | CX203: =ROUND(AJ203,2) | CY203: =ROUND(((P203*AT203)/100),2) | CZ203: =ROUND(((P203*AU203)/100),2) | DN203: 0 | DO203: 0 | DP203: 1 | DQ203: 1 | DU203: 1000 | DV203: м2 | DW203: м2 | DX203: 1 | EE203: 1220594104 | EF203: 202 | EG203: Материалы | EH203: 0 | EJ203: 2601.52 | EK203: 0 | EL203: ТКП / коммерческое предложение | EM203: PETR-815750 | EQ203: 0 | ER203: 94.79 | ES203: 0 | ET203: 0 | EU203: 0 | EV203: 0 | EW203: 0 | EX203: 0 | EY203: 0 | FQ203: 0 | FR203: =ROUND(IF(BI203=3,GM203,0),2) | FS203: 0 | FX203: 0 | FY203: 0 | GA203: [82 / 1,20 / 1] + 2% Заг.скл | GD203: 1 | GF203: 1220594104 | GG203: 2 | GH203: 4 | GI203: -2 | GJ203: 0 | GK203: 0 | GL203: =ROUND(IF(AND(BH203=3,BI203=3,FS203<>0),P203,0),2) | GM203: =ROUND(O203+X203+Y203,2)+GX203 | GN203: =IF(OR(BI203=0,BI203=1),GM203-GX203,0) | GO203: =IF(BI203=2,GM203-GX203,0) | GP203: =IF(BI203=4,GM203-GX203,0) | GR203: 0 | GS203: 2 | GT203: 0 | GV203: =ROUND((GT203),6) | GW203: 1 | GX203: =ROUND(HC203*I203,2) | GY203: 0 | GZ203: 0 | HA203: 0 | HB203: 0 | HC203: =GV203*GW203 | HD203: 0
A204: 18 | B204: 1 | C204: =ROW(SmtRes!A181) | D204: =ROW(EtalonRes!A181) | E204: 2.1 | F204: PETR-104801 | G204: Мешки строительные для мусора | H204: упак. | I204: 136.4 | J204: 390.3 | K204: 53236.27 | O204: =ROUND(Z204,2) | P204: =ROUND(U204,2) | Q204: =ROUND(1,2) | R204: =ROUND(AH204,2) | S204: PETR-104801 | T204: material | U204: 53236.27 | V204: 0 | W204: 0 | X204: 0 | Y204: 0 | Z204: 53236.92 | AA204: 0 | AB204: 0 | AC204: 0 | AD204: 0 | AE204: material | AF204: 0 | AG204: 0 | AH204: 0 | AI204: =(EX204) | AJ204: =(AS204) | AK204: 0 | AL204: 0 | AM204: 0 | AN204: 0 | AO204: =ROUND(O204,2) | AP204: 0 | AQ204: =ROUND(R204,2) | AR204: 0 | AS204: 0 | AT204: 0 | AU204: 0 | AV204: 1 | AW204: 1 | AZ204: 1 | BA204: 0 | BB204: 0 | BC204: 1 | BH204: 3 | BI204: 136.4 | BM204: 400002 | BN204: 0 | BP204: 0 | BQ204: 202 | BR204: 0 | BS204: 1 | BT204: 1 | BU204: 1 | BV204: 1 | BW204: 1 | BX204: 1 | BZ204: 0 | CA204: 0 | CE204: 30 | CF204: 0 | CG204: 0 | CM204: 0 | CO204: 0 | CP204: =ROUND(P204,2) | CQ204: =ROUND(V204,2) | CR204: =ROUND(W204,2) | CS204: =ROUND(X204,2) | CT204: =ROUND(Y204,2) | CU204: =ROUND(AF204,2) | CV204: =ROUND((AH204*AV204),2) | CW204: =ROUND(AI204,2) | CX204: =ROUND(AJ204,2) | CY204: =ROUND(((P204*AT204)/100),2) | CZ204: =ROUND(((P204*AU204)/100),2) | DN204: 0 | DO204: 0 | DP204: 1 | DQ204: 1 | DU204: 1000 | DV204: упак. | DW204: упак. | DX204: 1 | EE204: 1544876940 | EF204: 202 | EG204: Материалы | EH204: 0 | EJ204: 136.4 | EK204: 0 | EL204: ТКП / коммерческое предложение | EM204: PETR-104801 | EQ204: 0 | ER204: 390.3 | ES204: 0 | ET204: 0 | EU204: 0 | EV204: 0 | EW204: 0 | EX204: 0 | EY204: 0 | FQ204: 0 | FR204: =ROUND(IF(BI204=3,GM204,0),2) | FS204: 0 | FX204: 0 | FY204: 0 | GA204: [82 / 1,20 / 1] + 2% Заг.скл | GD204: 1 | GF204: 1544876940 | GG204: 2 | GH204: 4 | GI204: -2 | GJ204: 0 | GK204: 0 | GL204: =ROUND(IF(AND(BH204=3,BI204=3,FS204<>0),P204,0),2) | GM204: =ROUND(O204+X204+Y204,2)+GX204 | GN204: =IF(OR(BI204=0,BI204=1),GM204-GX204,0) | GO204: =IF(BI204=2,GM204-GX204,0) | GP204: =IF(BI204=4,GM204-GX204,0) | GR204: 0 | GS204: 2 | GT204: 0 | GV204: =ROUND((GT204),6) | GW204: 1 | GX204: =ROUND(HC204*I204,2) | GY204: 0 | GZ204: 0 | HA204: 0 | HB204: 0 | HC204: =GV204*GW204 | HD204: 0
A205: 18 | B205: 1 | C205: =ROW(SmtRes!A182) | D205: =ROW(EtalonRes!A182) | E205: 2.1 | F205: PETR-666098 | G205: Биг-бэги/мягкие контейнеры для внутреннего сбора мусора | H205: шт. | I205: 260.7 | J205: 947.86 | K205: 247107.05 | O205: =ROUND(Z205,2) | P205: =ROUND(U205,2) | Q205: =ROUND(1,2) | R205: =ROUND(AH205,2) | S205: PETR-666098 | T205: material | U205: 247107.05 | V205: 0 | W205: 0 | X205: 0 | Y205: 0 | Z205: 247107.1 | AA205: 0 | AB205: 0 | AC205: 0 | AD205: 0 | AE205: material | AF205: 0 | AG205: 0 | AH205: 0 | AI205: =(EX205) | AJ205: =(AS205) | AK205: 0 | AL205: 0 | AM205: 0 | AN205: 0 | AO205: =ROUND(O205,2) | AP205: 0 | AQ205: =ROUND(R205,2) | AR205: 0 | AS205: 0 | AT205: 0 | AU205: 0 | AV205: 1 | AW205: 1 | AZ205: 1 | BA205: 0 | BB205: 0 | BC205: 1 | BH205: 3 | BI205: 260.7 | BM205: 400002 | BN205: 0 | BP205: 0 | BQ205: 202 | BR205: 0 | BS205: 1 | BT205: 1 | BU205: 1 | BV205: 1 | BW205: 1 | BX205: 1 | BZ205: 0 | CA205: 0 | CE205: 30 | CF205: 0 | CG205: 0 | CM205: 0 | CO205: 0 | CP205: =ROUND(P205,2) | CQ205: =ROUND(V205,2) | CR205: =ROUND(W205,2) | CS205: =ROUND(X205,2) | CT205: =ROUND(Y205,2) | CU205: =ROUND(AF205,2) | CV205: =ROUND((AH205*AV205),2) | CW205: =ROUND(AI205,2) | CX205: =ROUND(AJ205,2) | CY205: =ROUND(((P205*AT205)/100),2) | CZ205: =ROUND(((P205*AU205)/100),2) | DN205: 0 | DO205: 0 | DP205: 1 | DQ205: 1 | DU205: 1000 | DV205: шт. | DW205: шт. | DX205: 1 | EE205: 1404243390 | EF205: 202 | EG205: Материалы | EH205: 0 | EJ205: 260.7 | EK205: 0 | EL205: ТКП / коммерческое предложение | EM205: PETR-666098 | EQ205: 0 | ER205: 947.86 | ES205: 0 | ET205: 0 | EU205: 0 | EV205: 0 | EW205: 0 | EX205: 0 | EY205: 0 | FQ205: 0 | FR205: =ROUND(IF(BI205=3,GM205,0),2) | FS205: 0 | FX205: 0 | FY205: 0 | GA205: [82 / 1,20 / 1] + 2% Заг.скл | GD205: 1 | GF205: 1404243390 | GG205: 2 | GH205: 4 | GI205: -2 | GJ205: 0 | GK205: 0 | GL205: =ROUND(IF(AND(BH205=3,BI205=3,FS205<>0),P205,0),2) | GM205: =ROUND(O205+X205+Y205,2)+GX205 | GN205: =IF(OR(BI205=0,BI205=1),GM205-GX205,0) | GO205: =IF(BI205=2,GM205-GX205,0) | GP205: =IF(BI205=4,GM205-GX205,0) | GR205: 0 | GS205: 2 | GT205: 0 | GV205: =ROUND((GT205),6) | GW205: 1 | GX205: =ROUND(HC205*I205,2) | GY205: 0 | GZ205: 0 | HA205: 0 | HB205: 0 | HC205: =GV205*GW205 | HD205: 0
A206: 18 | B206: 1 | C206: =ROW(SmtRes!A183) | D206: =ROW(EtalonRes!A183) | E206: 2.1 | F206: PETR-953115 | G206: Контейнер 8 м3 с вывозом и утилизацией строительного мусора | H206: шт. | I206: 22.77 | J206: 24532.84 | K206: 558612.8 | O206: =ROUND(Z206,2) | P206: =ROUND(U206,2) | Q206: =ROUND(1,2) | R206: =ROUND(AH206,2) | S206: PETR-953115 | T206: material | U206: 558612.8 | V206: 0 | W206: 0 | X206: 0 | Y206: 0 | Z206: 558612.77 | AA206: 0 | AB206: 0 | AC206: 0 | AD206: 0 | AE206: material | AF206: 0 | AG206: 0 | AH206: 0 | AI206: =(EX206) | AJ206: =(AS206) | AK206: 0 | AL206: 0 | AM206: 0 | AN206: 0 | AO206: =ROUND(O206,2) | AP206: 0 | AQ206: =ROUND(R206,2) | AR206: 0 | AS206: 0 | AT206: 0 | AU206: 0 | AV206: 1 | AW206: 1 | AZ206: 1 | BA206: 0 | BB206: 0 | BC206: 1 | BH206: 3 | BI206: 22.77 | BM206: 400002 | BN206: 0 | BP206: 0 | BQ206: 202 | BR206: 0 | BS206: 1 | BT206: 1 | BU206: 1 | BV206: 1 | BW206: 1 | BX206: 1 | BZ206: 0 | CA206: 0 | CE206: 30 | CF206: 0 | CG206: 0 | CM206: 0 | CO206: 0 | CP206: =ROUND(P206,2) | CQ206: =ROUND(V206,2) | CR206: =ROUND(W206,2) | CS206: =ROUND(X206,2) | CT206: =ROUND(Y206,2) | CU206: =ROUND(AF206,2) | CV206: =ROUND((AH206*AV206),2) | CW206: =ROUND(AI206,2) | CX206: =ROUND(AJ206,2) | CY206: =ROUND(((P206*AT206)/100),2) | CZ206: =ROUND(((P206*AU206)/100),2) | DN206: 0 | DO206: 0 | DP206: 1 | DQ206: 1 | DU206: 1000 | DV206: шт. | DW206: шт. | DX206: 1 | EE206: 1416769010 | EF206: 202 | EG206: Материалы | EH206: 0 | EJ206: 22.77 | EK206: 0 | EL206: ТКП / коммерческое предложение | EM206: PETR-953115 | EQ206: 0 | ER206: 24532.84 | ES206: 0 | ET206: 0 | EU206: 0 | EV206: 0 | EW206: 0 | EX206: 0 | EY206: 0 | FQ206: 0 | FR206: =ROUND(IF(BI206=3,GM206,0),2) | FS206: 0 | FX206: 0 | FY206: 0 | GA206: [82 / 1,20 / 1] + 2% Заг.скл | GD206: 1 | GF206: 1416769010 | GG206: 2 | GH206: 4 | GI206: -2 | GJ206: 0 | GK206: 0 | GL206: =ROUND(IF(AND(BH206=3,BI206=3,FS206<>0),P206,0),2) | GM206: =ROUND(O206+X206+Y206,2)+GX206 | GN206: =IF(OR(BI206=0,BI206=1),GM206-GX206,0) | GO206: =IF(BI206=2,GM206-GX206,0) | GP206: =IF(BI206=4,GM206-GX206,0) | GR206: 0 | GS206: 2 | GT206: 0 | GV206: =ROUND((GT206),6) | GW206: 1 | GX206: =ROUND(HC206*I206,2) | GY206: 0 | GZ206: 0 | HA206: 0 | HB206: 0 | HC206: =GV206*GW206 | HD206: 0
A207: 18 | B207: 1 | C207: =ROW(SmtRes!A184) | D207: =ROW(EtalonRes!A184) | E207: 2.1 | F207: PETR-167833 | G207: Ремонтная смесь/гипс/алебастр для заделки штроб и выбоин | H207: меш. | I207: 235.4 | J207: 724.83 | K207: 170625.91 | O207: =ROUND(Z207,2) | P207: =ROUND(U207,2) | Q207: =ROUND(1,2) | R207: =ROUND(AH207,2) | S207: PETR-167833 | T207: material | U207: 170625.91 | V207: 0 | W207: 0 | X207: 0 | Y207: 0 | Z207: 170624.98 | AA207: 0 | AB207: 0 | AC207: 0 | AD207: 0 | AE207: material | AF207: 0 | AG207: 0 | AH207: 0 | AI207: =(EX207) | AJ207: =(AS207) | AK207: 0 | AL207: 0 | AM207: 0 | AN207: 0 | AO207: =ROUND(O207,2) | AP207: 0 | AQ207: =ROUND(R207,2) | AR207: 0 | AS207: 0 | AT207: 0 | AU207: 0 | AV207: 1 | AW207: 1 | AZ207: 1 | BA207: 0 | BB207: 0 | BC207: 1 | BH207: 3 | BI207: 235.4 | BM207: 400002 | BN207: 0 | BP207: 0 | BQ207: 202 | BR207: 0 | BS207: 1 | BT207: 1 | BU207: 1 | BV207: 1 | BW207: 1 | BX207: 1 | BZ207: 0 | CA207: 0 | CE207: 30 | CF207: 0 | CG207: 0 | CM207: 0 | CO207: 0 | CP207: =ROUND(P207,2) | CQ207: =ROUND(V207,2) | CR207: =ROUND(W207,2) | CS207: =ROUND(X207,2) | CT207: =ROUND(Y207,2) | CU207: =ROUND(AF207,2) | CV207: =ROUND((AH207*AV207),2) | CW207: =ROUND(AI207,2) | CX207: =ROUND(AJ207,2) | CY207: =ROUND(((P207*AT207)/100),2) | CZ207: =ROUND(((P207*AU207)/100),2) | DN207: 0 | DO207: 0 | DP207: 1 | DQ207: 1 | DU207: 1000 | DV207: меш. | DW207: меш. | DX207: 1 | EE207: 1582154205 | EF207: 202 | EG207: Материалы | EH207: 0 | EJ207: 235.4 | EK207: 0 | EL207: ТКП / коммерческое предложение | EM207: PETR-167833 | EQ207: 0 | ER207: 724.83 | ES207: 0 | ET207: 0 | EU207: 0 | EV207: 0 | EW207: 0 | EX207: 0 | EY207: 0 | FQ207: 0 | FR207: =ROUND(IF(BI207=3,GM207,0),2) | FS207: 0 | FX207: 0 | FY207: 0 | GA207: [82 / 1,20 / 1] + 2% Заг.скл | GD207: 1 | GF207: 1582154205 | GG207: 2 | GH207: 4 | GI207: -2 | GJ207: 0 | GK207: 0 | GL207: =ROUND(IF(AND(BH207=3,BI207=3,FS207<>0),P207,0),2) | GM207: =ROUND(O207+X207+Y207,2)+GX207 | GN207: =IF(OR(BI207=0,BI207=1),GM207-GX207,0) | GO207: =IF(BI207=2,GM207-GX207,0) | GP207: =IF(BI207=4,GM207-GX207,0) | GR207: 0 | GS207: 2 | GT207: 0 | GV207: =ROUND((GT207),6) | GW207: 1 | GX207: =ROUND(HC207*I207,2) | GY207: 0 | GZ207: 0 | HA207: 0 | HB207: 0 | HC207: =GV207*GW207 | HD207: 0
A208: 18 | B208: 1 | C208: =ROW(SmtRes!A185) | D208: =ROW(EtalonRes!A185) | E208: 2.1 | F208: TKP | G208: Противопожарная заделка проходок: гильзы, пена, мастика, манжеты | H208: узел | I208: 188.1 | J208: 3568.41 | K208: 671218.55 | O208: =ROUND(Z208,2) | P208: =ROUND(U208,2) | Q208: =ROUND(1,2) | R208: =ROUND(AH208,2) | S208: ТКП | T208: material | U208: 671218.55 | V208: 0 | W208: 0 | X208: 0 | Y208: 0 | Z208: 671217.92 | AA208: 0 | AB208: 0 | AC208: 0 | AD208: 0 | AE208: material | AF208: 0 | AG208: 0 | AH208: 0 | AI208: =(EX208) | AJ208: =(AS208) | AK208: 0 | AL208: 0 | AM208: 0 | AN208: 0 | AO208: =ROUND(O208,2) | AP208: 0 | AQ208: =ROUND(R208,2) | AR208: 0 | AS208: 0 | AT208: 0 | AU208: 0 | AV208: 1 | AW208: 1 | AZ208: 1 | BA208: 0 | BB208: 0 | BC208: 1 | BH208: 3 | BI208: 188.1 | BM208: 400002 | BN208: 0 | BP208: 0 | BQ208: 202 | BR208: 0 | BS208: 1 | BT208: 1 | BU208: 1 | BV208: 1 | BW208: 1 | BX208: 1 | BZ208: 0 | CA208: 0 | CE208: 30 | CF208: 0 | CG208: 0 | CM208: 0 | CO208: 0 | CP208: =ROUND(P208,2) | CQ208: =ROUND(V208,2) | CR208: =ROUND(W208,2) | CS208: =ROUND(X208,2) | CT208: =ROUND(Y208,2) | CU208: =ROUND(AF208,2) | CV208: =ROUND((AH208*AV208),2) | CW208: =ROUND(AI208,2) | CX208: =ROUND(AJ208,2) | CY208: =ROUND(((P208*AT208)/100),2) | CZ208: =ROUND(((P208*AU208)/100),2) | DN208: 0 | DO208: 0 | DP208: 1 | DQ208: 1 | DU208: 1000 | DV208: узел | DW208: узел | DX208: 1 | EE208: 1661056599 | EF208: 202 | EG208: Материалы | EH208: 0 | EJ208: 188.1 | EK208: 0 | EL208: ТКП / коммерческое предложение | EM208: ТКП | EQ208: 0 | ER208: 3568.41 | ES208: 0 | ET208: 0 | EU208: 0 | EV208: 0 | EW208: 0 | EX208: 0 | EY208: 0 | FQ208: 0 | FR208: =ROUND(IF(BI208=3,GM208,0),2) | FS208: 0 | FX208: 0 | FY208: 0 | GA208: [82 / 1,20 / 1] + 2% Заг.скл | GD208: 1 | GF208: 1661056599 | GG208: 2 | GH208: 4 | GI208: -2 | GJ208: 0 | GK208: 0 | GL208: =ROUND(IF(AND(BH208=3,BI208=3,FS208<>0),P208,0),2) | GM208: =ROUND(O208+X208+Y208,2)+GX208 | GN208: =IF(OR(BI208=0,BI208=1),GM208-GX208,0) | GO208: =IF(BI208=2,GM208-GX208,0) | GP208: =IF(BI208=4,GM208-GX208,0) | GR208: 0 | GS208: 2 | GT208: 0 | GV208: =ROUND((GT208),6) | GW208: 1 | GX208: =ROUND(HC208*I208,2) | GY208: 0 | GZ208: 0 | HA208: 0 | HB208: 0 | HC208: =GV208*GW208 | HD208: 0
... A416: 18 | B416: 1 | C416: =ROW(SmtRes!A393) | D416: =ROW(EtalonRes!A393) | E416: 2.1 | F416: TKP | G416: Полки, штанги, подсветка, направляющие и крепеж встроенного шкафа VIP | H416: компл. | I416: 6.3 | J416: 31223.59 | K416: 196708.63 | O416: =ROUND(Z416,2) | P416: =ROUND(U416,2) | Q416: =ROUND(1,2) | R416: =ROUND(AH416,2) | S416: ТКП | T416: material | U416: 196708.63 | V416: 0 | W416: 0 | X416: 0 | Y416: 0 | Z416: 196708.62 | AA416: 0 | AB416: 0 | AC416: 0 | AD416: 0 | AE416: material | AF416: 0 | AG416: 0 | AH416: 0 | AI416: =(EX416) | AJ416: =(AS416) | AK416: 0 | AL416: 0 | AM416: 0 | AN416: 0 | AO416: =ROUND(O416,2) | AP416: 0 | AQ416: =ROUND(R416,2) | AR416: 0 | AS416: 0 | AT416: 0 | AU416: 0 | AV416: 1 | AW416: 1 | AZ416: 1 | BA416: 0 | BB416: 0 | BC416: 1 | BH416: 3 | BI416: 6.3 | BM416: 400002 | BN416: 0 | BP416: 0 | BQ416: 202 | BR416: 0 | BS416: 1 | BT416: 1 | BU416: 1 | BV416: 1 | BW416: 1 | BX416: 1 | BZ416: 0 | CA416: 0 | CE416: 30 | CF416: 0 | CG416: 0 | CM416: 0 | CO416: 0 | CP416: =ROUND(P416,2) | CQ416: =ROUND(V416,2) | CR416: =ROUND(W416,2) | CS416: =ROUND(X416,2) | CT416: =ROUND(Y416,2) | CU416: =ROUND(AF416,2) | CV416: =ROUND((AH416*AV416),2) | CW416: =ROUND(AI416,2) | CX416: =ROUND(AJ416,2) | CY416: =ROUND(((P416*AT416)/100),2) | CZ416: =ROUND(((P416*AU416)/100),2) | DN416: 0 | DO416: 0 | DP416: 1 | DQ416: 1 | DU416: 1000 | DV416: компл. | DW416: компл. | DX416: 1 | EE416: 1452225232 | EF416: 202 | EG416: Материалы | EH416: 0 | EJ416: 6.3 | EK416: 0 | EL416: ТКП / коммерческое предложение | EM416: ТКП | EQ416: 0 | ER416: 31223.59 | ES416: 0 | ET416: 0 | EU416: 0 | EV416: 0 | EW416: 0 | EX416: 0 | EY416: 0 | FQ416: 0 | FR416: =ROUND(IF(BI416=3,GM416,0),2) | FS416: 0 | FX416: 0 | FY416: 0 | GA416: [82 / 1,20 / 1] + 2% Заг.скл | GD416: 1 | GF416: 1452225232 | GG416: 2 | GH416: 4 | GI416: -2 | GJ416: 0 | GK416: 0 | GL416: =ROUND(IF(AND(BH416=3,BI416=3,FS416<>0),P416,0),2) | GM416: =ROUND(O416+X416+Y416,2)+GX416 | GN416: =IF(OR(BI416=0,BI416=1),GM416-GX416,0) | GO416: =IF(BI416=2,GM416-GX416,0) | GP416: =IF(BI416=4,GM416-GX416,0) | GR416: 0 | GS416: 2 | GT416: 0 | GV416: =ROUND((GT416),6) | GW416: 1 | GX416: =ROUND(HC416*I416,2) | GY416: 0 | GZ416: 0 | HA416: 0 | HB416: 0 | HC416: =GV416*GW416 | HD416: 0

Sheet SourceObSm
A1: 0 | B1: Smeta.RU (495) 974-1589 | D1: _OBSM_ | F1: 0 | G1: 0 | H1: 0 | I1: Smeta.RU | K1: 1 | EC1: zcity-template
A12: 1 | B12: 51 | C12: 0 | E12: 0 | F12: ремонтные и инженерные работы, смета 152-153 млн | G12: г. Москва, объект Посольства Ливии, Мосфильмовская ул., 38, ремонтные и инженерные работы, смета 152-153 млн. | I12: 0 | J12: Дефектная ведомость № 39 | K12: 0 | L12: 0 | M12: 4098 | O12: 0
A16: 3 | B16: 0 | E16: =ROUND((Source!P48)/1000,2) | F16: =ROUND((Source!P49)/1000,2) | G16: =ROUND((Source!P40)/1000,2) | H16: =ROUND((Source!P50)/1000+(Source!P51)/1000,2) | I16: =E16+F16+G16+H16 | J16: =ROUND((Source!P46+Source!P45)/1000,2) | T16: =ROUND((Source!F48)/1000,2) | U16: =ROUND((Source!F49)/1000,2) | V16: =ROUND((Source!F40)/1000,2) | W16: =ROUND((Source!F50)/1000+(Source!F51)/1000,2) | X16: =T16+U16+V16+W16
A18: 51 | E18: =SUMIF(A16:A17,3,E16:E17) | F18: =SUMIF(A16:A17,3,F16:F17) | G18: =SUMIF(A16:A17,3,G16:G17) | H18: =SUMIF(A16:A17,3,H16:H17) | I18: =SUMIF(A16:A17,3,I16:I17) | J18: =SUMIF(A16:A17,3,J16:J17) | T18: =SUMIF(A16:A17,3,T16:T17) | U18: =SUMIF(A16:A17,3,U16:U17) | V18: =SUMIF(A16:A17,3,V16:V17) | W18: =SUMIF(A16:A17,3,W16:W17) | X18: =SUMIF(A16:A17,3,X16:X17)
A20: 50 | B20: 0 | C20: 0 | D20: 1 | E20: 201 | F20: =SUM(Source!$U$24:$U$416) | G20: ПЗ | H20: Прямые затраты | K20: 201 | L20: 1 | M20: 3 | O20: 2 | T20: =SUM(Source!$Z$24:$Z$416)
A21: 50 | B21: 0 | C21: 0 | D21: 1 | E21: 202 | F21: =SUMIF(Source!$AE$24:$AE$416,"material",Source!$U$24:$U$416)+SUMIF(Source!$AE$24:$AE$416,"equipment",Source!$U$24:$U$416) | G21: СтМатОб | H21: Стоимость материальных ресурсов (всего) | K21: 202 | L21: 2 | M21: 3 | O21: 2 | T21: =SUMIF(Source!$AE$24:$AE$416,"material",Source!$Z$24:$Z$416)+SUMIF(Source!$AE$24:$AE$416,"equipment",Source!$Z$24:$Z$416)
A22: 50 | B22: 0 | C22: 0 | D22: 1 | E22: 226 | F22: =SUMIF(Source!$AE$24:$AE$416,"material",Source!$U$24:$U$416) | G22: СтМат | H22: Стоимость материалов (всего) | K22: 226 | L22: 3 | M22: 3 | O22: 2 | T22: =SUMIF(Source!$AE$24:$AE$416,"material",Source!$Z$24:$Z$416)
A23: 50 | B23: 0 | C23: 0 | D23: 1 | E23: 216 | F23: =SUMIF(Source!$AE$24:$AE$416,"equipment",Source!$U$24:$U$416) | G23: Оборуд | H23: Стоимость оборудования (всего) | K23: 216 | L23: 4 | M23: 3 | O23: 2 | T23: =SUMIF(Source!$AE$24:$AE$416,"equipment",Source!$Z$24:$Z$416)
A24: 50 | B24: 0 | C24: 0 | D24: 1 | E24: 203 | F24: =SUM(Source!$W$24:$W$416) | G24: ЭММ | H24: Эксплуатация машин | K24: 203 | L24: 5 | M24: 3 | O24: 2 | T24: =SUM(Source!$AB$24:$AB$416)
A25: 50 | B25: 0 | C25: 0 | D25: 1 | E25: 204 | F25: =SUM(Source!$V$24:$V$416) | G25: ОЗП | H25: Основная ЗП рабочих | K25: 204 | L25: 6 | M25: 3 | O25: 2 | T25: =SUM(Source!$AA$24:$AA$416)
A26: 50 | B26: 0 | C26: 0 | D26: 1 | E26: 205 | F26: =SUM(Source!$X$24:$X$416) | G26: НР | H26: Накладные расходы | K26: 205 | L26: 7 | M26: 3 | O26: 2 | T26: =SUM(Source!$AC$24:$AC$416)
A27: 50 | B27: 0 | C27: 0 | D27: 1 | E27: 206 | F27: =SUM(Source!$Y$24:$Y$416) | G27: СП | H27: Сметная прибыль | K27: 206 | L27: 8 | M27: 3 | O27: 2 | T27: =SUM(Source!$AD$24:$AD$416)
A28: 50 | B28: 0 | C28: 0 | D28: 1 | E28: 207 | F28: =F20+F26+F27 | G28: Итого | H28: Всего без НДС | K28: 207 | L28: 9 | M28: 3 | O28: 2 | T28: =T20+T26+T27
A29: 50 | B29: 0 | C29: 0 | D29: 1 | E29: 208 | F29: =ROUND(F28*0/100,2) | G29: НДС | H29: НДС 0% | K29: 208 | L29: 10 | M29: 3 | O29: 2 | T29: =ROUND(T28*0/100,2)
A30: 50 | B30: 0 | C30: 0 | D30: 1 | E30: 209 | F30: =F28+F29 | G30: Всего | H30: Всего с НДС | K30: 209 | L30: 11 | M30: 3 | O30: 2 | T30: =T28+T29
A55: zcity-template

Sheet SmtRes
A1: =ROW(Source!A24) | B1: 1497603001 | C1: 1497603401 | D1: 1483651850 | E1: 1080 | F1: 1 | G1: 1080 | H1: 1 | I1: Калькуляция - 001 | J1: ТСН-2001 Калькуляция - 001 | K1: Обмер, дефектовка, маркировка границ ремонта | L1: 1191 | M1: м2 | N1: 1440.5 | O1: 12836.11 | P1: 192730.95 | DO1: zcity-template
A2: =ROW(Source!A25) | B2: 1497603002 | C2: 1497603402 | D2: 1483651850 | E2: 1080 | F2: 1 | G2: 1080 | H2: 1 | I2: 6.69-43-1 | J2: ТСН-2001 6.69-43-1 | K2: Укрытие и защита существующих конструкций и оборудования | L2: 1191 | M2: м2 | N2: 1440.5 | O2: 18366.9 | P2: 275774.4
A3: =ROW(Source!A26) | B3: 1497603003 | C3: 1497603403 | D3: 1483651850 | E3: 1080 | F3: 1 | G3: 1080 | H3: 1 | I3: 6.57-2-7 | J3: ТСН-2001 6.57-2-7 | K3: Демонтаж напольных покрытий | L3: 1191 | M3: м2 | N3: 1440.5 | O3: 28426.79 | P3: 396417.43
A4: =ROW(Source!A27) | B4: 1497603004 | C4: 1497603404 | D4: 1483651850 | E4: 1080 | F4: 1 | G4: 1080 | H4: 1 | I4: 6.54-1-6 | J4: ТСН-2001 6.54-1-6 | K4: Демонтаж отделки потолка | L4: 1191 | M4: м2 | N4: 1440.5 | O4: 24944.94 | P4: 347862.31
A5: =ROW(Source!A28) | B5: 1497603005 | C5: 1497603405 | D5: 1483651850 | E5: 1080 | F5: 1 | G5: 1080 | H5: 1 | I5: 6.62-31-1 | J5: ТСН-2001 6.62-31-1 | K5: Расчистка и демонтаж отделки стен | L5: 1191 | M5: м2 | N5: 3317.24 | O5: 50340.34 | P5: 702006.37
A6: =ROW(Source!A29) | B6: 1497603006 | C6: 1497603406 | D6: 1483651850 | E6: 1080 | F6: 1 | G6: 1080 | H6: 1 | I6: 6.67-7-1 | J6: ТСН-2001 6.67-7-1 | K6: Демонтаж существующих электроустановочных и слаботочных изделий | L6: 1191 | M6: точка | N6: 1028 | O6: 13472.99 | P6: 187883.65
A7: =ROW(Source!A30) | B7: 1497603007 | C7: 1497603407 | D7: 1483651850 | E7: 1080 | F7: 1 | G7: 1080 | H7: 1 | I7: 6.56-38-3 | J7: ТСН-2001 6.56-38-3 | K7: Демонтаж дверных блоков, шкафных фасадов и элементов проемов | L7: 1191 | M7: компл. | N7: 107 | O7: 10534.99 | P7: 146912.69
A8: =ROW(Source!A31) | B8: 1497603008 | C8: 1497603408 | D8: 1483651850 | E8: 1080 | F8: 1 | G8: 1080 | H8: 1 | I8: 6.56-3-2 | J8: ТСН-2001 6.56-3-2 | K8: Снятие подоконных досок деревянных в каменных зданиях | L8: 1191 | M8: шт. | N8: 49 | O8: 1664.15 | P8: 23206.95
A9: =ROW(Source!A32) | B9: 1497603009 | C9: 1497603409 | D9: 1483651850 | E9: 1080 | F9: 1 | G9: 1080 | H9: 1 | I9: 6.56-15-1 | J9: ТСН-2001 6.56-15-1 | K9: Снятие дверных и оконных приборов | L9: 1191 | M9: шт. | N9: 49 | O9: 950.95 | P9: 13261.12
A10: =ROW(Source!A33) | B10: 1497603010 | C10: 1497603410 | D10: 1483651850 | E10: 1080 | F10: 1 | G10: 1080 | H10: 1 | I10: 6.62-31-1 | J10: ТСН-2001 6.62-31-1 | K10: Расчистка откосов от старых покрытий | L10: 1191 | M10: м2 | N10: 147 | O10: 1426.42 | P10: 19891.67
A11: =ROW(Source!A34) | B11: 1497603011 | C11: 1497603411 | D11: 1483651850 | E11: 1080 | F11: 1 | G11: 1080 | H11: 1 | I11: 6.69-19-1 | J11: ТСН-2001 6.69-19-1 | K11: Погрузка и выгрузка вручную мусора от демонтажа откосов и фурнитуры | L11: 1191 | M11: т | N11: 0.49 | O11: 713.2 | P11: 9945.84
A12: =ROW(Source!A35) | B12: 1497603012 | C12: 1497603412 | D12: 1483651850 | E12: 1080 | F12: 1 | G12: 1080 | H12: 1 | I12: 6.65-12-1 | J12: ТСН-2001 6.65-12-1 | K12: Демонтаж/снятие радиаторов, арматуры и старых подводок | L12: 1191 | M12: компл. | N12: 62 | O12: 8319.57 | P12: 116018.04
A13: =ROW(Source!A36) | B13: 1497603013 | C13: 1497603413 | D13: 1483651850 | E13: 1080 | F13: 1 | G13: 1080 | H13: 1 | I13: 6.69-19-1 | J13: ТСН-2001 6.69-19-1 | K13: Сбор, вынос и погрузка строительного мусора | L13: 1191 | M13: м2 | N13: 1440.5 | O13: 24382.43 | P13: 340018.05
... A393: =ROW(Source!A416) | B393: 1497603393 | C393: 1497603791 | D393: 0 | E393: 1080 | F393: 1 | G393: 1080 | H393: 3 | I393: TKP | J393: ТКП | K393: Полки, штанги, подсветка, направляющие и крепеж встроенного шкафа VIP | L393: 1301 | M393: компл. | N393: 6.3 | O393: 196708.62 | P393: 196708.63

Sheet EtalonRes
A1: =ROW(Source!A24) | B1: 1497603401 | C1: 1497603401 | D1: 1483651850 | E1: 1080 | F1: 1 | G1: 1080 | H1: 1 | I1: Калькуляция - 001 | J1: ТСН-2001 Калькуляция - 001 | K1: Обмер, дефектовка, маркировка границ ремонта | L1: 1191 | M1: м2 | N1: 1440.5 | O1: 12836.11 | P1: 192730.95 | AR1: zcity-template
A2: =ROW(Source!A25) | B2: 1497603402 | C2: 1497603402 | D2: 1483651850 | E2: 1080 | F2: 1 | G2: 1080 | H2: 1 | I2: 6.69-43-1 | J2: ТСН-2001 6.69-43-1 | K2: Укрытие и защита существующих конструкций и оборудования | L2: 1191 | M2: м2 | N2: 1440.5 | O2: 18366.9 | P2: 275774.4
A3: =ROW(Source!A26) | B3: 1497603403 | C3: 1497603403 | D3: 1483651850 | E3: 1080 | F3: 1 | G3: 1080 | H3: 1 | I3: 6.57-2-7 | J3: ТСН-2001 6.57-2-7 | K3: Демонтаж напольных покрытий | L3: 1191 | M3: м2 | N3: 1440.5 | O3: 28426.79 | P3: 396417.43
A4: =ROW(Source!A27) | B4: 1497603404 | C4: 1497603404 | D4: 1483651850 | E4: 1080 | F4: 1 | G4: 1080 | H4: 1 | I4: 6.54-1-6 | J4: ТСН-2001 6.54-1-6 | K4: Демонтаж отделки потолка | L4: 1191 | M4: м2 | N4: 1440.5 | O4: 24944.94 | P4: 347862.31
A5: =ROW(Source!A28) | B5: 1497603405 | C5: 1497603405 | D5: 1483651850 | E5: 1080 | F5: 1 | G5: 1080 | H5: 1 | I5: 6.62-31-1 | J5: ТСН-2001 6.62-31-1 | K5: Расчистка и демонтаж отделки стен | L5: 1191 | M5: м2 | N5: 3317.24 | O5: 50340.34 | P5: 702006.37
A6: =ROW(Source!A29) | B6: 1497603406 | C6: 1497603406 | D6: 1483651850 | E6: 1080 | F6: 1 | G6: 1080 | H6: 1 | I6: 6.67-7-1 | J6: ТСН-2001 6.67-7-1 | K6: Демонтаж существующих электроустановочных и слаботочных изделий | L6: 1191 | M6: точка | N6: 1028 | O6: 13472.99 | P6: 187883.65
A7: =ROW(Source!A30) | B7: 1497603407 | C7: 1497603407 | D7: 1483651850 | E7: 1080 | F7: 1 | G7: 1080 | H7: 1 | I7: 6.56-38-3 | J7: ТСН-2001 6.56-38-3 | K7: Демонтаж дверных блоков, шкафных фасадов и элементов проемов | L7: 1191 | M7: компл. | N7: 107 | O7: 10534.99 | P7: 146912.69
A8: =ROW(Source!A31) | B8: 1497603408 | C8: 1497603408 | D8: 1483651850 | E8: 1080 | F8: 1 | G8: 1080 | H8: 1 | I8: 6.56-3-2 | J8: ТСН-2001 6.56-3-2 | K8: Снятие подоконных досок деревянных в каменных зданиях | L8: 1191 | M8: шт. | N8: 49 | O8: 1664.15 | P8: 23206.95
A9: =ROW(Source!A32) | B9: 1497603409 | C9: 1497603409 | D9: 1483651850 | E9: 1080 | F9: 1 | G9: 1080 | H9: 1 | I9: 6.56-15-1 | J9: ТСН-2001 6.56-15-1 | K9: Снятие дверных и оконных приборов | L9: 1191 | M9: шт. | N9: 49 | O9: 950.95 | P9: 13261.12
A10: =ROW(Source!A33) | B10: 1497603410 | C10: 1497603410 | D10: 1483651850 | E10: 1080 | F10: 1 | G10: 1080 | H10: 1 | I10: 6.62-31-1 | J10: ТСН-2001 6.62-31-1 | K10: Расчистка откосов от старых покрытий | L10: 1191 | M10: м2 | N10: 147 | O10: 1426.42 | P10: 19891.67
A11: =ROW(Source!A34) | B11: 1497603411 | C11: 1497603411 | D11: 1483651850 | E11: 1080 | F11: 1 | G11: 1080 | H11: 1 | I11: 6.69-19-1 | J11: ТСН-2001 6.69-19-1 | K11: Погрузка и выгрузка вручную мусора от демонтажа откосов и фурнитуры | L11: 1191 | M11: т | N11: 0.49 | O11: 713.2 | P11: 9945.84
A12: =ROW(Source!A35) | B12: 1497603412 | C12: 1497603412 | D12: 1483651850 | E12: 1080 | F12: 1 | G12: 1080 | H12: 1 | I12: 6.65-12-1 | J12: ТСН-2001 6.65-12-1 | K12: Демонтаж/снятие радиаторов, арматуры и старых подводок | L12: 1191 | M12: компл. | N12: 62 | O12: 8319.57 | P12: 116018.04
A13: =ROW(Source!A36) | B13: 1497603413 | C13: 1497603413 | D13: 1483651850 | E13: 1080 | F13: 1 | G13: 1080 | H13: 1 | I13: 6.69-19-1 | J13: ТСН-2001 6.69-19-1 | K13: Сбор, вынос и погрузка строительного мусора | L13: 1191 | M13: м2 | N13: 1440.5 | O13: 24382.43 | P13: 340018.05
... A393: =ROW(Source!A416) | B393: 1497603793 | C393: 1497603791 | D393: 1483648472 | E393: 1080 | F393: 1 | G393: 1080 | H393: 3 | I393: TKP | J393: ТКП | K393: Полки, штанги, подсветка, направляющие и крепеж встроенного шкафа VIP | L393: 1301 | M393: компл. | N393: 6.3 | O393: 196708.62 | P393: 196708.63

Sheet SrcPoprs
A1: 24 | B1: 1 | D1: *1 | E1: *1 | F1: *1 | G1: *1 | I1: *1 | J1: *1 | N1: *1 | O1: *1 | S1: нет | T1: Дополнительные коэффициенты не применялись | U1: zcity-template
A8: zcity-template

Sheet SrcKA
A1: 0 | B1: Smeta.RU (495) 974-1589 | D1: _PS_ | F1: 0 | G1: 0 | H1: 0 | I1: Smeta.RU | K1: 1 | CY1: zcity-template
F2: Объект | G2: ремонтные и инженерные работы, смета 152-153 млн
F3: Адрес | G3: г. Москва, объект Посольства Ливии, Мосфильмовская ул., 38
F4: ДВ | G4: 39 от 2026-05-20
F5: Договор
F6: Заказчик | G6: Посольство Ливии
F7: Подрядчик
F8: Дата сметы | G8: 2026-05-20
F9: База | G9: ТСН-2001, Доп.81
F10: Индекс СМР | G10: 10.18
F11: Приказ | G11: МКЭ-ОД/26-26 от 25.03.2026, Выпуск 220
A12: zcity-template | F12: =Source!F12 | G12: =Source!G12 | CY12: =Source!CY12
